 Dungeon Crawl Stone Soup version 0.25-a0-565-g8875c97ebb (webtiles) character file.

Game seed: 4719790371679312193, levelgen mode: deterministic

1694999 Veres the Annihilator (level 27, -6/199 HPs)
             Began as a Gargoyle Earth Elementalist on Feb 23, 2020.
             Was the Champion of Vehumet.
             Mangled by Botiuce the pandemonium lord (32 damage)
             ... on level 24 of a ziggurat on Feb 26, 2020.
             The game lasted 09:42:40 (124407 turns).

Veres the Annihilator (GrEE)                      Turns: 124407, Time: 09:42:40

Health: -6/199     AC: 60    Str: 14    XL:     27
Magic:  54/72      EV: 26    Int: 37    God:    Vehumet [******]
Gold:   26546      SH: 13    Dex: 10    Spells: 1/80 levels left

rFire    + + +     SeeInvis +   E - +3 Elemental Staff {rElec rF++ rC++ MR++ AC+5}
rCold    + + +     Gourm    .   D - +3 buckler {rF+}
rNeg     + + .     Faith    .   A - +5 steam dragon scales of the Queen {Str+2}
rPois    ∞         Spirit   .   X - +3 crown of Dyrovepreva {rElec Int+2 SInv}
rElec    +         Reflect  .   Q - scarf {cloud immunity}
rCorr    .         Harm     .   b - +1 pair of gloves of Freedom {Regen+}
MR       +++++     Clarity  +   z - +0 pair of boots of the Lich-sworn {MR++ MP+9}
Stlth    +++++++++.             v - macabre finger necklace {rN+}
HPRegen  0.83/turn              I - ring of Robustness {AC+8}
MPRegen  0.43/turn              o - ring "Xaepnix" {+Inv MR- AC+5 Int+6}
                                e - ring of Vuribb {rC+ MP+9 Slay+5 Stlth+}

@: mighty, very slightly contaminated, silenced
A: big wings, clarity, deformed body, magic resistance 1, negative energy
resistance 1, electricity resistance, unbreathing, petrification resistance, rot
immunity, AC +20
}: 10/15 runes: barnacled, slimy, silver, abyssal, demonic, glowing, magical,
fiery, dark, gossamer
a: Fly, Renounce Religion, Evoke Invisibility


You were on level 24 of a ziggurat.
You worshipped Vehumet.
Vehumet was exalted by your worship.
You were completely stuffed.

You visited 12 branches of the dungeon, and saw 58 of its levels.
You visited Pandemonium 1 time, and saw 18 of its levels.
You visited the Abyss 3 times.
You visited 1 bazaar.
You visited 7 ziggurats (completing 6), and saw 186 of their levels.
You also visited: Bailey and Ice Cave.

You collected 32050 gold pieces.
You spent 5504 gold pieces at shops.

Inventory:

Hand Weapons
 E - the +3 Elemental Staff (weapon) {rElec rF++ rC++ MR++ AC+5}
   (You found it on level 27 of a ziggurat)

   It affects your AC (+5).
   It greatly protects you from fire.
   It greatly protects you from cold.
   It insulates you from electricity.
   It affects your resistance to hostile enchantments.
 M - a +9 sacred scourge of holy wrath
Missiles
 w - 46 throwing nets (quivered)
 P - 1403 silver javelins
Armour
 b - the +1 pair of gloves of Freedom (worn) {Regen+}
   (You found it on level 20 of a ziggurat)

   It increases your rate of regeneration.
   If you remove this armour, your AC will decrease by 3 (60 -> 57).
 f - the +2 pair of boots "Bamacs" {+Blink MR+}
   (You found it on level 10 of a ziggurat)

   It affects your resistance to hostile enchantments.
   It lets you blink.
   If you switch to wearing this armour, your AC will increase by 2 (60 -> 62).
 q - the +8 orange crystal plate armour {Archmagi, Int+3 Clar}
   (You found it on level 22 of a ziggurat)

   It affects your intelligence (+3).
   It protects you against confusion.
   If you switch to wearing this armour, your AC will increase by 19 (60 -> 79).
 z - the +0 pair of boots of the Lich-sworn (worn) {MR++ MP+9}
   (You acquired it on level 18 of a ziggurat)

   It affects your resistance to hostile enchantments.
   It affects your magic capacity (+9).
   If you remove this armour, your AC will decrease by 2 (60 -> 58).
 A - the +5 steam dragon scales of the Queen (worn) {Str+2}
   (You found it in a bailey)

   It affects your strength (+2).
   If you remove this armour, your AC will decrease by 13 (60 -> 47).
 D - a +3 buckler of fire resistance (worn)
 Q - a scarf of cloud immunity (worn)
 T - the cursed +0 pair of boots of Kindness {rF+ rN+ Regen+ Int+7 Dex-2}
   (You found it on level 18 of a ziggurat)

   It affects your intelligence (+7).
   It affects your dexterity (-2).
   It protects you from fire.
   It protects you from negative energy.
   It increases your rate of regeneration.
   If you switch to wearing this armour, your AC will remain unchanged.
   It has a curse placed upon it.
 X - the +3 crown of Dyrovepreva (worn) {rElec Int+2 SInv}
   (You found it on level 20 of a ziggurat)

   It affects your intelligence (+2).
   It insulates you from electricity.
   It lets you see invisible.
   If you remove this armour, your AC will decrease by 3 (60 -> 57).
Jewellery
 e - the ring of Vuribb (on amulet) {rC+ MP+9 Slay+5 Stlth+}
   (You acquired it on level 20 of a ziggurat)

   [ring of stealth]

   It affects your accuracy and damage with ranged weapons and melee attacks
   (+5).
   It protects you from cold.
   It affects your magic capacity (+9).
   It makes you more stealthy.
 o - the ring "Xaepnix" (right hand) {+Inv MR- AC+5 Int+6}
   (You found it on level 23 of a ziggurat)

   [ring of protection]

   It affects your AC (+5).
   It affects your intelligence (+6).
   It affects your resistance to hostile enchantments.
   It lets you turn invisible.
 v - the macabre finger necklace (around neck) {rN+}
   (You found it on level 11 of a ziggurat)

   [amulet of nothing]

   It protects you from negative energy.
 y - the ring of the Mage {Wiz MR++ Int+3}
   (You found it on level 19 of a ziggurat)

   [ring of wizardry]

   It improves your spell success rate.
   It affects your intelligence (+3).
   It affects your resistance to hostile enchantments.
 I - the ring of Robustness (left hand) {AC+8}
   (You found it on level 20 of a ziggurat)

   [ring of protection]

   It affects your AC (+8).
 R - the ring of Phasing {EV+8}
   (You found it on level 14 of a ziggurat)

   [ring of evasion]

   It affects your evasion (+8).
 S - the ring "Ryrhemu" {Wiz rPois MR+ Str+2 Slay+6}
   (You found it on level 14 of a ziggurat)

   [ring of wizardry]

   It improves your spell success rate.
   It affects your strength (+2).
   It affects your accuracy and damage with ranged weapons and melee attacks
   (+6).
   It protects you from poison.
   It affects your resistance to hostile enchantments.
Wands
 H - a wand of clouds (7)
 K - a wand of scattershot (5)
 W - a wand of acid (34)
 Y - a wand of iceblast (45)
Scrolls
 g - 36 scrolls of amnesia
 j - 22 scrolls of holy word
 m - 10 scrolls of blinking
 p - 5 scrolls of summoning
 B - 17 scrolls of magic mapping
 G - a scroll of fear
 J - 93 scrolls of fog
 L - 7 scrolls of identify
 N - 130 scrolls of teleportation
 O - 132 scrolls of remove curse
Potions
 c - 2 potions of magic
 h - 4 potions of ambrosia
 i - a potion of resistance
 k - 17 potions of haste
 r - 7 potions of might
 s - 5 potions of brilliance
 t - 21 potions of curing
 u - 6 potions of heal wounds
 x - 84 potions of mutation
 C - 9 potions of berserk rage
 F - 7 potions of experience
 U - 3 potions of stabbing
 V - 31 potions of cancellation
Miscellaneous
 a - 53 phantom mirrors
 l - a phial of floods
 n - 42 boxes of beasts
 Z - a lamp of fire
Comestibles
 d - 84 rations


   Skills:
 O Level 27 Fighting
 O Level 27 Short Blades
 O Level 27 Long Blades
 O Level 27 Axes
 O Level 27 Maces & Flails
 O Level 27 Polearms
 O Level 27 Staves
   Level 23.4(27) Slings
 O Level 27 Bows
 O Level 27 Crossbows
 O Level 27 Throwing
 O Level 27 Armour
 O Level 27 Dodging
 O Level 27 Stealth
 O Level 27 Shields
 O Level 27 Unarmed Combat
 O Level 27 Spellcasting
 O Level 27 Conjurations
 O Level 27 Hexes
 O Level 27 Charms
   Level 21.9 Summonings
 O Level 27 Necromancy
   Level 21.5 Translocations
 O Level 27 Transmutations
 O Level 27 Fire Magic
 O Level 27 Ice Magic
 O Level 27 Air Magic
 O Level 27 Earth Magic
   Level 1.5 Poison Magic
 O Level 27 Evocations


You had one spell level left.
You knew the following spells:

 Your Spells              Type           Power        Failure   Level  Hunger
a - Shatter               Erth           #########.   1%          9    #......
b - Lehudib's Crystal Sp  Conj/Erth      #########.   1%          8    None
c - Lee's Rapid Deconstr  Erth           #########.   0%          5    None
d - Iron Shot             Conj/Erth      #########.   0%          6    None
e - Necromutation         Tmut/Necr      ########..   1%          8    None
f - Glaciate              Conj/Ice       #########.   1%          9    #......
g - Ignition              Fire           #########.   1%          8    None
i - Fire Storm            Conj/Fire      #########.   1%          9    #......
j - Death's Door          Chrm/Necr      ########..   1%          8    None
k - Tornado               Air            #########.   1%          9    #......

Your spell library contained the following spells:

 Spells                   Type           Power        Failure   Level  Hunger
 Animate Skeleton         Necr           N/A          0%          1    None
 Apportation              Tloc           ######       0%          1    None
 Beastly Appendage        Tmut           ######       0%          1    None
 Corona                   Hex            #######      0%          1    None
 Foxfire                  Conj/Fire      ####         0%          1    None
 Freeze                   Ice            ####         0%          1    None
 Infusion                 Chrm           ####         0%          1    None
 Magic Dart               Conj           ####         0%          1    None
 Pain                     Necr           ####         0%          1    None
 Sandblast                Erth           ######       0%          1    None
 Shock                    Conj/Air       ####         0%          1    None
 Sting                    Tmut/Pois      ####         0%          1    None
 Summon Butterflies       Summ           ########     0%          1    None
 Summon Small Mammal      Summ           ####         0%          1    None
 Blink                    Tloc           N/A          0%          2    None
 Call Imp                 Summ           ########     0%          2    None
 Corpse Rot               Necr/Air       N/A          0%          2    None
 Ensorcelled Hibernation  Hex/Ice        ######       0%          2    None
 Passwall                 Tmut/Erth      ########     0%          2    None
 Poisonous Vapours        Pois/Air       ######       0%          2    None
 Searing Ray              Conj           ######       0%          2    None
 Shroud of Golubria       Chrm/Tloc      ######       0%          2    None
 Slow                     Hex            ########     0%          2    None
 Song of Slaying          Chrm           ########     0%          2    None
 Sticks to Snakes         Tmut           ########     0%          2    None
 Swiftness                Chrm/Air       ########     0%          2    None
 Call Canine Familiar     Summ           ########     0%          3    None
 Confusing Touch          Hex            ########     0%          3    None
 Conjure Flame            Conj/Fire      ########     0%          3    None
 Dazzling Flash           Conj/Hex       ######       0%          3    None
 Frozen Ramparts          Ice            ######       0%          3    None
 Gell's Gravitas          Tloc           ########..   0%          3    None
 Ignite Poison            Fire/Tmut/Pois ########     0%          3    None
 Inner Flame              Hex/Fire       ########     0%          3    None
 Lesser Beckoning         Tloc           ########..   0%          3    None
 Mephitic Cloud           Conj/Pois/Air  ########     0%          3    None
 Ozocubu's Armour         Chrm/Ice       ########     0%          3    None
 Portal Projectile        Hex/Tloc       ######       0%          3    None
 Recall                   Summ/Tloc      N/A          0%          3    None
 Spectral Weapon          Hex/Chrm       ########     0%          3    None
 Spider Form              Tmut/Pois      ########..   0%          3    None
 Static Discharge         Conj/Air       ########     0%          3    None
 Stone Arrow              Conj/Erth      ######       0%          3    None
 Summon Guardian Golem    Hex/Summ       ########     0%          3    None
 Teleport Other           Tloc           ########     0%          3    None
 Tukima's Dance           Hex            ########     0%          3    None
 Vampiric Draining        Necr           ########..   0%          3    None
 Airstrike                Air            #########.   0%          4    None
 Animate Dead             Necr           N/A          0%          4    None
 Cause Fear               Hex            ########..   0%          4    None
 Dispel Undead            Necr           ########     0%          4    None
 Fulminant Prism          Conj/Hex       ########..   0%          4    None
 Hailstorm                Conj/Ice       ########     0%          4    None
 Ice Form                 Ice/Tmut       ########     0%          4    None
 Iskenderun's Mystic Bla  Conj/Tloc      ########     0%          4    None
 Leda's Liquefaction      Hex/Erth       #########.   0%          4    None
 Passage of Golubria      Tloc           N/A          0%          4    None
 Petrify                  Tmut/Erth      ########     0%          4    None
 Sticky Flame             Conj/Fire      ########     0%          4    None
 Summon Ice Beast         Ice/Summ       ########     0%          4    None
 Summon Lightning Spire   Summ/Air       ########     0%          4    None
 Agony                    Necr           ########     0%          5    None
 Aura of Abjuration       Summ           ########..   0%          5    None
 Blade Hands              Tmut           ########..   0%          5    None
 Bolt of Magma            Conj/Fire/Erth #########.   0%          5    None
 Borgnjor's Vile Clutch   Necr/Erth      #########.   0%          5    None
 Excruciating Wounds      Chrm/Necr      ########..   0%          5    None
 Fireball                 Conj/Fire      #########.   0%          5    None
 Irradiate                Conj/Tmut      ########..   0%          5    None
 Iskenderun's Battlesphe  Conj/Chrm      ########     0%          5    None
 Lightning Bolt           Conj/Air       #########.   0%          5    None
 Metabolic Englaciation   Hex/Ice        #########.   0%          5    None
 Silence                  Hex/Air        #########.   0%          5    None
 Summon Demon             Summ           ########..   0%          5    None
 Summon Forest            Summ/Tloc      ########..   0%          5    None
 Summon Mana Viper        Hex/Summ       ########     0%          5    None
 Yara's Violent Unravell  Hex/Tmut       ########..   0%          5    None
 Conjure Ball Lightning   Conj/Air       #########.   0%          6    None
 Darkness                 Hex            ########..   0%          6    None
 Death Channel            Necr           ########..   0%          6    None
 Deflect Missiles         Chrm/Air       #########.   0%          6    None
 Dispersal                Tloc           ########..   0%          6    None
 Freezing Cloud           Conj/Ice/Air   #########.   0%          6    None
 Hydra Form               Tmut           ########..   0%          6    None
 Invisibility             Hex            ########     0%          6    None
 Ozocubu's Refrigeration  Ice            #########.   0%          6    None
 Shadow Creatures         Summ           N/A          0%          6    None
 Simulacrum               Ice/Necr       #########.   0%          6    None
 Starburst                Conj/Fire      #########.   0%          6    None
 Dragon Form              Tmut           ########..   0%          7    None
 Haunt                    Necr/Summ      ########..   0%          7    None
 Orb of Destruction       Conj           ########..   0%          7    None
 Ring of Flames           Chrm/Fire      #########.   0%          7    None
 Spellforged Servitor     Conj/Summ      ########..   0%          7    None
 Olgreb's Toxic Radiance  Pois           ######..     1%          4    None
 Alistair's Intoxication  Tmut/Pois      ########     1%          5    None
 Eringya's Noxious Bog    Tmut/Pois      ########..   1%          6    None
 Malign Gateway           Summ/Tloc      ########..   1%          7    None
 Monstrous Menagerie      Summ           ########..   1%          7    None
 Summon Greater Demon     Summ           ########..   1%          7    None
 Summon Hydra             Summ           ########..   1%          7    None
 Borgnjor's Revivificati  Necr           ########..   1%          8    None
 Chain Lightning          Conj/Air       #########.   1%          8    None
 Controlled Blink         Tloc           N/A          1%          8    None
 Discord                  Hex            ########..   1%          8    None
 Disjunction              Tloc           ########..   1%          8    None
 Infestation              Necr           ########..   1%          8    None
 Summon Horrible Things   Summ           ########..   1%          8    None
 Dragon's Call            Summ           ########..   4%          9    #......
 Sublimation of Blood     Necr           Unusable     N/A         2    N/A
 Statue Form              Tmut/Erth      Unusable     N/A         6    N/A

Dungeon Overview and Level Annotations

Branches:
Dungeon (15/15)            Temple (1/1) D:7            Lair (6/6) D:10
 Shoals (4/4) Lair:3       Spider (4/4) Lair:3        Slime (5/5) Lair:5
    Orc (2/2) D:11            Elf (3/3) Orc:2        Vaults (5/5) D:13
  Crypt (3/3) Vaults:3       Tomb (0/3) Crypt:3      Depths (5/5) D:15
    Zot (5/5) Depths:5     Bailey (visited)           IceCv (visited)

Altars:
Ashenzari
Cheibriados
Dithmenos
Elyvilon
Fedhas
Gozag
Hepliaklqana
Kikubaaqudgha
Makhleb
Nemelex Xobeh
Okawaru
Qazlal
Ru
Sif Muna
Trog
Uskayaw
Vehumet
Wu Jian
Xom
Yredelemnul
Zin
The Shining One
Beogh
Jiyva

Shops:
D:5 [   D:11 =   D:12 *   Orc:1 :   Orc:2 =*((   Vaults:4 (   Depths:1 !*=*?

Portals:
Hell: Depths:1 Depths:2 Depths:3 Depths:4 Depths:5
Abyss: Depths:3 Depths:4
Pandemonium: Depths:3 Depths:5

Annotations:
D:10 2 runed translucent doors, astraldaughter's ghost, journeyman HuTm
Elf:2 3 runed translucent doors
Vaults:4 1 runed translucent door, Neudybaa's ghost, adept HuFi
Depths:3 1 runed translucent door
Zot:3 , 2 transporters


Innate Abilities, Weirdness & Mutations

You are resistant to torment.
Your stone body is resilient. (AC +20)
You are immune to poison.
Your large and strong wings let you fly indefinitely.
You resist negative energy. (rN+)
You are resistant to electric shocks. (rElec)
You can survive without breathing.
You are immune to petrification.
You are immune to rotting.
You possess an exceptional clarity of mind.
Armour fits poorly on your strangely shaped body.
You are resistant to hostile enchantments. (MR+)


Message History

Vakhom's surroundings become eerily quiet.
The Killer Klown blinks!
You feel much better. Botiuce hits you but does no damage.
The butterfly is struck by lightning.
You kill the butterfly!
Jaetweakh hits you!!
* * * LOW HITPOINT WARNING * * *
You feel your power leaking away.
The demonic crawler hits you but does no damage.
You block the demonic crawler's attack. The demonic crawler misses you.
Ecarreuq gestures.
The lightning arc hits Cixkady!!
The lightning arc hits Piexty!
Piexty resists.
The lightning arc hits Geesu!
Geesu resists.
The lightning arc hits Davoil!
Davoil resists.
The lightning arc hits Leustum!
Leustum resists.
The lightning arc hits Tusutae.
The lightning arc hits Irhojivatev!
Irhojivatev resists.
You block Emustocw's attack.
Ceedo is struck by lightning.
Ceedo gestures.
You resist with almost no effort.
Vakhom is struck by lightning.
Kielypan blinks!
The Killer Klown blinks!
Botiuce hits you!!
You die...

▓▓▓....s.......
▓..............
...............
...............
.&.X..X........
..Xb&&WsX5.....
....§XXXsX&XsY.p...
...†XX1&&&&@&X5&............
....1&3&X&&&&55.............
....&XX1&&X&&X..............
))r)1X&&&&&5X4H.............
=tu|§&&4&&&Xp1..............
:t1TCu&DX&t55...............
=p&1&&&&3X&4.†..............
[su112&p§.5........§........
:)rtC&&CXX..................


You could see Botiuce, Ceedo, Cixkady, Davoil, Duga, Ecarreuq, Efenn, Emustocw,
Enocuir, Eroesch, Eteotexa, Foxall, Fuimunn, Geesu, Ighonin, Inkiuxia,
Irhojivatev, Jaetweakh, Kielypan, Kiezimaf (wandering), Leustum, Nehixisu,
Nymyfeum, Omoug, Penoikh, Piexty, Sezaun, Taekot, Taemnad, Tashosie, Tuschagh,
Tusutae, Vaekkuq, Vakhom, Vuixanam, Waaddeaw, Xeuxkoni, Xexze, Zairoh
(wandering), 3 Killer Klowns, a Hell Sentinel, 3 tentacled monstrosities, an
iron dragon, 2 Tzitzimimeh, a red very ugly thing, 2 Brimstone Fiends, a fire
giant, a sphinx, an Executioner, a blizzard demon, 2 demonic crawlers, an
apocalypse crab, 19 large abominations, a rust devil, a smoke demon, a ynoxinul,
a chaos spawn, a wraith, a jumping spider, a red devil, a redback, a dream sheep
shaped shifter and 8 ufetubi.

Vanquished Creatures
  Cerebov (Pan)
  the Royal Jelly (Slime:5)
  Gloorx Vloq (Pan)
  Mnoleg (Pan)
  Lom Lobon (Pan)
  A seraph (Pan)
  31 orbs of fire
  Mara (Depths:2)
  40 juggernauts
  173 ancient liches
  The ghost of kroki the Executioner, a veteran DDFi of Makhleb (Zot:3)
  18 greater mummies
  147 Killer Klowns
  Bai Suzhen (Crypt:2)
  83 shard shrikes
  A shard shrike (shapeshifter) (Zig:25)
  Margery (Depths:4)
  37 caustic shrikes
  3 curse toes
  A caustic shrike (shapeshifter) (Zig:24)
  157 golden dragons
  Xtahua (Depths:4)
  Jory (Depths:4)
  86 bone dragons
  33 pearl dragons
  34 Tzitzimimeh
  57 profane servitors
  17 hellephants
  The ghost of Gall2222 the Black Belt, an adept DsBe of Trog (Depths:1)
  20 Brimstone Fiends
  41 electric golems
  95 liches
  33 iron giants
  123 Ice Fiends
  50 Hell Sentinels
  122 tentacled monstrosities
  Rupert (D:13)
  130 titans
  25 Orb Guardians (Zot:5)
  230 pandemonium lords
  73 deep elf blademasters
  94 deep elf master archers
  An acid blob (shapeshifter) (Zig:10)
  11 quicksilver dragons (shapeshifter)
  47 quicksilver dragons
  11 sphinxes (shapeshifter)
  Polyphemus (Shoals:2)
  317 acid blobs
  40 Executioners
  37 tentacled starspawn
  11 death cobs
  42 sphinxes
  111 ancient champions
  An eldritch tentacle (Zig:17)
  20 thorn hunters
  A storm dragon (shapeshifter) (Zig:24)
  84 storm dragons
  10 shadow dragons (shapeshifter)
  54 shadow dragons
  77 draconian monks
  221 nagarajas
  Kirke (Lair:4)
  24 tengu reavers
  7 azure jellies (shapeshifter)
  120 revenants
  138 azure jellies
  Donald (Vaults:1)
  41 daevas
  149 draconian knights
  32 vault wardens
  6 fire giants (shapeshifter)
  110 frost giants
  2 ghost moths (shapeshifter)
  54 fire giants
  12 deep elf sorcerers
  39 iron dragons
  41 cacodemons
  6 frost giants (shapeshifter)
  78 balrugs
  2 spectral caustic shrikes (Zig:20)
  104 curse skulls
  39 black suns
  28 warmongers
  5 caustic shrike zombies
  2 emperor scorpions (shapeshifter)
  80 ghost moths
  67 draconian annihilators
  59 angels
  144 orc warlords
  64 draconian scorchers
  3 juggernaut zombies
  52 emperor scorpions
  Louise (Elf:3)
  38 ghouls
  59 draconian stormcallers
  2 spriggan defenders
  84 draconian shifters
  79 reapers
  3 caustic shrike skeletons
  31 war gargoyles
  37 ophanim
  19 deep elf elementalists
  171 stone giants
  82 entropy weavers
  3 juggernaut skeletons
  37 blood saints
  An entropy weaver (shapeshifter) (Zig:17)
  10 stone giants (shapeshifter)
  32 ironheart preservers
  12 bennus
  121 very ugly things
  38 green draconians
  98 vampire knights
  63 deep elf annihilators
  80 corrupters
  75 deep elf demonologists
  A spectral titan (Zig:20)
  15 lorocyprocas
  59 apis
  11 dire elephants (Zig:12)
  39 black draconians
  Azrael (Orc:2)
  52 yellow draconians
  A spark wasp (shapeshifter) (Zig:25)
  10 dire elephants (shapeshifter)
  44 red draconians
  55 spark wasps
  2 minotaurs (shapeshifter) (Zig:24)
  37 purple draconians
  37 white draconians
  4 quicksilver dragon zombies
  144 merfolk javelineers
  25 crystal guardians
  113 blizzard demons
  96 eidola
  4 ettins (shapeshifter)
  107 green deaths
  72 deep elf death magi
  20 jiangshi
  27 ettins
  78 deep elf high priests
  43 merfolk impalers
  A great orb of eyes (shapeshifter) (Zig:25)
  A spectral golden dragon (Zig:20)
  32 death oozes
  49 fire dragons
  58 yaktaur captains
  28 mummy priests
  Josephine (D:14)
  62 great orbs of eyes
  Harold (D:10)
  2 quicksilver dragon skeletons
  22 rakshasas
  101 ice dragons
  18 hell beasts
  42 naga warriors
  A spectral sphinx (Zig:20)
  A hydra (shapeshifter) (Zig:19)
  2 juggernaut simulacra (Zig:23)
  3 monstrous demonspawn
  30 vault guards
  67 spriggan air magi
  Fannar (D:11)
  An ice dragon (shapeshifter) (Zig:20)
  6 catoblepae
  138 hydras
  50 alligators
  3 caustic shrike simulacra
  41 ogre magi
  27 alligator snapping turtles
  95 shambling mangroves
  58 centaur warriors
  5 alligator snapping turtles (shapeshifter)
  24 ghost crabs
  13 merfolk avatars
  24 death knights
  21 anacondas
  78 dancing weapons
  4 anacondas (shapeshifter)
  49 satyrs
  8 deep troll shamans
  4 satyrs (shapeshifter)
  3 alligators (shapeshifter)
  15 death scarabs
  The ghost of daodarkstar the Protected, a journeyman GrFi of Okawaru (D:11)
  8 tengu warriors
  75 two-headed ogres
  2 queen ants (shapeshifter)
  6 death yaks
  5 two-headed ogres (shapeshifter)
  116 merfolk aquamancers
  10 titan zombies
  6 spriggan berserkers
  9 deep troll earth magi
  163 orc high priests
  97 vampire magi
  A queen ant (Lair:4)
  Urug (Lair:4)
  17 hell hogs
  2 spectral storm dragons (Zig:20)
  4 shock serpents (shapeshifter)
  A spectral elf (Zig:20)
  A spectral spriggan (Zig:20)
  32 sun demons
  20 iron golems
  33 hell knights
  44 soul eaters
  30 thrashing horrors
  Nergalle (Lair:4)
  64 deep elf knights
  93 naga sharpshooters
  92 shock serpents
  10 storm dragon zombies
  41 skeletal warriors
  2 fire crabs (shapeshifter)
  8 salamander mystics
  17 fire crabs
  5 titan skeletons
  70 wretched stars
  27 sixfirhies
  19 spatial maelstroms
  8 iron trolls (shapeshifter)
  51 sea snakes
  9 storm dragon skeletons
  63 iron trolls
  25 glowing orange brains
  30 cherubim
  71 death drakes
  7 sea snakes (shapeshifter)
  68 shadow wraiths
  7 death drakes (shapeshifter)
  An iron giant zombie (Crypt:2)
  2 swamp dragons (shapeshifter)
  10 unseen horrors
  93 flayed ghosts
  An unseen horror (shapeshifter) (D:14)
  8 gelid demonspawn
  22 spriggan druids
  9 torturous demonspawn
  5 spark wasp zombies
  2 quicksilver dragon simulacra
  14 wizards
  17 shadow demons
  15 obsidian statues
  36 deep trolls
  14 golden dragon zombies
  4 deep trolls (shapeshifter)
  40 ironbrand convokers
  118 swamp dragons
  4 infernal demonspawn
  8 tengu zombies
  4 glowing orange brains (shapeshifter)
  184 deep elf magi
  17 orange crystal statues
  23 naga ritualists
  62 harpies
  73 orb spiders
  7 shadow dragon zombies
  59 deep elf archers
  3 mana vipers (shapeshifter)
  8 golden dragon skeletons
  61 phantasmal warriors
  4 fire giant zombies
  2 orb spiders (shapeshifter)
  28 necromancers
  4 iron dragon zombies
  64 orc knights
  85 orc sorcerers
  2 harpies (shapeshifter)
  8 sphinx zombies
  17 oklob plants
  71 fauns
  6 shadow dragon skeletons
  63 wolf spiders
  9 wolf spiders (shapeshifter)
  4 frost giant zombies
  4 lindwurms (shapeshifter)
  4 cyclopes (shapeshifter)
  25 mana vipers
  6 tengu skeletons
  51 shining eyes
  6 stone giant zombies
  14 worldbinders
  4 fauns (shapeshifter)
  15 salamanders
  51 cyclopes
  Maurice (Orc:1)
  119 moths of wrath
  3 moths of wrath (shapeshifter)
  5 elephants (shapeshifter)
  98 ugly things
  44 manticores
  8 shining eyes (shapeshifter)
  3 sphinx skeletons
  2 draconians (Abyss:5)
  29 merfolk sirens
  12 spriggan zombies
  5 manticores (shapeshifter)
  41 vault sentinels
  131 black mambas
  5 frost giant skeletons
  5 fire giant skeletons
  62 guardian serpents
  68 naga magi
  79 smoke demons
  19 elephants
  4 iron dragon skeletons
  3 stone giant skeletons
  15 ice statues
  6 guardian serpents (shapeshifter)
  Psyche (D:10)
  A titan simulacrum (Zig:23)
  6 eyes of devastation (shapeshifter)
  19 rust devils
  2 spiny frogs (shapeshifter)
  76 apocalypse crabs
  23 orange demons
  55 torpor snails
  4 water nymphs (shapeshifter)
  103 water nymphs
  35 eyes of devastation
  3 storm dragon simulacra
  5 torpor snails (shapeshifter)
  31 gargoyles
  58 hellions
  5 yaktaurs (shapeshifter)
  50 demonic crawlers
  71 spiny frogs
  2 rime drakes (shapeshifter)
  77 yaktaurs
  An elephant slug zombie (Crypt:1)
  4 kobold demonologists
  A purple draconian zombie (Crypt:1)
  30 efreet
  A dire elephant skeleton (Crypt:3)
  2 komodo dragons (shapeshifter)
  45 freezing wraiths
  A yaktaur zombie (Zig:2)
  52 rime drakes
  63 ice devils
  39 tormentors
  37 guardian mummies
  2 golden dragon simulacra
  3 tengu conjurers
  24 hellwings
  2 yaktaur skeletons (Vaults:3)
  48 ancient zymes
  13 komodo dragons
  27 red devils
  A yellow draconian skeleton (Crypt:1)
  4 meliai
  189 merfolk
  78 jumping spiders
  2 silent spectres (Zig:25)
  3 tengu simulacra
  A queen bee (shapeshifter) (Zig:18)
  51 trolls
  A meliai (shapeshifter) (Zig:5)
  2 polar bears (shapeshifter)
  A purple draconian skeleton (Crypt:2)
  A troll (shapeshifter) (D:15)
  6 merfolk (shapeshifter)
  4 sphinx simulacra
  27 tyrant leeches
  3 slime creatures (shapeshifter)
  7 jumping spiders (shapeshifter)
  190 hornets
  A raiju (shapeshifter) (Vaults:4)
  21 hippogriffs
  3 shadow dragon simulacra
  3 ettin zombies
  3 tyrant leeches (shapeshifter)
  37 wind drakes
  24 blink frogs
  311 slime creatures
  4 wind drakes (shapeshifter)
  A hornet (shapeshifter) (Vaults:2)
  3 snapping turtles (shapeshifter)
  2 hydra skeletons (Crypt:3)
  2 meliai zombies
  5 dream sheep (shapeshifter)
  20 dream sheep
  36 bog bodies
  41 snapping turtles
  A blink frog (shapeshifter) (Vaults:4)
  4 iron dragon simulacra (Zig:23)
  75 raiju
  A fire dragon skeleton (Zig:2)
  4 hippogriffs (shapeshifter)
  43 air elementals
  8 redbacks (shapeshifter)
  A deep troll skeleton (Zig:2)
  21 flying skulls
  20 shadows
  A centaur simulacrum (D:14)
  97 redbacks
  3 vampires
  7 spriggan skeletons
  81 tarantellas
  4 ettin skeletons
  3 yaks (shapeshifter)
  2 spriggans (shapeshifter)
  21 spriggans
  25 fire elementals
  2 tarantellas (shapeshifter)
  2 basilisks
  36 yaks
  175 starcursed masses
  9 wyverns
  48 ynoxinuls
  15 ushabtiu
  A hog (shapeshifter) (Zig:25)
  81 water elementals
  A fire bat (shapeshifter) (Zig:24)
  40 wraiths
  3 golden eyes (shapeshifter)
  29 golden eyes
  16 humans (D:13)
  4 hogs (Lair:4)
  97 chaos spawn
  An alligator skeleton (Crypt:2)
  A fire bat (Zig:10)
  46 neqoxecs
  7 hungry ghosts
  10 steam dragons
  2 nagas (shapeshifter)
  29 vampire mosquitoes
  An infernal demonspawn zombie (Crypt:2)
  51 insubstantial wisps
  A monstrous demonspawn zombie (Crypt:1)
  37 nagas
  3 spatial vortices
  9 acid dragons
  8 soldier ants
  21 water moccasins
  60 wargs
  46 hell hounds
  2 soldier ants (shapeshifter)
  3 swamp worms (shapeshifter)
  Duvessa (D:5)
  An infernal demonspawn skeleton (Crypt:3)
  10 porcupines
  3 floating eyes (shapeshifter)
  171 large abominations
  28 floating eyes
  A hornet zombie (D:6)
  62 ice beasts
  A black bear (shapeshifter) (Zig:25)
  A black bear (D:8)
  8 sky beasts
  52 swamp drakes
  10 necrophages
  267 orc warriors
  An eye of draining (shapeshifter) (D:15)
  5 phantoms
  152 ogres
  58 eyes of draining
  A wolf (Zig:12)
  8 boggarts
  45 centaurs
  16 crocodiles
  A snapping turtle skeleton (Crypt:1)
  23 elf zombies
  14 elf simulacra
  2 big kobolds
  35 bullfrogs
  A gnoll sergeant (Zig:26)
  5 human skeletons (Vaults:3)
  A bullfrog (shapeshifter) (Zig:24)
  54 earth elementals
  2 glowing shapeshifter simulacra
  A human simulacrum (Zig:9)
  16 elf skeletons
  72 small abominations
  10 scorpions
  A wyvern skeleton (D:7)
  Dowan (D:5)
  21 killer bees
  19 wights
  4 electric eels
  A bullfrog zombie (D:5)
  A howler monkey (D:13)
  18 crimson imps
  3 centaur zombies
  12 jellies
  2 quasits
  25 iron imps
  62 orc priests
  2 gnoll shamans
  5 hounds
  2 bullfrog skeletons
  7 centaur skeletons
  Terence (D:3)
  4 iguanas
  70 orc wizards
  A hell rat (Depths:1)
  30 worker ants
  A demigod zombie (Crypt:2)
  A dwarf zombie (Crypt:1)
  2 naga skeletons
  A crocodile skeleton (Crypt:2)
  A felid skeleton (Crypt:2)
  A hound skeleton (D:5)
  A hound zombie (D:10)
  65 mummies
  A worker ant zombie (D:11)
  10 adders
  21 gnolls
  5 shadow imps
  26 white imps
  3 ufetubi
  2 oozes
  An ooze (shapeshifter) (Zig:25)
  An adder skeleton (D:8)
  An adder zombie (D:6)
  A halfling skeleton (Crypt:2)
  5 worms
  6 ball lightnings (Pan)
  3 dart slugs
  4 leopard geckos
  161 orcs
  2 ball pythons
  5 giant cockroaches
  13 goblins
  7 hobgoblins
  21 jackals
  21 kobolds
  6 quokkas
  6 bats
  6 frilled lizards
  A goblin zombie (Crypt:1)
  An orc simulacrum (Crypt:2)
  6 rats
  442 blocks of ice
  50 briar patches
  2 bushes
  40 crawling corpses
  139 fire vortices
  5 fungi (Shoals:3)
  A lurking horror (Abyss:5)
  34 plants
  22 starspawn tentacles
  A withered plant (Crypt:3)
17763 creatures vanquished.

Vanquished Creatures (collateral kills)
  An ancient lich (Zig:25)
  A juggernaut (Zig:8)
  A greater mummy (Zig:15)
  A Tzitzimitl (Zig:10)
  A tentacled monstrosity (Zig:6)
  9 acid blobs
  An Executioner (Zig:10)
  A pandemonium lord (Zig:25)
  An azure jelly (Zig:19)
  A deep elf demonologist (Zig:27)
  A deep elf annihilator (Zig:27)
  An ettin (Zig:8)
  A death ooze (Zig:16)
  A deep elf high priest (Zig:27)
  A great orb of eyes (Zig:16)
  A hydra (Zig:1)
  An ice dragon (Depths:5)
  A wretched star (Zig:9)
  A glowing orange brain (Zig:16)
  An ironbrand convoker (Zig:27)
  A shining eye (Zig:16)
  A deep elf mage (Zig:27)
  A moth of wrath (Zig:17)
  An apocalypse crab (Zig:25)
  2 eyes of devastation
  A wind drake (Pan)
  10 slime creatures
  A spriggan (Depths:5)
  A large abomination (Zig:9)
  A golden eye (Zig:19)
  A floating eye (Zig:19)
  A mummy (Zig:15)
  2 orcs (Orc:2)
  A block of ice (Zig:17)
  A plant (Shoals:4)
54 creatures vanquished.

Vanquished Creatures (others)
  2 Killer Klowns
  A golden dragon (Zig:24)
  A profane servitor (Zig:25)
  3 tentacled monstrosities
  An iron giant (Zig:18)
  A Hell Sentinel (Zig:18)
  A titan (Zig:24)
  4 eldritch tentacles
  A shadow dragon (shapeshifter) (Zig:13)
  3 pandemonium lords
  2 tengu reavers
  A frost giant (shapeshifter) (Zig:25)
  A shadow dragon (Zig:13)
  A frost giant (Zig:23)
  A fire giant (Depths:4)
  2 draconian knights
  A draconian stormcaller (Zig:21)
  A draconian annihilator (Zig:21)
  A black draconian (Zig:21)
  A lorocyproca (Zig:17)
  A red draconian (Zig:21)
  2 dire elephants (shapeshifter)
  A fire dragon (Zig:18)
  A vampire mage (Zig:26)
  2 deep elf knights
  A death drake (Zig:20)
  A spatial maelstrom (Zig:25)
  An unseen horror (D:14)
  A deep elf archer (Zig:24)
  A phantasmal warrior (Zig:21)
  A moth of wrath (Zig:16)
  A salamander (Zig:25)
  5 apocalypse crabs
  A smoke demon (Pan)
  2 guardian serpents
  A water nymph (Zig:23)
  A wind drake (Zig:17)
  3 hornets
  A raiju (Zig:13)
  A blink frog (Zig:16)
  A small abomination (Zig:26)
  A water elemental (Zig:24)
  A wraith (Zig:26)
  2 humans (Lair:4)
  A golden eye (Zig:26)
  A neqoxec (Pan)
  A naga (Zig:23)
  2 insubstantial wisps
  An acid dragon (Zig:13)
  An orc warrior (Orc:2)
  A necrophage (Zig:21)
  2 orc wizards
  An orc (D:14)
  313 blocks of ice
  15 briar patches
  589 fire vortices
  8 fungi
  2 lurking horrors
  78 plants
  20 starspawn tentacles
  33 withered plants (Crypt:3)
1133 creatures vanquished.

Grand Total: 18950 creatures vanquished

Notes
Turn   | Place    | Note
-------+----------+-------------------------------------------
     0 | D:1      | Veres the Gargoyle Earth Elementalist began the quest for
                  | the Orb.
     0 | D:1      | Reached XP level 1. HP: 10/10 MP: 3/3
   179 | D:1      | Reached XP level 2. HP: 5/15 MP: 1/5
   685 | D:1      | You fall into a shaft and drop 1 floor!
   990 | D:2      | Reached XP level 3. HP: 19/19 MP: 6/6
  1007 | D:2      | Learned a level 3 spell: Stone Arrow
  1226 | D:2      | Reached skill level 1 in Conjurations
  1266 | D:2      | Reached XP level 4. HP: 23/24 MP: 8/8
  1604 | D:2      | Found a sparkling altar of Nemelex Xobeh.
  2082 | D:3      | Noticed Terence
  2093 | D:3      | Killed Terence
  2093 | D:3      | Reached skill level 5 in Earth Magic
  2093 | D:3      | Reached XP level 5. HP: 17/28 MP: 4/10
  2100 | D:3      | Learned a level 5 spell: Lee's Rapid Deconstruction
  2603 | D:3      | Found a sparkling altar of Nemelex Xobeh.
  2606 | D:3      | Found an iron altar of Okawaru.
  2606 | D:3      | Found a glowing silver altar of Zin.
  2615 | D:3      | Found a sparkling altar of Nemelex Xobeh.
  2617 | D:3      | Found an ancient bone altar of Kikubaaqudgha.
  2617 | D:3      | Found a blossoming altar of Fedhas.
  2619 | D:3      | Found a radiant altar of Vehumet.
  2619 | D:3      | Found a shimmering altar of Xom.
  2619 | D:3      | Found a glowing golden altar of the Shining One.
  3182 | D:4      | Got a spiked buckler
  3188 | D:4      | Identified the +1 buckler of Coysuut {rC++} (You found it
                  | on level 4 of the Dungeon)
  3299 | D:4      | Reached XP level 6. HP: 25/32 MP: 11/11
  3954 | D:4      | Found a hide-covered altar of Uskayaw.
  3962 | D:4      | Found an ornate altar of the Wu Jian Council.
  4059 | D:5      | Entered Level 5 of the Dungeon
  4074 | D:4      | Reached XP level 7. HP: 35/36 MP: 13/13
  4414 | D:5      | Noticed Dowan
  4422 | D:5      | Killed Dowan
  4425 | D:5      | Noticed Duvessa
  4479 | D:5      | Killed Duvessa
  4479 | D:5      | Reached skill level 5 in Spellcasting
  4493 | D:5      | Reached skill level 5 in Conjurations
  4493 | D:5      | Reached XP level 8. HP: 20/41 MP: 2/15
  4725 | D:5      | Found a stormy altar of Qazlal.
  4738 | D:5      | Found Ataetin's Antique Armour Shoppe.
  4746 | D:5      | Bought a pair of glowing boots for 187 gold pieces
  5557 | D:6      | Reached XP level 9. HP: 40/45 MP: 10/18
  5771 | D:6      | Found an opulent altar of Gozag.
  6013 | D:7      | Found a staircase to the Ecumenical Temple.
  6136 | D:7      | Found a flagged portal.
  6145 | Bailey   | Entered a bailey
  6246 | Bailey   | Noticed an orc knight
  6505 | Bailey   | Killed an orc knight
  6638 | Bailey   | Got bronze steam dragon scales
  6649 | Bailey   | Identified the +5 steam dragon scales of the Queen {Str+2}
                  | (You found it in a bailey)
  6720 | D:7      | Reached skill level 10 in Earth Magic
  6773 | Temple   | Entered the Ecumenical Temple
  7253 | D:8      | Reached skill level 1 in Shields
  7255 | D:8      | Reached skill level 1 in Fighting
  7255 | D:8      | Reached skill level 1 in Armour
  7257 | D:8      | Reached XP level 10. HP: 52/52 MP: 15/21
  7258 | D:8      | Reached skill level 1 in Maces & Flails
  7260 | D:8      | Reached skill level 1 in Evocations
  8533 | D:9      | Reached XP level 11. HP: 43/60 MP: 3/22
  9347 | D:9      | Noticed an orc sorcerer
  9354 | D:9      | Killed an orc sorcerer
  9522 | D:9      | Found an ancient bone altar of Kikubaaqudgha.
  9535 | D:9      | Found a shimmering blue altar of Sif Muna.
  9541 | D:9      | Identified Sif Muna's Almanac of Summoning
  9553 | D:9      | Found a radiant altar of Vehumet.
  9559 | D:9      | Became a worshipper of Vehumet
  9837 | D:10     | Entered Level 10 of the Dungeon
 10178 | D:10     | Reached * piety under Vehumet
 10178 | D:10     | Offered knowledge of Freeze by Vehumet.
 10287 | D:10     | Found a staircase to the Lair.
 10398 | D:10     | Noticed a two-headed ogre
 10404 | D:10     | Killed a two-headed ogre
 10427 | D:10     | Noticed Psyche
 10433 | D:10     | Killed Psyche
 10441 | D:10     | Got a pair of crude boots
 10452 | D:10     | Identified the cursed -3 pair of boots of Guoq {SInv} (You
                  | found it on level 10 of the Dungeon)
 10543 | D:10     | Found a large runed translucent door.
 10543 | D:10     | Found a large runed translucent door.
 10547 | D:10     | Noticed astraldaughter's ghost (journeyman HuTm)
 10633 | D:10     | Reached skill level 5 in Armour
 10642 | D:10     | Reached XP level 12. HP: 62/68 MP: 24/24
 10752 | D:10     | Reached skill level 5 in Fighting
 10820 | D:10     | Noticed Harold
 10829 | D:10     | Killed Harold
 11188 | D:11     | Found a runed translucent gate.
 11189 | D:11     | Found a runed translucent gate.
 11190 | D:11     | Found a runed translucent gate.
 11200 | D:11     | Noticed daodarkstar's ghost (journeyman GrFi)
 11245 | D:11     | Noticed Fannar
 11259 | D:11     | Killed Fannar
 11268 | D:11     | Noticed a two-headed ogre
 11276 | D:11     | Killed a two-headed ogre
 11522 | D:11     | Offered knowledge of Magic Dart by Vehumet.
 11531 | D:11     | Reached ** piety under Vehumet
 11626 | D:11     | Found a roughly hewn altar of Beogh.
 11626 | D:11     | Found a staircase to the Orcish Mines.
 11854 | D:11     | Reached skill level 5 in Maces & Flails
 11934 | D:11     | Reached skill level 10 in Conjurations
 11978 | D:11     | Found Cupsa's Jewellery Shoppe.
 12218 | D:11     | Offered knowledge of Frozen Ramparts by Vehumet.
 12534 | D:12     | Found Akaiz's Mayhem Merchandise.
 12651 | D:12     | Reached *** piety under Vehumet
 13132 | D:13     | Found a gate to the Vaults.
 13132 | D:13     | Noticed a centaur warrior
 13132 | D:13     | Noticed a fire dragon
 13132 | D:13     | Noticed Rupert
 13138 | D:13     | Noticed a tengu warrior
 13153 | D:12     | Killed a tengu warrior
 13153 | D:12     | Offered knowledge of Dazzling Flash by Vehumet.
 13153 | D:12     | Reached skill level 5 in Evocations
 13157 | D:12     | Reached skill level 5 in Dodging
 13344 | D:13     | Noticed a centaur warrior
 13356 | D:13     | Killed a centaur warrior
 13591 | D:13     | Reached **** piety under Vehumet
 13591 | D:13     | Reached XP level 13. HP: 75/75 MP: 26/26
 13613 | D:13     | Paralysed by Rupert for 7 turns
 13652 | D:13     | Killed Rupert
 13748 | D:13     | Learned a level 3 spell: Dazzling Flash
 13772 | D:13     | Offered knowledge of Bolt of Magma by Vehumet.
 13934 | D:13     | Learned a level 5 spell: Bolt of Magma
 14033 | D:13     | Reached skill level 1 in Fire Magic
 14583 | D:13     | Killed a fire dragon
 15670 | D:14     | Reached ***** piety under Vehumet
 15736 | D:14     | Offered knowledge of Spellforged Servitor by Vehumet.
 15879 | D:14     | Gained mutation: Your large and strong wings let you fly
                  | indefinitely. [Gargoyle growth]
 15879 | D:14     | Reached XP level 14. HP: 78/83 MP: 20/27
 16199 | D:14     | Reached skill level 5 in Fire Magic
 16506 | D:14     | Found a hazy altar of Hepliaklqana.
 16507 | D:14     | Noticed Josephine
 16527 | D:14     | Killed Josephine
 16781 | Lair:1   | Entered Level 1 of the Lair of Beasts
 16809 | Lair:1   | Reached skill level 10 in Spellcasting
 17367 | Lair:1   | Got a slimy mace
 17368 | Lair:1   | Identified the +12 mace of the Sugar Beet {vorpal, +Blink
                  | rPois rF+ Str-5} (You found it on level 1 of the Lair of
                  | Beasts)
 18277 | Lair:2   | You fall into a shaft and drop 2 floors!
 18277 | Lair:4   | Noticed Kirke
 18277 | Lair:4   | Noticed Nergalle
 18283 | Lair:4   | Noticed a sphinx
 18285 | Lair:4   | Noticed Urug
 18306 | Lair:4   | Killed Kirke
 18316 | Lair:4   | Killed Nergalle
 18338 | Lair:4   | Killed Urug
 18501 | Lair:3   | Found a staircase to the Shoals.
 18633 | Lair:3   | Found a hole to the Spider Nest.
 18644 | Lair:3   | Offered knowledge of Starburst by Vehumet.
 18760 | Lair:3   | Learned a level 6 spell: Starburst
 19771 | Lair:4   | Reached XP level 15. HP: 75/89 MP: 27/29
 20824 | Lair:5   | Found a frozen archway.
 21040 | Lair:5   | Found a staircase to the Slime Pits.
 21357 | Lair:5   | Learned a level 6 spell: Iron Shot
 21464 | Lair:5   | Identified a scroll of acquirement
 21655 | Lair:5   | Offered knowledge of Fireball by Vehumet.
 21670 | Lair:5   | Learned a level 5 spell: Fireball
 21775 | Lair:6   | Entered Level 6 of the Lair of Beasts
 22115 | Lair:6   | Reached ****** piety under Vehumet
 22755 | Lair:6   | Offered knowledge of Yara's Violent Unravelling by Vehumet.
 23581 | Orc:1    | Entered Level 1 of the Orcish Mines
 23620 | Orc:1    | Found a frozen archway.
 23637 | IceCv    | Entered an ice cave
 24246 | IceCv    | Reached XP level 16. HP: 93/97 MP: 5/30
 24795 | Orc:1    | Noticed Maurice
 24811 | Orc:1    | Offered knowledge of Conjure Ball Lightning by Vehumet.
 24820 | Orc:1    | Found Rotaas's Book Shoppe.
 25162 | Orc:1    | Killed Maurice
 25424 | Orc:2    | Entered Level 2 of the Orcish Mines
 25434 | Orc:2    | Found a staircase to the Elven Halls.
 25526 | Orc:2    | Reached skill level 10 in Fighting
 25531 | Orc:2    | Noticed Azrael
 25569 | Orc:2    | Killed Azrael
 26595 | Orc:2    | Paralysed by an orc sorcerer for 6 turns
 26614 | Orc:2    | Paralysed by an orc sorcerer for 2 turns
 26637 | Orc:2    | Offered knowledge of Orb of Destruction by Vehumet.
 26869 | Orc:2    | Found Nitimpim's Weapon Shop.
 26869 | Orc:2    | Found Vuipish's Jewellery Emporium.
 26877 | Orc:2    | Found Veelleef's Weapon Shop.
 26877 | Orc:2    | Found Kunum's General Store.
 26969 | Orc:2    | Bought a scroll of identify for 30 gold pieces
 26969 | Orc:2    | Bought a potion of ambrosia for 120 gold pieces
 27234 | D:15     | Entered Level 15 of the Dungeon
 27319 | D:15     | Reached skill level 10 in Fire Magic
 27544 | D:15     | Found a blossoming altar of Fedhas.
 27544 | D:15     | Found a bloodstained altar of Trog.
 28145 | D:15     | Found a staircase to the Depths.
 28208 | D:15     | Found an opulent altar of Gozag.
 28428 | D:15     | Noticed a tengu reaver
 28440 | D:15     | Killed a tengu reaver
 29629 | D:15     | Offered knowledge of Ozocubu's Refrigeration by Vehumet.
 30055 | D:15     | Reached XP level 17. HP: 103/103 MP: 19/32
 30779 | D:15     | Reached skill level 10 in Maces & Flails
 31008 | Shoals:1 | Entered Level 1 of the Shoals
 31063 | Shoals:1 | Gained mutation: Potions are less effective at restoring
                  | your health. [potion of mutation]
 31063 | Shoals:1 | Gained mutation: You have large cloven feet. [potion of
                  | mutation]
 31063 | Shoals:1 | Gained mutation: You evolve. [potion of mutation]
 31934 | Shoals:1 | Found Utuivev's Food Shoppe.
 32410 | Shoals:2 | Noticed Polyphemus
 32431 | Shoals:2 | Reached skill level 15 in Earth Magic
 32454 | Shoals:2 | Killed Polyphemus
 32701 | Shoals:2 | Reached skill level 10 in Dodging
 33712 | Shoals:3 | Lost mutation: You evolve. [potion of mutation]
 33712 | Shoals:3 | Lost mutation: You have large cloven feet. [potion of
                  | mutation]
 33712 | Shoals:3 | Lost mutation: Potions are less effective at restoring your
                  | health. [potion of mutation]
 33712 | Shoals:3 | Gained mutation: Scrolls take you a little longer to read.
                  | [potion of mutation]
 33712 | Shoals:3 | Gained mutation: You are agile. (Dex +2) [potion of
                  | mutation]
 33712 | Shoals:3 | Gained mutation: You are resistant to hostile enchantments.
                  | (MR+) [potion of mutation]
 33712 | Shoals:3 | Gained mutation: You have large cloven feet. [potion of
                  | mutation]
 33761 | Shoals:3 | Offered knowledge of Lehudib's Crystal Spear by Vehumet.
 33761 | Shoals:3 | Offered knowledge of Fire Storm by Vehumet.
 33761 | Shoals:3 | Offered knowledge of Ignition by Vehumet.
 35035 | Shoals:3 | Reached XP level 18. HP: 58/110 MP: 17/33
 35932 | Shoals:4 | Entered Level 4 of the Shoals
 35955 | Shoals:3 | Learned a level 8 spell: Ignition
 36650 | Shoals:4 | Reached skill level 15 in Fire Magic
 36783 | Shoals:4 | Got a barnacled rune of Zot
 37206 | Shoals:4 | Identified the Tome of Freezing Envenoming
 37299 | Shoals:4 | Identified Sif Muna's Compendium of Venomous Displacement
 37916 | Spider:1 | Entered Level 1 of the Spider Nest
 38220 | Spider:1 | Identified the ring of Twilight {rC+ rN+ Str+3 Int-3} (You
                  | acquired it on level 1 of the Spider Nest)
 38220 | Spider:1 | Identified the Volume of the Mountains and the Compass (You
                  | acquired it on level 1 of the Spider Nest)
 38363 | Spider:1 | Found the +10 Black Knight's horse barding {ponderous,
                  | rPois rN+}
 39669 | Spider:2 | Reached XP level 19. HP: 111/115 MP: 26/34
 40460 | Elf:1    | Entered Level 1 of the Elven Halls
 41200 | Elf:1    | Reached skill level 1 in Staves
 41770 | Elf:1    | Identified Tacuwu's Almanac of Dark Rituals
 42763 | Elf:2    | Lost mutation: You are agile. (Dex +2) [potion of mutation]
 42763 | Elf:2    | Lost mutation: Scrolls take you a little longer to read.
                  | [potion of mutation]
 42763 | Elf:2    | Gained mutation: You are partially covered in molten
                  | scales. (AC +2) [potion of mutation]
 42763 | Elf:2    | Gained mutation: You have a somewhat thin skeletal
                  | structure. (Dex +2, Stealth) [potion of mutation]
 42763 | Elf:2    | Lost mutation: You are resistant to hostile enchantments.
                  | (MR+) [potion of mutation]
 42763 | Elf:2    | Gained mutation: You expend magic power (3 MP) to
                  | strengthen your wands. [potion of mutation]
 43009 | Elf:2    | Found a runed translucent gate.
 43009 | Elf:2    | Found a runed translucent gate.
 43009 | Elf:2    | Found a runed translucent gate.
 43064 | Elf:3    | Entered Level 3 of the Elven Halls
 43121 | Elf:3    | Noticed Louise
 43296 | Elf:3    | Cast into level 2 of the Abyss (Louise)
 43582 | Abyss:2  | Found a corrupted altar of Lugonu.
 44138 | Elf:3    | Escaped the Abyss
 44160 | Elf:3    | Killed Louise
 45985 | Elf:3    | Reached XP level 20. HP: 115/122 MP: 31/36
 46851 | Elf:3    | Identified the cursed +0 tower shield of Gozag's Delight
                  | {Str+5 Dex-3}
 47697 | Elf:3    | Found the +7 Kryia's mail coat {PotionHeal*2 rC+}
 48017 | Vaults:1 | Entered Level 1 of the Vaults
 48500 | Vaults:1 | Noticed Donald
 48616 | Vaults:1 | Killed Donald
 48822 | Vaults:1 | Reached XP level 21. HP: 128/128 MP: 26/37
 49598 | Vaults:2 | Found a flickering gateway to a bazaar.
 49613 | Bazaar   | Entered a bazaar
 49616 | Bazaar   | Found Letoburi's Gadget Shop.
 49629 | Bazaar   | Found Qepog's Gadget Shop.
 49673 | Bazaar   | Found Oweyggol's Distillery.
 49673 | Bazaar   | Found Peawk's Assorted Antiques.
 49732 | Bazaar   | Bought a potion of heal wounds for 110 gold pieces
 49732 | Bazaar   | Bought a potion of haste for 220 gold pieces
 49732 | Bazaar   | Bought a wand of clouds (5) for 264 gold pieces
 49738 | Bazaar   | Bought a potion of mutation for 112 gold pieces
 49738 | Bazaar   | Bought a potion of invisibility for 112 gold pieces
 49738 | Bazaar   | Bought a potion of invisibility for 112 gold pieces
 49738 | Bazaar   | Bought a potion of magic for 112 gold pieces
 49738 | Bazaar   | Bought a potion of heal wounds for 70 gold pieces
 49738 | Bazaar   | Bought a potion of haste for 140 gold pieces
 49738 | Bazaar   | Bought a potion of heal wounds for 70 gold pieces
 49738 | Bazaar   | Bought a potion of haste for 140 gold pieces
 49756 | Bazaar   | Bought a wand of acid (9) for 286 gold pieces
 50851 | D:11     | Killed daodarkstar's ghost
 51100 | Spider:3 | Reached skill level 15 in Conjurations
 51546 | Spider:4 | Entered Level 4 of the Spider Nest
 53227 | Spider:4 | Got a gossamer rune of Zot
 53570 | Vaults:3 | Reached XP level 22. HP: 105/136 MP: 26/39
 54495 | Vaults:3 | Identified the cursed +0 mace "Nuriafost" {vamp, rElec rC+
                  | rN+ Dex-3}
 54911 | Vaults:3 | Found a staircase to the Crypt.
 55439 | Vaults:4 | Found Luem's Antique Weapon Emporium.
 55442 | Vaults:4 | Bought an ebony morningstar for 198 gold pieces
 55442 | Vaults:4 | Identified the +4 morningstar of Amorality {elec, MR+ Str+2
                  | SInv} (You bought it in a shop on level 4 of the Vaults)
 55533 | Vaults:4 | Found a runed translucent door.
 55533 | Vaults:4 | Found a shimmering altar of Xom.
 55533 | Vaults:4 | Noticed Neudybaa's ghost (adept HuFi)
 55533 | Vaults:4 | Identified the +7 battleaxe "Gram" {chaos, rC++ rN+ Str+2}
 56966 | Vaults:4 | Reached XP level 23. HP: 142/142 MP: 37/40
 57091 | Vaults:5 | Entered Level 5 of the Vaults
 57103 | Vaults:4 | Upgraded the game from 0.25-a0-549-g6e6e6501ad to
                  | 0.25-a0-558-g78a2afb0af
 57113 | Vaults:4 | Learned a level 9 spell: Shatter
 57124 | Vaults:5 | Noticed a golden dragon
 57138 | Vaults:4 | Killed a golden dragon
 57700 | Vaults:5 | HP: 1/143 [tengu reaver/fireball (66)]
 58412 | Vaults:5 | Reached XP level 24. HP: 136/148 MP: 9/41
 58788 | Vaults:5 | Found the +0 sword of Power
 58802 | Vaults:5 | Identified the Collected Works on Shape Shifting
 58810 | Vaults:5 | Identified the Almanac of the Oath
 58817 | Vaults:5 | Got a fine eveningstar
 58818 | Vaults:5 | Identified the cursed +1 eveningstar "Rakot" {freeze, rC-
                  | Str-3 Dex+8 SInv} (You found it on level 5 of the Vaults)
 59798 | Vaults:5 | Got a silver rune of Zot
 59844 | Vaults:5 | Identified the amulet of Pites {Spirit rPois rF+} (You
                  | acquired it on level 5 of the Vaults)
 59844 | Vaults:5 | Identified the +1 helmet "Dimy" {rF+ MR+ rCorr} (You
                  | acquired it on level 5 of the Vaults)
 60272 | Crypt:1  | Entered Level 1 of the Crypt
 61089 | Crypt:2  | Noticed Bai Suzhen
 61102 | Crypt:2  | Killed Bai Suzhen
 61844 | Crypt:2  | Identified the +0 cloak of Salvation {*Corrode Str+5} (You
                  | found it on level 2 of the Crypt)
 62274 | Crypt:3  | Entered Level 3 of the Crypt
 62885 | Crypt:3  | Reached skill level 15 in Fighting
 62905 | Crypt:3  | Got a glittering pewter ring
 62905 | Crypt:3  | Got a heavily runed golden ring
 62905 | Crypt:3  | Got a sparkling iron ring
 62908 | Crypt:3  | Identified the ring of Cahiezoe {rN+ MR+} (You found it on
                  | level 3 of the Crypt)
 62911 | Crypt:3  | Identified the ring "Kussawai" {rF+ rN+ Dex+5} (You found
                  | it on level 3 of the Crypt)
 62913 | Crypt:3  | Identified the ring "Ynijo" {+Inv rElec rC- rN+ Dex+3} (You
                  | found it on level 3 of the Crypt)
 63403 | Crypt:3  | Identified the Incunabulum of Unholy Arts
 63656 | Crypt:3  | Reached XP level 25. HP: 155/155 MP: 5/41
 64389 | Crypt:3  | Found a staircase to the Tomb.
 64516 | Crypt:3  | Found an ancient bone altar of Kikubaaqudgha.
 64518 | Crypt:3  | Noticed an ancient lich
 64525 | Crypt:3  | Killed an ancient lich
 64729 | Crypt:3  | Noticed an ancient lich
 64733 | Crypt:3  | Killed an ancient lich
 64920 | Crypt:3  | Identified the +0 pair of boots of the Spider Nest {+Blink
                  | rN+ MR- Str+3} (You found it on level 3 of the Crypt)
 64930 | Crypt:3  | Noticed an ancient lich
 64933 | Crypt:3  | Killed an ancient lich
 65505 | Shoals:1 | Bought a ration for 70 gold pieces
 65505 | Shoals:1 | Bought a ration for 70 gold pieces
 65505 | Shoals:1 | Bought a ration for 70 gold pieces
 65505 | Shoals:1 | Bought a ration for 70 gold pieces
 65505 | Shoals:1 | Bought a ration for 70 gold pieces
 65505 | Shoals:1 | Bought a ration for 70 gold pieces
 65505 | Shoals:1 | Bought a ration for 70 gold pieces
 65505 | Shoals:1 | Bought a ration for 70 gold pieces
 65505 | Shoals:1 | Bought a ration for 70 gold pieces
 65505 | Shoals:1 | Bought a ration for 70 gold pieces
 65749 | Orc:2    | Bought a ration for 75 gold pieces
 66025 | Depths:1 | Entered Level 1 of the Depths
 66025 | Depths:1 | Found Wyufed Uxkel's Distillery.
 66033 | Depths:1 | Bought a potion of curing for 42 gold pieces
 66033 | Depths:1 | Bought a potion of heal wounds for 70 gold pieces
 66033 | Depths:1 | Bought a potion of mutation for 112 gold pieces
 66033 | Depths:1 | Bought a potion of cancellation for 112 gold pieces
 66033 | Depths:1 | Bought a potion of curing for 42 gold pieces
 66082 | Depths:1 | Found Foecsuy's General Store.
 66086 | Depths:1 | Found a runed translucent gate.
 66086 | Depths:1 | Found a runed translucent gate.
 66087 | Depths:1 | Noticed Gall2222's ghost (adept DsBe)
 66090 | Depths:1 | Bought a potion of mutation for 152 gold pieces
 66090 | Depths:1 | Bought a scroll of identify for 38 gold pieces
 66090 | Depths:1 | Found a runed translucent gate.
 66124 | Depths:1 | Found Ethrec's Jewellery Emporium.
 66128 | Depths:1 | Found Udotaopn's Assorted Antiques.
 66194 | Depths:1 | Bought 2 potions of heal wounds for 320 gold pieces
 66194 | Depths:1 | Bought a scroll of identify for 64 gold pieces
 66763 | Depths:1 | Found a gateway to Hell.
 66935 | Depths:1 | Found Ytaetont's Magic Scroll Boutique.
 66941 | Depths:1 | Bought a scroll of acquirement for 936 gold pieces
 66941 | Depths:1 | Bought a scroll of blinking for 135 gold pieces
 66941 | Depths:1 | Bought a scroll of magic mapping for 63 gold pieces
 66941 | Depths:1 | Bought a scroll of enchant weapon for 135 gold pieces
 66941 | Depths:1 | Bought a scroll of enchant armour for 135 gold pieces
 66941 | Depths:1 | Bought a scroll of identify for 36 gold pieces
 66941 | Depths:1 | Bought a scroll of teleportation for 54 gold pieces
 66944 | Depths:1 | Identified the amulet "Paev" {Gourm SInv} (You acquired it
                  | on level 1 of the Depths)
 66944 | Depths:1 | Identified the +2 eveningstar "Fazaz" {drain, rC- Str+3
                  | Int+2} (You acquired it on level 1 of the Depths)
 66959 | Depths:1 | Found a runed translucent gate.
 66959 | Depths:1 | Found a runed translucent gate.
 66959 | Depths:1 | Found a runed translucent gate.
 67243 | Depths:1 | Killed Gall2222's ghost
 67248 | Depths:1 | Reached skill level 15 in Spellcasting
 67563 | Depths:2 | Noticed Mara
 67571 | Depths:2 | Killed Mara
 67917 | Depths:2 | Reached XP level 26. HP: 162/162 MP: 39/42
 67924 | Depths:2 | Reached skill level 15 in Dodging
 68061 | Depths:2 | Identified the Almanac of the Unstoppable Wars
 68103 | Depths:2 | Got a shimmering sapphire amulet
 68105 | Depths:2 | Identified the amulet "Gesoirgh" {Gourm Dex+4 SInv Stlth+}
                  | (You found it on level 2 of the Depths)
 68326 | Depths:2 | Found a viscous altar of Jiyva.
 68330 | Depths:2 | Reached skill level 15 in Maces & Flails
 69165 | Depths:3 | Found a one-way gate to the infinite horrors of the Abyss.
 69424 | Depths:3 | Found a runed translucent door.
 69674 | Depths:3 | Noticed a juggernaut
 69681 | Depths:3 | Reached XP level 27. HP: 135/170 MP: 26/42
 69682 | Depths:3 | Killed a juggernaut
 70414 | Depths:3 | Found a one-way gate leading to the halls of Pandemonium.
 70631 | Depths:3 | Learned a level 9 spell: Fire Storm
 71202 | Depths:4 | Found a gateway to a ziggurat.
 71202 | Depths:4 | Noticed Margery
 71206 | Depths:4 | Killed Margery
 71478 | Depths:4 | Noticed Jory
 71485 | Depths:4 | Killed Jory
 71616 | Depths:4 | You are sucked into a shaft and drop 1 floor!
 71616 | Depths:5 | Entered Level 5 of the Depths
 71618 | Depths:5 | Noticed a juggernaut
 72345 | Depths:4 | Noticed Xtahua
 72355 | Depths:4 | Killed Xtahua
 73472 | Depths:5 | Killed a juggernaut
 74737 | Depths:5 | Found a gate to the Realm of Zot.
 75371 | Slime:1  | Entered Level 1 of the Pits of Slime
 77311 | Slime:5  | Entered Level 5 of the Pits of Slime
 77650 | Slime:5  | Noticed the Royal Jelly
 77655 | Slime:5  | Killed the Royal Jelly
 78047 | Slime:5  | Identified the Catalogue of Ignition
 78113 | Slime:5  | Found the +10 tower shield of Ignorance {rN+ Int-4}
 78129 | Slime:5  | Identified the +7 great mace of Tuxisada {freeze, rC+} (You
                  | found it on level 5 of the Pits of Slime)
 78191 | Slime:5  | Got a slimy rune of Zot
 78672 | Depths:4 | Learned a level 8 spell: Necromutation
 78675 | Zig:1    | Entered Level 1 of a ziggurat
 78696 | Zig:2    | Entered Level 2 of a ziggurat
 78699 | Zig:2    | Noticed Hogutro the pandemonium lord
 78702 | Zig:2    | Reached skill level 1 in Transmutations
 78715 | Zig:2    | Killed Hogutro the pandemonium lord
 78861 | Zig:3    | Entered Level 3 of a ziggurat
 78947 | Zig:4    | Entered Level 4 of a ziggurat
 78951 | Zig:4    | Reached skill level 1 in Necromancy
 79064 | Zig:5    | Entered Level 5 of a ziggurat
 79110 | Zig:6    | Entered Level 6 of a ziggurat
 79241 | Zig:6    | Identified the Disquisition on Intoxication and Clay
 79251 | Zig:7    | Entered Level 7 of a ziggurat
 79258 | Zig:7    | Noticed a juggernaut
 79261 | Zig:7    | Killed a juggernaut
 79366 | Zig:8    | Entered Level 8 of a ziggurat
 79377 | Zig:8    | Noticed a juggernaut
 79379 | Zig:8    | Killed a juggernaut
 79379 | Zig:8    | Reached skill level 5 in Necromancy
 79518 | Zig:9    | Entered Level 9 of a ziggurat
 79639 | Zig:10   | Entered Level 10 of a ziggurat
 79644 | Zig:10   | Noticed Atuxzia Xoyxt the pandemonium lord
 79682 | Zig:10   | Cast into level 5 of the Abyss (Atuxzia Xoyxt)
 79682 | Abyss:5  | Entered Level 5 of the Abyss
 79823 | Abyss:5  | Found a transporter.
 79835 | Abyss:5  | Got an abyssal rune of Zot
 79843 | Abyss:5  | Found a transporter.
 79896 | Zig:10   | Escaped the Abyss
 79935 | Zig:10   | Cast into level 3 of the Abyss (Atuxzia Xoyxt)
 80355 | Zig:10   | Escaped the Abyss
 80393 | Zig:10   | Killed Atuxzia Xoyxt the pandemonium lord
 80647 | Zig:10   | Identified the +2 pair of boots "Bamacs" {+Blink MR+} (You
                  | found it on level 10 of a ziggurat)
 80672 | Zig:10   | Identified the amulet "Bumaos" {Spirit Int+7 Stlth+} (You
                  | acquired it on level 10 of a ziggurat)
 80680 | Zig:10   | Got a warped tin ring
 80681 | Zig:10   | Identified the ring of Hioseum {rCorr Str+2} (You found it
                  | on level 10 of a ziggurat)
 80696 | Zig:11   | Entered Level 11 of a ziggurat
 80710 | Zig:11   | Reached skill level 5 in Transmutations
 80748 | Zig:12   | Entered Level 12 of a ziggurat
 80854 | Zig:12   | Identified the +2 robe "Ybboopn" {rC+} (You found it on
                  | level 12 of a ziggurat)
 80876 | Zig:13   | Entered Level 13 of a ziggurat
 80886 | Zig:13   | Noticed an orb of fire
 80887 | Zig:13   | Noticed an orb of fire
 80889 | Zig:13   | Noticed an orb of fire
 80892 | Zig:13   | Identified the Disquisition on the Nocuous Frostbite
 80894 | Zig:14   | Entered Level 14 of a ziggurat
 80906 | Zig:14   | Learned a level 9 spell: Glaciate
 80914 | Zig:14   | Noticed a juggernaut
 80914 | Zig:14   | Noticed a juggernaut
 80920 | Zig:14   | Killed a juggernaut
 80920 | Zig:14   | Reached skill level 1 in Ice Magic
 80920 | Zig:14   | Killed a juggernaut
 80945 | Zig:14   | Found the +8 whip "Snakebite" {curare, rPois}
 81113 | Zig:15   | Entered Level 15 of a ziggurat
 81121 | Zig:15   | Noticed a greater mummy
 81121 | Zig:15   | Noticed a greater mummy
 81124 | Zig:15   | Noticed a greater mummy
 81126 | Zig:15   | Killed a greater mummy
 81127 | Zig:15   | Killed a greater mummy
 81127 | Zig:15   | Noticed a greater mummy
 81128 | Zig:15   | Killed a greater mummy
 81128 | Zig:15   | Noticed a greater mummy
 81130 | Zig:15   | Noticed a greater mummy
 81131 | Zig:15   | Killed a greater mummy
 81131 | Zig:15   | Killed a greater mummy
 81133 | Zig:15   | Killed a greater mummy
 81133 | Zig:15   | Noticed a greater mummy
 81167 | Zig:16   | Entered Level 16 of a ziggurat
 81192 | Zig:16   | Reached skill level 10 in Necromancy
 81192 | Zig:16   | Gained mutation: Your spells are a little easier to cast,
                  | but a little less powerful. [a shining eye]
 81421 | Zig:16   | Got a pitted diamond amulet
 81422 | Zig:16   | Identified the amulet of Intercession {Gourm *Contam rF+
                  | rC+ rN+} (You found it on level 16 of a ziggurat)
 81430 | Zig:16   | Identified Ykixetal's Disquisition on Dislocated
                  | Weightlessness
 81489 | Zig:17   | Entered Level 17 of a ziggurat
 81501 | Zig:17   | Noticed Baleubua the pandemonium lord
 81502 | Zig:17   | Noticed Qedi the pandemonium lord
 81503 | Zig:17   | Noticed Dodocogeki the pandemonium lord
 81504 | Zig:17   | Noticed Tuddoaw the pandemonium lord
 81505 | Zig:17   | Killed Qedi the pandemonium lord
 81509 | Zig:17   | Noticed Qabi Henk the pandemonium lord
 81511 | Zig:17   | Killed Dodocogeki the pandemonium lord
 81511 | Zig:17   | Reached skill level 5 in Ice Magic
 81512 | Zig:17   | Killed Baleubua the pandemonium lord
 81512 | Zig:17   | Noticed Leikk the pandemonium lord
 81516 | Zig:17   | Killed Tuddoaw the pandemonium lord
 81525 | Zig:17   | Noticed Orolodyg the pandemonium lord
 81527 | Zig:17   | Paralysed by a floating eye for 2 turns
 81531 | Zig:17   | Paralysed by a floating eye for 4 turns
 81548 | Zig:18   | Entered Level 18 of a ziggurat
 81570 | Zig:18   | Noticed an ancient lich
 81577 | Zig:19   | Entered Level 19 of a ziggurat
 81893 | Zig:19   | Found the ring of the Mage {Wiz MR++ Int+3}
 81928 | Zig:20   | Entered Level 20 of a ziggurat
 81944 | Zig:20   | Reached skill level 10 in Transmutations
 82099 | Zig:20   | Identified the +1 pair of gloves of Freedom {Regen+} (You
                  | found it on level 20 of a ziggurat)
 82119 | Zig:20   | Identified the ring "Kiogruup" {*Contam rN+ MP+9 Str+7
                  | Dex+2} (You found it on level 20 of a ziggurat)
 82123 | Zig:20   | Identified the ring of Vuribb {rC+ MP+9 Slay+5 Stlth+} (You
                  | acquired it on level 20 of a ziggurat)
 82170 | Zig:21   | Entered Level 21 of a ziggurat
 82179 | Zig:21   | Noticed an ancient lich
 82180 | Zig:21   | Noticed an ancient lich
 82182 | Zig:21   | Killed an ancient lich
 82182 | Zig:21   | Killed an ancient lich
 82187 | Zig:21   | Noticed an ancient lich
 82192 | Zig:21   | Killed an ancient lich
 82205 | Zig:21   | Found the amulet of the Four Winds {rN+ MR+++ Clar}
 82253 | Zig:21   | Identified the Grimoire of Freezing Creation
 82267 | Zig:22   | Entered Level 22 of a ziggurat
 82385 | Zig:22   | Reached skill level 10 in Ice Magic
 82497 | Zig:22   | Found the +4 skin of Zhor {Englaciate rC+++ SInv}
 82506 | Zig:22   | Got a sparkling golden ring
 82507 | Zig:22   | Identified the ring of Agyowof {rF- rC++ Dex+3} (You found
                  | it on level 22 of a ziggurat)
 82509 | Zig:22   | Identified Spellweaving Continued
 82533 | Zig:22   | Identified Noczek's Collected Works on the Entourage and
                  | Flight
 82536 | Zig:22   | Identified the ring "Voittuta" {*Corrode rN+ MR+ SInv} (You
                  | acquired it on level 22 of a ziggurat)
 82536 | Zig:22   | Identified the -3 buckler of Entitlement {*Drain MR+ Dex+2}
                  | (You acquired it on level 22 of a ziggurat)
 82560 | Zig:23   | Entered Level 23 of a ziggurat
 82674 | Zig:23   | Got a warped amber ring
 82675 | Zig:23   | Identified the ring of Ogiwk {rC+ Int+2} (You found it on
                  | level 23 of a ziggurat)
 82678 | Zig:23   | Got a transparent diamond amulet
 82679 | Zig:23   | Identified the amulet "Hysoep" {Faith Str+3 Stlth-} (You
                  | found it on level 23 of a ziggurat)
 82688 | Zig:23   | Got a shimmering copper ring
 82689 | Zig:23   | Identified the ring "Mafer" {+Fly rC+ Dex+2 Stlth+} (You
                  | found it on level 23 of a ziggurat)
 82702 | Zig:24   | Entered Level 24 of a ziggurat
 82711 | Zig:24   | Noticed Fanom the pandemonium lord
 82712 | Zig:24   | Noticed Etamib the pandemonium lord
 82712 | Zig:24   | Noticed Baiq the pandemonium lord
 82713 | Zig:24   | Noticed Ceniym the pandemonium lord
 82714 | Zig:24   | Killed Ceniym the pandemonium lord
 82714 | Zig:24   | Noticed Zovizx Karph the pandemonium lord
 82715 | Zig:24   | Killed Fanom the pandemonium lord
 82716 | Zig:24   | Noticed Udwem the pandemonium lord
 82716 | Zig:24   | Noticed Ujed the pandemonium lord
 82716 | Zig:24   | Noticed Yvagh the pandemonium lord
 82716 | Zig:24   | Noticed Seoz the pandemonium lord
 82716 | Zig:24   | Noticed Sarit the pandemonium lord
 82716 | Zig:24   | Noticed Betadwun the pandemonium lord
 82716 | Zig:24   | Noticed Raagule the pandemonium lord
 82716 | Zig:24   | Noticed Fuxtar the pandemonium lord
 82716 | Zig:24   | Noticed Urchy the pandemonium lord
 82716 | Zig:24   | Noticed Huseycvui the pandemonium lord
 82717 | Zig:24   | Killed Baiq the pandemonium lord
 82717 | Zig:24   | Killed Urchy the pandemonium lord
 82718 | Zig:24   | Noticed Largh the pandemonium lord
 82719 | Zig:24   | Killed Yvagh the pandemonium lord
 82720 | Zig:24   | Killed Sarit the pandemonium lord
 82720 | Zig:24   | Killed Ujed the pandemonium lord
 82720 | Zig:24   | Killed Zovizx Karph the pandemonium lord
 82721 | Zig:24   | Killed Fuxtar the pandemonium lord
 82721 | Zig:24   | Killed Betadwun the pandemonium lord
 82723 | Zig:24   | Killed Huseycvui the pandemonium lord
 82725 | Zig:24   | Killed Seoz the pandemonium lord
 82731 | Zig:24   | Killed Udwem the pandemonium lord
 82731 | Zig:24   | Killed Etamib the pandemonium lord
 82733 | Zig:24   | Killed Raagule the pandemonium lord
 82734 | Zig:24   | Killed Largh the pandemonium lord
 82757 | Zig:24   | Found the +8 mithril axe "Arga" {speed, MR+}
 82931 | Zig:24   | Got a translucent glass ring
 82932 | Zig:24   | Identified the ring "Qudam" {*Contam rElec rPois rF++ MP+9
                  | Str-2} (You found it on level 24 of a ziggurat)
 82952 | Zig:24   | Identified the Volume of Gliding Ignition
 82955 | Zig:24   | Identified the +2 pair of gloves of the First Blessings
                  | {rC+} (You found it on level 24 of a ziggurat)
 82961 | Zig:25   | Entered Level 25 of a ziggurat
 83055 | Zig:25   | Identified the Guide on Damaging Shape Shifting
 83068 | Zig:25   | Got a bound ivory ring
 83069 | Zig:25   | Identified the ring "Pocabb" {Ice Int+4} (You found it on
                  | level 25 of a ziggurat)
 83073 | Zig:25   | Identified the Guide on Enthralling Changing
 83087 | Zig:26   | Entered Level 26 of a ziggurat
 83096 | Zig:26   | Noticed an orb of fire
 83097 | Zig:26   | Noticed an orb of fire
 83104 | Zig:26   | Gained mutation: Armour fits poorly on your strangely
                  | shaped body. [an orb of fire]
 83104 | Zig:26   | Gained mutation: You occasionally shout uncontrollably at
                  | your foes. [an orb of fire]
 83105 | Zig:26   | Gained mutation: Your magical capacity is low. (-10% MP)
                  | [an orb of fire]
 83105 | Zig:26   | Noticed an orb of fire
 83112 | Zig:26   | Killed an orb of fire
 83117 | Zig:26   | Noticed an orb of fire
 83117 | Zig:26   | Noticed an orb of fire
 83117 | Zig:26   | Gained mutation: Your magical capacity is very low. (-20%
                  | MP) [an orb of fire]
 83118 | Zig:26   | Noticed an orb of fire
 83120 | Zig:26   | Killed an orb of fire
 83120 | Zig:26   | Noticed an orb of fire
 83120 | Zig:26   | Noticed an orb of fire
 83121 | Zig:26   | Killed an orb of fire
 83121 | Zig:26   | Noticed an orb of fire
 83122 | Zig:26   | Noticed an orb of fire
 83123 | Zig:26   | Noticed an orb of fire
 83123 | Zig:26   | Gained mutation: Your spells are easier to cast, but less
                  | powerful. [an orb of fire]
 83123 | Zig:26   | Gained mutation: You are weak. (Str -2) [an orb of fire]
 83125 | Zig:26   | Killed an orb of fire
 83127 | Zig:26   | Noticed an orb of fire
 83128 | Zig:26   | Identified the Collected Works on Transformation
 83128 | Zig:26   | Noticed an orb of fire
 83131 | Zig:27   | Entered Level 27 of a ziggurat
 83150 | Zig:27   | Reached skill level 15 in Necromancy
 83323 | Zig:27   | Found the +2 Maxwell's thermic engine {flame, freeze}
 83349 | Zig:27   | Got a wavering jade ring
 83350 | Zig:27   | Identified the ring "Suibosu" {rF+ Str+3 Dex+2} (You found
                  | it on level 27 of a ziggurat)
 83374 | Zig:27   | Identified the Volume of Spores
 83472 | D:15     | Lost mutation: You are weak. (Str -2) [potion of mutation]
 83472 | D:15     | Lost mutation: You occasionally shout uncontrollably at
                  | your foes. [potion of mutation]
 83472 | D:15     | Lost mutation: Your spells are easier to cast, but less
                  | powerful. [potion of mutation]
 83472 | D:15     | Lost mutation: You have large cloven feet. [potion of
                  | mutation]
 83472 | D:15     | Gained mutation: You are somewhat resistant to further
                  | mutation. [potion of mutation]
 83472 | D:15     | Gained mutation: You passively map a small area around you.
                  | [potion of mutation]
 83473 | D:15     | Lost mutation: Your spells are a little easier to cast, but
                  | a little less powerful. [potion of mutation]
 83473 | D:15     | Lost mutation: Your magical capacity is very low. (-20% MP)
                  | [potion of mutation]
 83473 | D:15     | Lost mutation: Armour fits poorly on your strangely shaped
                  | body. [potion of mutation]
 83473 | D:15     | Gained mutation: Your flesh is heat resistant. (rF+)
                  | [potion of mutation]
 83473 | D:15     | Gained mutation: Your mind is acute. (Int +2) [potion of
                  | mutation]
 83491 | Zig:1    | Entered Level 1 of a ziggurat
 83503 | Zig:2    | Entered Level 2 of a ziggurat
 83717 | Zig:3    | Entered Level 3 of a ziggurat
 83849 | Zig:4    | Entered Level 4 of a ziggurat
 83902 | Zig:4    | Identified the +9 morningstar of Purpose {freeze, +Rage
                  | rPois MR++ Dex-3} (You acquired it on level 4 of a
                  | ziggurat)
 83902 | Zig:4    | Identified the amulet "Ase Beo" {Reflect *Corrode rPois rF+
                  | SH+4} (You acquired it on level 4 of a ziggurat)
 83921 | Zig:5    | Entered Level 5 of a ziggurat
 83942 | Zig:5    | Got a warped sapphire amulet
 83943 | Zig:5    | Identified the amulet "Domm" {RegenMP rElec} (You found it
                  | on level 5 of a ziggurat)
 83952 | Zig:5    | Identified the +2 great mace of the Morning {venom, rF-
                  | rN+++ MR- Int+8} (You acquired it on level 5 of a ziggurat)
 83976 | Zig:6    | Entered Level 6 of a ziggurat
 84025 | Zig:6    | Identified Semid's Reference Book on Feathers and
                  | Protection
 84031 | Zig:7    | Entered Level 7 of a ziggurat
 84038 | Zig:7    | Reached skill level 15 in Ice Magic
 84115 | Zig:8    | Entered Level 8 of a ziggurat
 84221 | Zig:8    | Got a translucent jade ring
 84222 | Zig:8    | Identified the ring of Rasel {+Fly Dex+4} (You found it on
                  | level 8 of a ziggurat)
 84233 | Zig:9    | Entered Level 9 of a ziggurat
 84239 | Zig:9    | Noticed Hemu the pandemonium lord
 84241 | Zig:9    | Noticed Edaf the pandemonium lord
 84244 | Zig:9    | Found the +9 staff of Olgreb {rPois∞}
 84244 | Zig:9    | Killed Hemu the pandemonium lord
 84245 | Zig:9    | Killed Edaf the pandemonium lord
 84284 | Zig:9    | Identified the Handbook of the Arsonist
 84304 | Zig:10   | Entered Level 10 of a ziggurat
 84467 | Zig:10   | Got a steaming marble ring
 84468 | Zig:10   | Identified the ring "Vicuky Kech" {*Corrode rPois MR+
                  | Stlth-} (You found it on level 10 of a ziggurat)
 84478 | Zig:10   | Identified the Tome of Spatial Combat Magic
 84495 | Zig:10   | Identified the Guide on Weightlessness and Transmigration
 84500 | Zig:11   | Entered Level 11 of a ziggurat
 84509 | Zig:11   | Found the macabre finger necklace {rN+}
 84511 | Zig:11   | Found the +12 glaive of Prune {vorpal}
 84632 | Zig:12   | Entered Level 12 of a ziggurat
 84758 | Zig:12   | Got a bound lead amulet
 84759 | Zig:12   | Identified the amulet of Daffodils {Inacc rC+} (You found
                  | it on level 12 of a ziggurat)
 84776 | Zig:13   | Entered Level 13 of a ziggurat
 84785 | Zig:13   | Noticed Nuac the pandemonium lord
 84785 | Zig:13   | Noticed Gijexo Mare the pandemonium lord
 84785 | Zig:13   | Noticed Vafehiq the pandemonium lord
 84786 | Zig:13   | Noticed Puzepac the pandemonium lord
 84786 | Zig:13   | Noticed Qimudizouv the pandemonium lord
 84788 | Zig:13   | Noticed Gonoygg the pandemonium lord
 84788 | Zig:13   | Noticed Redghilua the pandemonium lord
 84789 | Zig:13   | Noticed Ummaidy the pandemonium lord
 84793 | Zig:13   | Killed Gonoygg the pandemonium lord
 84794 | Zig:13   | Killed Nuac the pandemonium lord
 84796 | Zig:13   | Killed Puzepac the pandemonium lord
 84798 | Zig:13   | Noticed Kaskiol the pandemonium lord
 84798 | Zig:13   | Noticed Feusoid the pandemonium lord
 84799 | Zig:13   | Killed Qimudizouv the pandemonium lord
 84799 | Zig:13   | Killed Vafehiq the pandemonium lord
 84801 | Zig:13   | Killed Gijexo Mare the pandemonium lord
 84803 | Zig:13   | Killed Redghilua the pandemonium lord
 84805 | Zig:13   | Killed Kaskiol the pandemonium lord
 84807 | Zig:13   | Killed Feusoid the pandemonium lord
 84813 | Zig:13   | Killed Ummaidy the pandemonium lord
 85113 | Zig:13   | Got a bound pewter ring
 85114 | Zig:13   | Identified the ring of Tawotz {Ice rElec} (You found it on
                  | level 13 of a ziggurat)
 85144 | Zig:14   | Entered Level 14 of a ziggurat
 85314 | Zig:15   | Entered Level 15 of a ziggurat
 85326 | Zig:15   | Noticed an orb of fire
 85327 | Zig:15   | Noticed an orb of fire
 85327 | Zig:15   | Noticed an orb of fire
 85329 | Zig:15   | Noticed an orb of fire
 85331 | Zig:15   | Noticed an orb of fire
 85333 | Zig:15   | Noticed an orb of fire
 85333 | Zig:15   | Killed an orb of fire
 85336 | Zig:15   | Killed an orb of fire
 85336 | Zig:15   | Killed an orb of fire
 85336 | Zig:15   | Killed an orb of fire
 85337 | Zig:15   | Killed an orb of fire
 85339 | Zig:15   | Killed an orb of fire
 85362 | Zig:15   | Found the -2 hat of the Alchemist {rElec rPois rF+ rC+ rN+
                  | MR+ rMut rCorr}
 85383 | Zig:15   | Identified Icaon's Reference Book on Transformation and
                  | Envenoming
 85397 | Zig:15   | Got a flickering pewter ring
 85398 | Zig:15   | Identified the ring "Sefurhu" {Wiz Str+3 Slay+2} (You found
                  | it on level 15 of a ziggurat)
 85409 | Zig:16   | Entered Level 16 of a ziggurat
 85416 | Zig:16   | Noticed Wiont the pandemonium lord
 85420 | Zig:16   | Noticed Voofaus the pandemonium lord
 85420 | Zig:16   | Noticed Setwoc the pandemonium lord
 85420 | Zig:16   | Noticed Waefe the pandemonium lord
 85420 | Zig:16   | Noticed Yguociop the pandemonium lord
 85420 | Zig:16   | Noticed Fiugunoa the pandemonium lord
 85420 | Zig:16   | Noticed Haolim the pandemonium lord
 85420 | Zig:16   | Noticed Sivewkeq the pandemonium lord
 85420 | Zig:16   | Noticed Beorud the pandemonium lord
 85423 | Zig:16   | Killed Voofaus the pandemonium lord
 85423 | Zig:16   | Killed Sivewkeq the pandemonium lord
 85427 | Zig:16   | Killed Wiont the pandemonium lord
 85427 | Zig:16   | Killed Waefe the pandemonium lord
 85429 | Zig:16   | Killed Beorud the pandemonium lord
 85429 | Zig:16   | Reached skill level 27 in Conjurations
 85429 | Zig:16   | Killed Setwoc the pandemonium lord
 85430 | Zig:16   | Killed Yguociop the pandemonium lord
 85445 | Zig:16   | Killed Fiugunoa the pandemonium lord
 85446 | Zig:16   | Killed Haolim the pandemonium lord
 85580 | Zig:16   | Identified the +0 hat "Ejaidibb" {rCorr Dex+4} (You
                  | acquired it on level 16 of a ziggurat)
 85610 | Zig:16   | Got a shimmering wooden ring
 85611 | Zig:16   | Identified the ring "Leudwuel" {rElec rCorr} (You found it
                  | on level 16 of a ziggurat)
 85621 | Zig:17   | Entered Level 17 of a ziggurat
 85636 | Zig:17   | Noticed Gupseing the pandemonium lord
 85636 | Zig:17   | Noticed Ippesmir the pandemonium lord
 85636 | Zig:17   | Noticed Haupsav the pandemonium lord
 85637 | Zig:17   | Noticed Estreuzo the pandemonium lord
 85637 | Zig:17   | Noticed Reret the pandemonium lord
 85637 | Zig:17   | Noticed Cuat the pandemonium lord
 85638 | Zig:17   | Killed Gupseing the pandemonium lord
 85639 | Zig:17   | Noticed Pimuop the pandemonium lord
 85639 | Zig:17   | Noticed Oves the pandemonium lord
 85641 | Zig:17   | Killed Oves the pandemonium lord
 85642 | Zig:17   | Killed Estreuzo the pandemonium lord
 85643 | Zig:17   | Killed Haupsav the pandemonium lord
 85655 | Zig:17   | Killed Reret the pandemonium lord
 85657 | Zig:17   | Killed Ippesmir the pandemonium lord
 85657 | Zig:17   | Killed Cuat the pandemonium lord
 85663 | Zig:17   | Killed Pimuop the pandemonium lord
 85789 | Zig:17   | Got a transparent jade ring
 85808 | Zig:18   | Entered Level 18 of a ziggurat
 85820 | Zig:18   | Reached skill level 27 in Fighting
 85900 | Zig:18   | Identified the Incunabulum of Enhancements and
                  | Transformation
 85966 | Zig:19   | Entered Level 19 of a ziggurat
 86171 | Zig:19   | Found the ring of Shadows {Umbra +Inv Stlth+}
 86178 | Zig:19   | Identified the ring of Piacuclar {*Tele rF+ Str+4} (You
                  | found it on level 17 of a ziggurat)
 86180 | Zig:19   | Identified the +6 demon whip of Calamity {vamp, +Rage
                  | rPois} (You found it on level 19 of a ziggurat)
 86199 | Zig:20   | Entered Level 20 of a ziggurat
 86214 | Zig:20   | Reached skill level 27 in Spellcasting
 86366 | Zig:20   | Identified the cursed +0 pair of boots of the Cicada {rPois
                  | rN+ rCorr Dex-4} (You found it on level 20 of a ziggurat)
 86370 | Zig:20   | Identified the Reference Book on the Blaze
 86377 | Zig:20   | Identified Sif Muna's Tome of the Warped Frostbite
 86380 | Zig:20   | Got a slimy lead amulet
 86381 | Zig:20   | Identified the amulet "Cetomid" {RegenMP Fragile rPois rF-
                  | Slay+5} (You found it on level 20 of a ziggurat)
 86387 | Zig:21   | Entered Level 21 of a ziggurat
 86427 | Zig:21   | Found the +8 longbow "Zephyr" {speed, Dex+3 SInv}
 86435 | Zig:21   | Got a brightly glowing glass ring
 86436 | Zig:21   | Identified the ring "Zirhuteg" {rPois SInv Stlth+} (You
                  | found it on level 21 of a ziggurat)
 86441 | Zig:21   | Got a crude granite ring
 86442 | Zig:21   | Identified the ring "Ozujig" {rN+ AC+6 Dex-4 SInv} (You
                  | found it on level 21 of a ziggurat)
 86473 | Zig:22   | Entered Level 22 of a ziggurat
 86643 | Zig:22   | Found the +6 Majin-Bo {vamp, Archmagi MP+6 Int+6}
 86668 | Zig:22   | Identified Jamey's Grimoire of Shape Shifting and
                  | Contamination
 86697 | Zig:22   | Identified Vutoizug's Almanac of Enthralling Companions
 86708 | Zig:22   | Identified the Catalogue of the Frostbite and Changing
 86714 | Zig:22   | Identified the +1 pair of gloves of Eternal Night {Int+2}
                  | (You found it on level 22 of a ziggurat)
 86718 | Zig:23   | Entered Level 23 of a ziggurat
 86748 | Zig:23   | Reached skill level 27 in Fire Magic
 86913 | Zig:23   | Got a brightly glowing platinum ring
 86914 | Zig:23   | Identified the ring "Xutuisk" {rF+ Str+2} (You found it on
                  | level 23 of a ziggurat)
 86924 | Zig:24   | Entered Level 24 of a ziggurat
 86934 | Zig:24   | Learned a level 8 spell: Death's Door
 86950 | Zig:24   | Reached skill level 1 in Charms
 87112 | Zig:24   | Identified the +4 tower shield of Ismyrudi {+Blink Dex+4}
                  | (You found it on level 24 of a ziggurat)
 87139 | Zig:25   | Entered Level 25 of a ziggurat
 87196 | Zig:25   | Reached skill level 5 in Charms
 87400 | Zig:25   | Found the +6 arbalest "Damnation" {damnation}
 87401 | Zig:25   | Found the amulet of Vitality {Regen+ HP+15}
 87422 | Zig:25   | Got a transparent iron amulet
 87423 | Zig:25   | Identified the amulet of Yendor {RegenMP rN++ Int-4} (You
                  | found it on level 25 of a ziggurat)
 87527 | Zig:26   | Entered Level 26 of a ziggurat
 87621 | Zig:26   | Got a faintly glowing golden ring
 87622 | Zig:26   | Identified the ring of Foikhela {Ice -Tele rElec Str+4
                  | Slay+3} (You found it on level 26 of a ziggurat)
 87660 | Zig:27   | Entered Level 27 of a ziggurat
 87890 | Zig:27   | Found the cursed +14 obsidian axe {vorpal, +Fly SInv
                  | *Curse}
 87905 | Zig:27   | Identified the Reference Book on Gliding Dark Arts
 87917 | Zig:27   | Identified the Tome of the Birds
 87977 | Zig:1    | Entered Level 1 of a ziggurat
 87977 | Zig:1    | Noticed an ancient lich
 87979 | Zig:1    | Killed an ancient lich
 87999 | Zig:2    | Entered Level 2 of a ziggurat
 88044 | Zig:3    | Entered Level 3 of a ziggurat
 88050 | Zig:3    | Reached skill level 10 in Charms
 88082 | Zig:3    | Learned a level 9 spell: Tornado
 88083 | Zig:4    | Entered Level 4 of a ziggurat
 88088 | Zig:4    | Reached skill level 1 in Air Magic
 88105 | Zig:4    | Identified the +8 dire flail "Newtbane" {flame, rPois rN+}
                  | (You found it on level 4 of a ziggurat)
 88121 | Zig:5    | Entered Level 5 of a ziggurat
 88127 | Zig:5    | Reached skill level 5 in Air Magic
 88183 | Zig:6    | Entered Level 6 of a ziggurat
 88211 | Zig:6    | Identified the cursed +0 helmet of Gysoxkok {-Cast rElec
                  | rCorr Dex+3} (You found it on level 6 of a ziggurat)
 88220 | Zig:6    | Got a wavering ruby amulet
 88221 | Zig:6    | Identified the amulet "Lasuem" {rElec rN++ Regen+ MP+9
                  | Dex+4} (You found it on level 6 of a ziggurat)
 88227 | Zig:6    | Identified the Guide on Weightlessness and the Arsonist
 88232 | Zig:7    | Entered Level 7 of a ziggurat
 88269 | Zig:7    | Got a warped sapphire amulet
 88270 | Zig:7    | Identified the amulet of Boenuosa {Harm *Drain +Blink rF-
                  | Dex+7} (You found it on level 7 of a ziggurat)
 88279 | Zig:7    | Identified the Reference Book on Fetching Heat
 88287 | Zig:8    | Entered Level 8 of a ziggurat
 88297 | Zig:8    | Found the +8 Wrath of Trog {antimagic, *Rage}
 88297 | Zig:8    | Reached skill level 10 in Air Magic
 88319 | Zig:9    | Entered Level 9 of a ziggurat
 88400 | Zig:9    | Identified the +2 helmet "Kydolath" {rPois} (You found it
                  | on level 9 of a ziggurat)
 88406 | Zig:9    | Identified Usiviuv's Tome of Lightness and Battle Magic
 88413 | Zig:10   | Entered Level 10 of a ziggurat
 88447 | Zig:10   | Got a glittering pewter amulet
 88448 | Zig:10   | Identified the amulet of Gipedd {Spirit MR+++} (You found
                  | it on level 10 of a ziggurat)
 88467 | Zig:11   | Entered Level 11 of a ziggurat
 88519 | Zig:11   | Got a warped amber ring
 88520 | Zig:11   | Identified the ring "Oronn" {rC+ Str+8} (You found it on
                  | level 11 of a ziggurat)
 88523 | Zig:11   | Identified the cursed +0 pair of gloves of the Slightly
                  | Bent {-Cast rN+ Str+2} (You found it on level 11 of a
                  | ziggurat)
 88547 | Zig:12   | Entered Level 12 of a ziggurat
 88556 | Zig:12   | Noticed a juggernaut
 88559 | Zig:12   | Killed a juggernaut
 88606 | Zig:12   | Identified the +0 buckler of the Sea {+Blink rPois rC+}
                  | (You found it on level 12 of a ziggurat)
 88616 | Zig:12   | Identified the Reference Book on Flight and Envenoming
 88624 | Zig:13   | Entered Level 13 of a ziggurat
 88632 | Zig:13   | Noticed an ancient lich
 88632 | Zig:13   | Noticed an ancient lich
 88633 | Zig:13   | Found the +2 cloak of the Thief {+Fog Slay-2 SInv Stlth+}
 88635 | Zig:13   | Killed an ancient lich
 88636 | Zig:13   | Killed an ancient lich
 88762 | Zig:14   | Entered Level 14 of a ziggurat
 88779 | Zig:14   | Reached skill level 15 in Air Magic
 88801 | Zig:14   | Found the ring of Phasing {EV+8}
 88849 | Zig:14   | Identified the Disquisition on Good Luck and the Traveller
 88874 | Zig:15   | Entered Level 15 of a ziggurat
 88891 | Zig:15   | Found the +4 Cigotuvi's embrace {rRot *Drain rN+}
 88964 | Zig:15   | Identified the Tome of Shape Shifting
 88968 | Zig:15   | Got a transparent granite ring
 88969 | Zig:15   | Identified the ring of Jimnunk {-Tele +Inv MP+9 Int+5
                  | Dex-4} (You found it on level 15 of a ziggurat)
 88977 | Zig:15   | Got a clouded glass ring
 88978 | Zig:15   | Identified the ring "Tiuj" {*Tele rN+} (You found it on
                  | level 15 of a ziggurat)
 88984 | Zig:15   | Got a brightly glowing golden ring
 88985 | Zig:15   | Identified the ring of Immorality {rC- EV+3 Dex+5 Slay+5}
                  | (You found it on level 15 of a ziggurat)
 88991 | Zig:15   | Got a glittering iron ring
 89013 | Zig:16   | Entered Level 16 of a ziggurat
 89034 | Zig:16   | Reached skill level 27 in Earth Magic
 89205 | Zig:16   | Identified Wathrij's Volume of Harmful Transformation
 89234 | Zig:16   | Identified the ring "Otorem" {*Slow +Fly rC+++ rN+ Dex-5}
                  | (You found it on level 15 of a ziggurat)
 89240 | Zig:17   | Entered Level 17 of a ziggurat
 89373 | Zig:17   | Got a shimmering sapphire amulet
 89374 | Zig:17   | Identified the amulet of Engexom {RegenMP Dex+3 SInv} (You
                  | found it on level 17 of a ziggurat)
 89377 | Zig:17   | Got a smoking bronze ring
 89386 | Zig:17   | Identified the amulet of Roisah {Reflect rF+ SH+6} (You
                  | acquired it on level 17 of a ziggurat)
 89398 | Zig:18   | Entered Level 18 of a ziggurat
 89406 | Zig:18   | Noticed an orb of fire
 89412 | Zig:18   | Noticed an orb of fire
 89413 | Zig:18   | Killed an orb of fire
 89414 | Zig:18   | Noticed an orb of fire
 89416 | Zig:18   | Noticed an orb of fire
 89417 | Zig:18   | Noticed an orb of fire
 89418 | Zig:18   | Noticed an orb of fire
 89419 | Zig:18   | Killed an orb of fire
 89419 | Zig:18   | Killed an orb of fire
 89420 | Zig:18   | Noticed an orb of fire
 89422 | Zig:18   | Killed an orb of fire
 89423 | Zig:18   | Killed an orb of fire
 89423 | Zig:18   | Killed an orb of fire
 89424 | Zig:18   | Killed an orb of fire
 89426 | Zig:18   | Noticed an orb of fire
 89431 | Zig:18   | Killed an orb of fire
 89552 | Zig:18   | Identified the ring "Bubufug" {Fire MR+ Str+3 Stlth-} (You
                  | found it on level 17 of a ziggurat)
 89584 | Zig:19   | Entered Level 19 of a ziggurat
 89606 | Zig:19   | Reached skill level 27 in Ice Magic
 89836 | Zig:19   | Got a vibrating granite ring
 89837 | Zig:19   | Identified the ring "Quotoil" {+Blink rC+++ Str+5 Int-3
                  | Stlth+} (You found it on level 19 of a ziggurat)
 89845 | Zig:19   | Got a serpentine glass ring
 89847 | Zig:19   | Identified the ring of Reimbursement {rPois rC+ MR+ Dex+3}
                  | (You found it on level 19 of a ziggurat)
 89859 | Zig:19   | Identified the Disquisition on the Boosting Mountains
 89874 | Zig:20   | Entered Level 20 of a ziggurat
 89891 | Zig:20   | Found the ring of Robustness {AC+8}
 89946 | Zig:20   | Got a steaming sapphire amulet
 89974 | Zig:21   | Entered Level 21 of a ziggurat
 90166 | Zig:21   | Got a warped gossamer ring
 90175 | Zig:21   | Got a slimy tin ring
 90190 | Zig:21   | Identified the ring "Unuunaar" {rC+ rN++ Str+4 Int-5} (You
                  | found it on level 21 of a ziggurat)
 90210 | Zig:21   | Identified the Catalogue of Creation
 90217 | Zig:21   | Identified the ring of Untruth {-Tele *Slow rF+ Int+5
                  | Dex+9} (You found it on level 21 of a ziggurat)
 90227 | Zig:22   | Entered Level 22 of a ziggurat
 90385 | Zig:22   | Identified the Almanac of Boosting Shape Shifting
 90400 | Zig:22   | Got a pitted platinum amulet
 90406 | Zig:22   | Identified the amulet of Monuall {RegenMP rN+ MP+9} (You
                  | found it on level 22 of a ziggurat)
 90420 | Zig:23   | Entered Level 23 of a ziggurat
 90613 | Zig:23   | Identified the Collected Works on Translocation
 90623 | Zig:23   | Got an ancient granite ring
 90626 | Zig:23   | Identified the ring "Xaepnix" {+Inv MR- AC+5 Int+6} (You
                  | found it on level 23 of a ziggurat)
 90628 | Zig:23   | Identified the amulet of Zeck {Acrobat rF- rN+ MR++ Dex+2}
                  | (You found it on level 20 of a ziggurat)
 90637 | Zig:23   | Got a clouded marble ring
 90639 | Zig:23   | Got a crystal morningstar
 90640 | Zig:23   | Identified the +10 morningstar "Hiplipin" {drain, rN+
                  | Dex+4} (You found it on level 23 of a ziggurat)
 90648 | Zig:24   | Entered Level 24 of a ziggurat
 90664 | Zig:24   | Reached skill level 27 in Air Magic
 90669 | Zig:24   | Reached skill level 10 in Evocations
 90709 | Zig:24   | Paralysed by accursed screaming for 2 turns
 90750 | Zig:24   | Identified the ring of Geniawn {+Fly MP+9 Dex+8} (You found
                  | it on level 23 of a ziggurat)
 90763 | Zig:24   | Got a smoking amber ring
 90773 | Zig:25   | Entered Level 25 of a ziggurat
 90788 | Zig:25   | Noticed an ancient lich
 90790 | Zig:25   | Noticed an ancient lich
 90791 | Zig:25   | Reached skill level 15 in Evocations
 90791 | Zig:25   | Killed an ancient lich
 90791 | Zig:25   | Noticed an ancient lich
 90792 | Zig:25   | Killed an ancient lich
 90792 | Zig:25   | Noticed an ancient lich
 90792 | Zig:25   | Noticed an ancient lich
 90793 | Zig:25   | Noticed an ancient lich
 90794 | Zig:25   | Killed an ancient lich
 90795 | Zig:25   | Killed an ancient lich
 90795 | Zig:25   | Killed an ancient lich
 90797 | Zig:25   | Killed an ancient lich
 90829 | Zig:25   | Noticed an ancient lich
 90831 | Zig:25   | Killed an ancient lich
 90844 | Zig:25   | Killed an ancient lich
 90896 | Zig:25   | Noticed an ancient lich
 90917 | Zig:25   | Killed an ancient lich
 90923 | Zig:25   | HP: 8/199 [burnt (2)]
 91160 | Zig:25   | Found the cursed necklace of Bloodlust {*Rage +Rage MR++
                  | Int-3 Slay+6 *Curse}
 91170 | Zig:25   | Got a twitching iron ring
 91182 | Zig:25   | Identified the Grimoire of Battle Magic and the Arsonist
 91195 | Zig:25   | Identified Sif Muna's Grimoire of Aid and Bewitchment
 91222 | Zig:25   | Got a sparkling copper ring
 91236 | Zig:25   | Identified the ring of Gonyoge {+Inv rPois MR+ Str-2
                  | Slay+3} (You found it on level 25 of a ziggurat)
 91238 | Zig:25   | Identified the ring of Gozag's Reproof {MR+++ Int+3 Dex-2
                  | SInv} (You found it on level 24 of a ziggurat)
 91240 | Zig:25   | Identified the ring "Losyro" {MR+ MP+9 Str-3 Int+4 SInv}
                  | (You found it on level 25 of a ziggurat)
 91243 | Zig:25   | Identified the Guide on Lethal Heat
 91248 | Zig:25   | Got a brightly glowing tin amulet
 91253 | Zig:26   | Entered Level 26 of a ziggurat
 91272 | Zig:26   | Noticed a juggernaut
 91274 | Zig:26   | Noticed a juggernaut
 91278 | Zig:26   | Killed a juggernaut
 91279 | Zig:26   | Killed a juggernaut
 91279 | Zig:26   | Noticed a juggernaut
 91279 | Zig:26   | Noticed a juggernaut
 91281 | Zig:26   | Noticed a juggernaut
 91283 | Zig:26   | Noticed a juggernaut
 91284 | Zig:26   | Killed a juggernaut
 91284 | Zig:26   | Killed a juggernaut
 91286 | Zig:26   | Killed a juggernaut
 91289 | Zig:26   | Killed a juggernaut
 91465 | Zig:26   | Found the +11 plutonium sword {*Contam Stlth-}
 91521 | Zig:26   | Identified Qyute's Papyrus of Stones and Unholy Arts
 91528 | Zig:27   | Entered Level 27 of a ziggurat
 91655 | Zig:27   | Found the +3 Elemental Staff {rElec rF++ rC++ MR++ AC+5}
 91666 | Zig:27   | Identified The Second Course in Thaumaturgy
 91686 | Zig:27   | Identified Veotod's Guide on Doomed Companions
 91695 | Zig:27   | Identified the +0 hat "Lec Yleinaox" {rElec} (You acquired
                  | it on level 27 of a ziggurat)
 91999 | D:15     | Identified the amulet "Qousu" {Inacc Int+3} (You found it
                  | on level 25 of a ziggurat)
 92010 | Zig:1    | Entered Level 1 of a ziggurat
 92010 | Zig:1    | Noticed a juggernaut
 92013 | Zig:1    | Killed a juggernaut
 92025 | Zig:1    | Learned a level 8 spell: Lehudib's Crystal Spear
 92033 | Zig:2    | Entered Level 2 of a ziggurat
 92033 | Zig:2    | Noticed a greater mummy
 92037 | Zig:2    | Killed a greater mummy
 92128 | Zig:3    | Entered Level 3 of a ziggurat
 92196 | Zig:4    | Entered Level 4 of a ziggurat
 92196 | Zig:4    | Noticed a juggernaut
 92196 | Zig:4    | Noticed a juggernaut
 92196 | Zig:4    | Noticed a juggernaut
 92199 | Zig:4    | Killed a juggernaut
 92200 | Zig:4    | Killed a juggernaut
 92201 | Zig:4    | Killed a juggernaut
 92325 | Zig:5    | Entered Level 5 of a ziggurat
 92365 | Zig:6    | Entered Level 6 of a ziggurat
 92471 | Zig:7    | Entered Level 7 of a ziggurat
 92519 | Zig:7    | Identified the Disquisition on Intoxication and Aid
 92537 | Zig:8    | Entered Level 8 of a ziggurat
 92538 | Zig:8    | Noticed a juggernaut
 92545 | Zig:8    | Killed a juggernaut
 92641 | Zig:9    | Entered Level 9 of a ziggurat
 92644 | Zig:9    | Noticed an ancient lich
 92645 | Zig:9    | Noticed an ancient lich
 92648 | Zig:9    | Killed an ancient lich
 92648 | Zig:9    | Reached skill level 27 in Evocations
 92648 | Zig:9    | Reached skill level 1 in Throwing
 92651 | Zig:9    | Killed an ancient lich
 92651 | Zig:9    | Reached skill level 5 in Throwing
 92656 | Zig:9    | Got a steaming morningstar
 92657 | Zig:9    | Identified the +9 morningstar of Fortitude {vorpal, MR+}
                  | (You found it on level 9 of a ziggurat)
 92675 | Zig:9    | Identified the Handbook of Bewitchment and the Volcanoes
 92690 | Zig:10   | Entered Level 10 of a ziggurat
 92693 | Zig:10   | Noticed an orb of fire
 92696 | Zig:10   | Noticed an orb of fire
 92697 | Zig:10   | Noticed an orb of fire
 92697 | Zig:10   | Noticed an orb of fire
 92698 | Zig:10   | Killed an orb of fire
 92699 | Zig:10   | Noticed an orb of fire
 92702 | Zig:10   | Killed an orb of fire
 92702 | Zig:10   | Killed an orb of fire
 92702 | Zig:10   | Killed an orb of fire
 92702 | Zig:10   | Reached skill level 10 in Throwing
 92704 | Zig:10   | Killed an orb of fire
 92760 | Zig:10   | Identified the Compendium of Clay and the Escort
 92784 | Zig:11   | Entered Level 11 of a ziggurat
 92891 | Zig:11   | Got a heavily runed amber ring
 92892 | Zig:11   | Identified the ring "Kudij" {rF+ Dex+4 SInv} (You found it
                  | on level 11 of a ziggurat)
 92896 | Zig:11   | Identified the Handbook of Hurtful Transmigration
 92901 | Zig:11   | Got a shimmering iron ring
 92902 | Zig:11   | Identified the ring of Konomong {Fire Str+2 SInv} (You
                  | found it on level 11 of a ziggurat)
 92918 | Zig:11   | Identified the cursed +0 kite shield of Slovenliness
                  | {rElec} (You found it on level 11 of a ziggurat)
 92922 | Zig:12   | Entered Level 12 of a ziggurat
 92927 | Zig:12   | Noticed an ancient lich
 92928 | Zig:12   | Noticed an ancient lich
 92931 | Zig:12   | Killed an ancient lich
 92931 | Zig:12   | Reached skill level 15 in Throwing
 92932 | Zig:12   | Killed an ancient lich
 92984 | Zig:12   | Identified the Incunabulum of the Compass
 93033 | Zig:13   | Entered Level 13 of a ziggurat
 93048 | Zig:13   | Paralysed by accursed screaming for 1 turns
 93054 | Zig:13   | Paralysed by a floating eye for 4 turns
 93351 | Zig:13   | Got a sparkling wooden ring
 93352 | Zig:13   | Identified the ring of Jaseojon {rC- MR++ MP+9 Dex+4} (You
                  | found it on level 13 of a ziggurat)
 93363 | Zig:13   | Got a faintly glowing turquoise ring
 93377 | Zig:14   | Entered Level 14 of a ziggurat
 93388 | Zig:14   | Paralysed by accursed screaming for 1 turns
 93519 | Zig:14   | Identified Sif Muna's Catalogue of Ice and Protection
 93559 | Zig:15   | Entered Level 15 of a ziggurat
 93578 | Zig:15   | Found the +15 Maxwell's patent armour {-Cast -Tele rElec
                  | MR+ rCorr}
 93790 | Zig:15   | Got a brightly glowing copper ring
 93791 | Zig:15   | Identified the ring "Murrireha" {Fire rN+ Str-4 Int+3} (You
                  | found it on level 13 of a ziggurat)
 93793 | Zig:15   | Identified the ring "Nen Xaluw" {rN+ EV+2} (You found it on
                  | level 15 of a ziggurat)
 93799 | Zig:15   | Got a glittering platinum ring
 93805 | Zig:15   | Got a steaming silver ring
 93820 | Zig:15   | Identified the ring of Nefiburo {rN++ SInv} (You found it
                  | on level 15 of a ziggurat)
 93822 | Zig:15   | Identified the Collected Works on Poisoning and Cold
 93832 | Zig:16   | Entered Level 16 of a ziggurat
 93842 | Zig:16   | Noticed a juggernaut
 93843 | Zig:16   | Noticed a juggernaut
 93847 | Zig:16   | Killed a juggernaut
 93847 | Zig:16   | Killed a juggernaut
 93941 | Zig:16   | Found the +8 glaive of the Guard {elec, +Rage AC+5 SInv}
 94058 | Zig:17   | Entered Level 17 of a ziggurat
 94085 | Zig:17   | Gained mutation: You do not regenerate when monsters are
                  | visible. [a neqoxec]
 94088 | Zig:17   | HP: 2/199 [Brimstone Fiend/damnation (21)]
 94094 | Zig:17   | Noticed Agifovoo the pandemonium lord
 94099 | Zig:17   | Killed Agifovoo the pandemonium lord
 94461 | Zig:17   | Got a pitted copper ring
 94467 | Zig:17   | Identified the ring of Kygunourr {*Tele rF+ Int+3} (You
                  | found it on level 17 of a ziggurat)
 94481 | Zig:17   | Identified the Collected Works on Warped Weightlessness
 94489 | Zig:18   | Entered Level 18 of a ziggurat
 94508 | Zig:18   | Noticed Beri the pandemonium lord
 94515 | Zig:18   | Killed Beri the pandemonium lord
 94766 | Zig:18   | Identified the Tome of Unholy Stones
 94776 | Zig:18   | Identified Nuged's Disquisition on Clay
 94787 | Zig:18   | Identified the Catalogue of Helpful Feathers
 94793 | Zig:18   | Identified A Thorough Guide to Spellweaving
 94800 | Zig:18   | Got a sparkling lapis lazuli ring
 94801 | Zig:18   | Identified the ring "Poamis" {rElec rF- rC+ Str+4 SInv}
                  | (You found it on level 15 of a ziggurat)
 94815 | Zig:19   | Entered Level 19 of a ziggurat
 94821 | Zig:19   | Noticed a juggernaut
 94823 | Zig:19   | Noticed a juggernaut
 94826 | Zig:19   | Killed a juggernaut
 94827 | Zig:19   | Noticed a juggernaut
 94828 | Zig:19   | Killed a juggernaut
 94829 | Zig:19   | Noticed a juggernaut
 94830 | Zig:19   | Killed a juggernaut
 94830 | Zig:19   | Noticed a juggernaut
 94832 | Zig:19   | Killed a juggernaut
 94833 | Zig:19   | Killed a juggernaut
 94851 | Zig:19   | Reached skill level 27 in Throwing
 94897 | Zig:19   | Identified the cursed +0 pair of gloves "Piegg" {*Slow rC++
                  | Str+4 SInv} (You found it on level 19 of a ziggurat)
 94902 | Zig:19   | Identified the ring "Unloxuang" {rPois Slay+3} (You found
                  | it on level 18 of a ziggurat)
 94921 | Zig:19   | Identified the Tome of Doomed Enhancements
 94927 | Zig:20   | Entered Level 20 of a ziggurat
 94938 | Zig:20   | Noticed Cos Mimm the pandemonium lord
 94938 | Zig:20   | Noticed Piumosi the pandemonium lord
 94938 | Zig:20   | Noticed Goubbad the pandemonium lord
 94939 | Zig:20   | Noticed Oqey the pandemonium lord
 94939 | Zig:20   | Noticed Dekhlail the pandemonium lord
 94940 | Zig:20   | Noticed Igraf the pandemonium lord
 94940 | Zig:20   | Noticed Remiat the pandemonium lord
 94940 | Zig:20   | Noticed Ynowk the pandemonium lord
 94940 | Zig:20   | Noticed Raluej the pandemonium lord
 94940 | Zig:20   | Noticed Mexkyhy the pandemonium lord
 94940 | Zig:20   | Noticed Jadueplo the pandemonium lord
 94940 | Zig:20   | Noticed Morav the pandemonium lord
 94940 | Zig:20   | Noticed Orphow the pandemonium lord
 94940 | Zig:20   | Noticed Futi the pandemonium lord
 94940 | Zig:20   | Noticed Uhusasam the pandemonium lord
 94940 | Zig:20   | Noticed Cuircheim the pandemonium lord
 94940 | Zig:20   | Noticed Gukkoa the pandemonium lord
 94940 | Zig:20   | Noticed Ynlul the pandemonium lord
 94940 | Zig:20   | Noticed Liefui Daump the pandemonium lord
 94942 | Zig:20   | Noticed Uzurch the pandemonium lord
 94944 | Zig:20   | Killed Oqey the pandemonium lord
 94944 | Zig:20   | Killed Ynlul the pandemonium lord
 94944 | Zig:20   | Killed Ynowk the pandemonium lord
 94944 | Zig:20   | Killed Orphow the pandemonium lord
 94944 | Zig:20   | Killed Cos Mimm the pandemonium lord
 94948 | Zig:20   | Killed Goubbad the pandemonium lord
 94948 | Zig:20   | Killed Dekhlail the pandemonium lord
 94948 | Zig:20   | Killed Piumosi the pandemonium lord
 94949 | Zig:20   | Killed Futi the pandemonium lord
 94949 | Zig:20   | Killed Jadueplo the pandemonium lord
 94949 | Zig:20   | Killed Uzurch the pandemonium lord
 94949 | Zig:20   | Killed Gukkoa the pandemonium lord
 94950 | Zig:20   | Killed Remiat the pandemonium lord
 94951 | Zig:20   | Killed Uhusasam the pandemonium lord
 94952 | Zig:20   | Noticed Machefob the pandemonium lord
 94952 | Zig:20   | Killed Raluej the pandemonium lord
 94952 | Zig:20   | Killed Morav the pandemonium lord
 94952 | Zig:20   | Killed Liefui Daump the pandemonium lord
 94952 | Zig:20   | Noticed Lejesk the pandemonium lord
 94952 | Zig:20   | Noticed Lapp the pandemonium lord
 94955 | Zig:20   | Killed Cuircheim the pandemonium lord
 94955 | Zig:20   | Killed Lejesk the pandemonium lord
 94963 | Zig:20   | Killed Lapp the pandemonium lord
 94964 | Zig:20   | Killed Machefob the pandemonium lord
 94967 | Zig:20   | Killed Igraf the pandemonium lord
 94968 | Zig:20   | Killed Mexkyhy the pandemonium lord
 95350 | Zig:20   | Got a faintly glowing lead amulet
 95351 | Zig:20   | Identified the amulet "Moxel" {RegenMP rPois rF- Int+7}
                  | (You found it on level 20 of a ziggurat)
 95370 | Zig:20   | Got a slimy helmet
 95381 | Zig:20   | Identified the cursed +0 helmet of Kybapp {rPois Int-5
                  | Dex+6 Slay+5} (You found it on level 20 of a ziggurat)
 95399 | Zig:20   | Got a faintly glowing bronze ring
 95404 | Zig:21   | Entered Level 21 of a ziggurat
 95606 | Zig:21   | Identified the Incunabulum of Cankerous Transformation
 95611 | Zig:21   | Got a smoking crystal amulet
 95617 | Zig:21   | Identified the amulet "Nashrar" {Acrobat Stlth+} (You found
                  | it on level 21 of a ziggurat)
 95626 | Zig:21   | Identified the Incunabulum of Virous Boosts
 95636 | Zig:21   | Identified the ring of Happiness {Ice *Slow rElec Int+9
                  | Dex-3} (You found it on level 20 of a ziggurat)
 95638 | Zig:21   | Identified the Volume of Hexes
 95646 | Zig:22   | Entered Level 22 of a ziggurat
 95660 | Zig:22   | Noticed a juggernaut
 95669 | Zig:22   | Killed a juggernaut
 95669 | Zig:22   | Noticed a juggernaut
 95677 | Zig:22   | Killed a juggernaut
 95752 | Zig:22   | Identified Nafraxar's Collected Works on the Shifting
                  | Traveller
 95763 | Zig:22   | Identified the Grimoire of Beguiling
 95782 | Zig:23   | Entered Level 23 of a ziggurat
 95806 | Zig:23   | Reached skill level 27 in Dodging
 95811 | Zig:23   | Reached skill level 15 in Shields
 95850 | Zig:23   | Found the amulet of the Air {Inacc +Fly rElec EV+5 RMsl}
 95937 | Zig:23   | Found the +7 Singing Sword {vorpal, sonic wave}
 95943 | Zig:23   | Got a translucent golden ring
 95967 | Zig:23   | Identified the Tome of the Cloudy Frostbite
 96224 | Zig:24   | Entered Level 24 of a ziggurat
 96421 | Zig:25   | Entered Level 25 of a ziggurat
 96434 | Zig:25   | Noticed an ancient lich
 96436 | Zig:25   | Noticed an ancient lich
 96436 | Zig:25   | Noticed an ancient lich
 96437 | Zig:25   | Killed an ancient lich
 96437 | Zig:25   | Killed an ancient lich
 96438 | Zig:25   | Noticed an ancient lich
 96438 | Zig:25   | Noticed an ancient lich
 96443 | Zig:25   | Killed an ancient lich
 96443 | Zig:25   | Killed an ancient lich
 96443 | Zig:25   | Noticed an ancient lich
 96444 | Zig:25   | Killed an ancient lich
 96447 | Zig:25   | Noticed an ancient lich
 96447 | Zig:25   | Noticed an ancient lich
 96447 | Zig:25   | Noticed an ancient lich
 96449 | Zig:25   | Killed an ancient lich
 96449 | Zig:25   | Killed an ancient lich
 96449 | Zig:25   | Killed an ancient lich
 96449 | Zig:25   | Killed an ancient lich
 96454 | Zig:25   | Reached skill level 27 in Shields
 96454 | Zig:25   | Reached skill level 5 in Stealth
 96454 | Zig:25   | Noticed an ancient lich
 96456 | Zig:25   | Noticed an ancient lich
 96457 | Zig:25   | Killed an ancient lich
 96459 | Zig:25   | Killed an ancient lich
 96556 | Zig:25   | Got a shimmering steel amulet
 96557 | Zig:25   | Identified the ring of Nat Ocal {rN+ Dex+3 Slay+2 Stlth-}
                  | (You found it on level 23 of a ziggurat)
 96559 | Zig:25   | Identified the amulet "Ekojuj Edoe" {Gourm rC+ Stlth+} (You
                  | found it on level 25 of a ziggurat)
 96571 | Zig:25   | Reached skill level 10 in Stealth
 96578 | Zig:25   | Got an ancient golden ring
 96579 | Zig:25   | Identified the ring "Otuqyheih" {Ice MR+} (You found it on
                  | level 25 of a ziggurat)
 96589 | Zig:25   | Got a pitted copper ring
 96590 | Zig:25   | Identified the ring of the Duke {rN+ rCorr Dex-5 SInv
                  | Stlth+} (You found it on level 25 of a ziggurat)
 96593 | Zig:25   | Identified Sif Muna's Almanac of the Icy Escort
 96598 | Zig:25   | Identified Usabauj's Handbook of Ensnaring Poisoning
 96616 | Zig:25   | Lost mutation: You do not regenerate when monsters are
                  | visible. [potion of mutation]
 96616 | Zig:25   | Lost mutation: Your flesh is heat resistant. (rF+) [potion
                  | of mutation]
 96616 | Zig:25   | Lost mutation: Your magical capacity is low. (-10% MP)
                  | [potion of mutation]
 96633 | Zig:26   | Entered Level 26 of a ziggurat
 96648 | Zig:26   | Noticed an ancient lich
 96649 | Zig:26   | Noticed an ancient lich
 96652 | Zig:26   | Killed an ancient lich
 96652 | Zig:26   | Killed an ancient lich
 96656 | Zig:26   | Noticed an ancient lich
 96658 | Zig:26   | Noticed an ancient lich
 96661 | Zig:26   | Killed an ancient lich
 96662 | Zig:26   | Noticed an ancient lich
 96663 | Zig:26   | Killed an ancient lich
 96663 | Zig:26   | Noticed an ancient lich
 96664 | Zig:26   | Killed an ancient lich
 96664 | Zig:26   | Reached skill level 15 in Stealth
 96664 | Zig:26   | Noticed an ancient lich
 96665 | Zig:26   | Killed an ancient lich
 96666 | Zig:26   | Killed an ancient lich
 96669 | Zig:26   | Noticed an ancient lich
 96669 | Zig:26   | Noticed an ancient lich
 96670 | Zig:26   | Killed an ancient lich
 96678 | Zig:26   | Killed an ancient lich
 96797 | Zig:26   | Found the +8 autumn katana {vorpal, Clar}
 96805 | Zig:26   | Got a steaming marble ring
 96830 | Zig:26   | Got a transparent silver ring
 96834 | Zig:26   | Identified the Compendium of the Harmful Glacier
 96865 | Zig:27   | Entered Level 27 of a ziggurat
 97150 | D:15     | Identified the ring "Vaxa Wae" {rCorr Str+6} (You found it
                  | on level 26 of a ziggurat)
 97155 | D:15     | Identified the ring of the King {rF- rN++ MR+ Dex+8 SInv}
                  | (You found it on level 26 of a ziggurat)
 97180 | Zig:1    | Entered Level 1 of a ziggurat
 97235 | Zig:2    | Entered Level 2 of a ziggurat
 97261 | Zig:2    | Got a smoking brass ring
 97262 | Zig:2    | Identified the ring of Abstinence {rC+ Slay+3} (You found
                  | it on level 2 of a ziggurat)
 97266 | Zig:3    | Entered Level 3 of a ziggurat
 97269 | Zig:3    | Noticed Detwem the pandemonium lord
 97275 | Zig:3    | Killed Detwem the pandemonium lord
 97350 | Zig:3    | Got a smoking amber ring
 97351 | Zig:3    | Identified the ring "Huferr" {rPois Int+5} (You found it on
                  | level 3 of a ziggurat)
 97353 | Zig:3    | Identified Nuyrch's Catalogue of Helpful Shape Shifting
 97365 | Zig:4    | Entered Level 4 of a ziggurat
 97395 | Zig:4    | Identified the Papyrus of Assistive Moulding
 97420 | Zig:5    | Entered Level 5 of a ziggurat
 97463 | Zig:5    | Identified the Grimoire of Creative Translocation
 97482 | Zig:6    | Entered Level 6 of a ziggurat
 97748 | Zig:6    | Identified the Incunabulum of Necromancy and the Rocks
 97755 | Zig:7    | Entered Level 7 of a ziggurat
 97895 | Zig:7    | Got a fine lapis lazuli ring
 97906 | Zig:7    | Identified the Almanac of Dusty Ignition
 97912 | Zig:8    | Entered Level 8 of a ziggurat
 98027 | Zig:9    | Entered Level 9 of a ziggurat
 98076 | Zig:9    | Got a warped copper amulet
 98091 | Zig:10   | Entered Level 10 of a ziggurat
 98094 | Zig:10   | Noticed Nailuaph the pandemonium lord
 98096 | Zig:10   | Noticed Oriusk the pandemonium lord
 98097 | Zig:10   | Killed Nailuaph the pandemonium lord
 98097 | Zig:10   | Noticed Xuonol the pandemonium lord
 98099 | Zig:10   | Killed Oriusk the pandemonium lord
 98099 | Zig:10   | Noticed Ezxos the pandemonium lord
 98100 | Zig:10   | Killed Xuonol the pandemonium lord
 98101 | Zig:10   | Noticed Zantas the pandemonium lord
 98102 | Zig:10   | Killed Ezxos the pandemonium lord
 98103 | Zig:10   | Noticed Riyseico the pandemonium lord
 98104 | Zig:10   | Killed Zantas the pandemonium lord
 98106 | Zig:10   | Noticed Kunnyng the pandemonium lord
 98107 | Zig:10   | Killed Kunnyng the pandemonium lord
 98108 | Zig:10   | Killed Riyseico the pandemonium lord
 98156 | Zig:10   | Found the +10 zealot's sword {holy, *Rage rN+ EV+3}
 98158 | Zig:10   | Found the +8 arc blade {discharge, rElec}
 98187 | Zig:11   | Entered Level 11 of a ziggurat
 98290 | Zig:11   | Identified the Papyrus of Displaced Snow
 98293 | Zig:11   | Got a transparent ruby amulet
 98303 | Zig:11   | Identified the ring "Nowusiolum" {+Fly rPois rC- Str+4
                  | Stlth+} (You found it on level 7 of a ziggurat)
 98319 | Zig:12   | Entered Level 12 of a ziggurat
 98336 | Zig:12   | Reached skill level 27 in Stealth
 98355 | Zig:12   | Got a coiled glass ring
 98374 | Zig:12   | Got a faintly glowing silver amulet
 98395 | Zig:13   | Entered Level 13 of a ziggurat
 98582 | Zig:13   | Identified Zecs's Handbook of Translocation
 98594 | Zig:13   | Identified the cursed ring "Veor" {rElec Str+2 Int-3 Dex-5}
                  | (You found it on level 12 of a ziggurat)
 98599 | Zig:13   | Got a sparkling turquoise ring
 98602 | Zig:14   | Entered Level 14 of a ziggurat
 98807 | Zig:14   | Reached skill level 27 in Necromancy
 98818 | Zig:14   | Identified the ring of the Equinox {rN+ Str+4 Dex+4} (You
                  | found it on level 13 of a ziggurat)
 98820 | Zig:14   | Identified the amulet "Cammius" {Spirit rC+ MR+++ Stlth+}
                  | (You found it on level 9 of a ziggurat)
 98841 | Zig:15   | Entered Level 15 of a ziggurat
 98850 | Zig:15   | Reached skill level 5 in Staves
 98856 | Zig:15   | Reached skill level 10 in Staves
 98861 | Zig:15   | Found the +7 sceptre of Torment {pain, torment}
 98905 | Zig:15   | Identified the Guide on Lethal Boosts
 98911 | Zig:15   | Identified the +0 helmet of the Peasants {rElec rPois rCorr
                  | Str+2} (You acquired it on level 15 of a ziggurat)
 98924 | Zig:15   | Identified Wizardry, and How To Use It
 98934 | Zig:15   | Identified Feanuarr's Volume of Moulding and Malediction
 99038 | Zig:16   | Entered Level 16 of a ziggurat
 99048 | Zig:16   | Reached skill level 15 in Staves
 99064 | Zig:16   | Found the +3 sling "Punk" {acid, rCorr}
 99175 | Zig:16   | Got a scorched tin ring
 99177 | Zig:16   | Got an ancient sapphire amulet
 99217 | Zig:16   | Identified the ring of Oenomania {*Slow rC+ Dex+3 Slay+4
                  | SInv} (You found it on level 16 of a ziggurat)
 99219 | Zig:16   | Identified the amulet "Opta Kyge" {Regen+ Int+3} (You found
                  | it on level 16 of a ziggurat)
 99221 | Zig:16   | Identified the amulet "Byroesk" {Faith Fragile rN+++ Dex-2
                  | SInv} (You found it on level 11 of a ziggurat)
 99223 | Zig:16   | Identified the amulet of Zynofaah {+Rage rC++ MR+} (You
                  | found it on level 12 of a ziggurat)
 99236 | Zig:17   | Entered Level 17 of a ziggurat
 99311 | Zig:17   | Got a bound copper amulet
 99312 | Zig:17   | Identified the amulet of Peuxeptu {Acrobat rF+ Int+7 Dex+3
                  | Stlth-} (You found it on level 17 of a ziggurat)
 99329 | Zig:17   | Identified the cursed -1 helmet of Duck's Teeth {Int+2
                  | Dex+4} (You found it on level 17 of a ziggurat)
 99354 | Zig:17   | Identified the Collected Works on Dark Rites and
                  | Displacement
 99360 | Zig:18   | Entered Level 18 of a ziggurat
 99368 | Zig:18   | Found the +0 staff of Battle
 99368 | Zig:18   | Found the ring of the Octopus King
 99515 | Zig:18   | Got a ring of the Octopus King
 99517 | Zig:18   | Got a steaming bronze ring
 99551 | Zig:18   | Identified the +0 hat of Mootz {rN+ Int+3} (You found it on
                  | level 18 of a ziggurat)
 99557 | Zig:18   | Identified the ring "Xaukoycu" {+Fly Int+2} (You found it
                  | on level 18 of a ziggurat)
 99566 | Zig:19   | Entered Level 19 of a ziggurat
 99907 | Zig:19   | Reached skill level 27 in Staves
 99916 | Zig:20   | Entered Level 20 of a ziggurat
 99925 | Zig:20   | Reached skill level 10 in Armour
 99928 | Zig:20   | Reached skill level 15 in Armour
 99938 | Zig:20   | Paralysed by a floating eye for 4 turns
100202 | Zig:20   | Identified the +1 helmet of the Wasteland {rC+} (You found
                  | it on level 20 of a ziggurat)
100211 | Zig:20   | Identified Sif Muna's Grimoire of the Arsonist and the
                  | Glacier
100230 | Zig:21   | Entered Level 21 of a ziggurat
100298 | Zig:21   | Gained mutation: Potions are less effective at restoring
                  | your health. [mutagenic glow]
100338 | Zig:21   | Identified Jywneem's Almanac of Torrid Poisoning
100365 | Zig:21   | Got a clouded glass ring
100366 | Zig:21   | Identified the ring of the Real Monster {Ice rElec Str-2
                  | Int+4 Stlth+} (You found it on level 21 of a ziggurat)
100370 | Zig:21   | Identified the Collected Works on Igneous Snow
100382 | Zig:22   | Entered Level 22 of a ziggurat
100437 | Zig:22   | Found the +7 great mace "Undeadhunter" {disrupt, rN+}
100602 | Zig:23   | Entered Level 23 of a ziggurat
100623 | Zig:23   | Reached skill level 27 in Armour
100659 | Zig:23   | Identified the Tome of Supportive Augmentations
100694 | Zig:23   | Got a faintly glowing pewter ring
100695 | Zig:23   | Identified the ring "Dariteus" {+Blink EV+4 Str+7 Dex-3}
                  | (You found it on level 23 of a ziggurat)
100705 | Zig:24   | Entered Level 24 of a ziggurat
100780 | Zig:24   | Found the +8 lance "Wyrmbane" {slay drac, rPois rF+ rC+
                  | AC+3}
100801 | Zig:24   | Identified Wounuxt's Collected Works on Icy Intoxication
100803 | Zig:24   | Identified the Almanac of the Dusty Snowflakes
100808 | Zig:24   | Identified the +0 pair of gloves "Bestrag" {rF+} (You found
                  | it on level 24 of a ziggurat)
100831 | Zig:24   | Got a faintly glowing iron ring
100832 | Zig:24   | Identified the ring "Uhadwoem" {rPois MR++ Dex-2} (You
                  | found it on level 24 of a ziggurat)
100869 | Zig:25   | Entered Level 25 of a ziggurat
100880 | Zig:25   | Reached skill level 27 in Maces & Flails
100880 | Zig:25   | Reached skill level 1 in Polearms
100880 | Zig:25   | Reached skill level 5 in Polearms
100883 | Zig:25   | Reached skill level 10 in Polearms
101126 | Zig:25   | Found the +3 hat of Pondering {ponderous, MR+ MP+10 Int+5}
101156 | Zig:25   | Got a slimy golden ring
101157 | Zig:25   | Identified the ring of Qiproex {+Inv Int-5 Dex+4 SInv} (You
                  | found it on level 25 of a ziggurat)
101222 | Zig:26   | Entered Level 26 of a ziggurat
101233 | Zig:26   | Noticed an ancient lich
101233 | Zig:26   | Noticed an ancient lich
101234 | Zig:26   | Noticed an ancient lich
101234 | Zig:26   | Noticed an ancient lich
101234 | Zig:26   | Noticed an ancient lich
101235 | Zig:26   | Killed an ancient lich
101235 | Zig:26   | Reached skill level 15 in Polearms
101235 | Zig:26   | Killed an ancient lich
101235 | Zig:26   | Killed an ancient lich
101235 | Zig:26   | Noticed an ancient lich
101236 | Zig:26   | Noticed an ancient lich
101237 | Zig:26   | Killed an ancient lich
101237 | Zig:26   | Killed an ancient lich
101237 | Zig:26   | Noticed an ancient lich
101238 | Zig:26   | Killed an ancient lich
101238 | Zig:26   | Killed an ancient lich
101239 | Zig:26   | Noticed an ancient lich
101239 | Zig:26   | Noticed an ancient lich
101240 | Zig:26   | Killed an ancient lich
101240 | Zig:26   | Noticed an ancient lich
101240 | Zig:26   | Noticed an ancient lich
101241 | Zig:26   | Killed an ancient lich
101241 | Zig:26   | Killed an ancient lich
101242 | Zig:26   | Noticed an ancient lich
101242 | Zig:26   | Noticed an ancient lich
101243 | Zig:26   | Killed an ancient lich
101243 | Zig:26   | Killed an ancient lich
101244 | Zig:26   | Killed an ancient lich
101244 | Zig:26   | Killed an ancient lich
101245 | Zig:26   | Noticed an ancient lich
101245 | Zig:26   | Noticed an ancient lich
101245 | Zig:26   | Noticed an ancient lich
101245 | Zig:26   | Noticed an ancient lich
101246 | Zig:26   | Killed an ancient lich
101246 | Zig:26   | Noticed an ancient lich
101247 | Zig:26   | Killed an ancient lich
101247 | Zig:26   | Killed an ancient lich
101247 | Zig:26   | Killed an ancient lich
101248 | Zig:26   | Killed an ancient lich
101251 | Zig:26   | Noticed an ancient lich
101263 | Zig:26   | Killed an ancient lich
101323 | Zig:26   | Got a wavering ivory amulet
101324 | Zig:26   | Identified the amulet of Koahyt {Reflect -Tele Fragile
                  | rN+++ Dex+8 SH+3} (You found it on level 26 of a ziggurat)
101347 | Zig:26   | Got a scintillating silver ring
101348 | Zig:26   | Identified the ring "Vewn" {rPois Str+4} (You found it on
                  | level 26 of a ziggurat)
101352 | Zig:26   | Identified the Papyrus of the Harmful Birds
101355 | Zig:26   | Identified the +2 pair of gloves of the Gastropod {MR+
                  | Int-3 Dex+4} (You found it on level 26 of a ziggurat)
101356 | Zig:26   | Identified the Collected Works on Displacement
101363 | Zig:26   | Got a coiled turquoise ring
101364 | Zig:26   | Identified the ring of Pisatuen {Ice MR++ Int+4 Dex-5} (You
                  | found it on level 26 of a ziggurat)
101371 | Zig:26   | Got a transparent lapis lazuli ring
101372 | Zig:26   | Identified the ring of Wailemoh {rPois MR+ rCorr Int+3}
                  | (You found it on level 26 of a ziggurat)
101388 | Zig:27   | Entered Level 27 of a ziggurat
101394 | Zig:27   | Noticed an ancient lich
101394 | Zig:27   | Noticed an ancient lich
101395 | Zig:27   | Noticed an ancient lich
101396 | Zig:27   | Noticed an ancient lich
101396 | Zig:27   | Noticed an ancient lich
101396 | Zig:27   | Noticed an ancient lich
101396 | Zig:27   | Noticed an ancient lich
101396 | Zig:27   | Noticed an ancient lich
101396 | Zig:27   | Noticed an ancient lich
101396 | Zig:27   | Noticed an ancient lich
101396 | Zig:27   | Noticed an ancient lich
101396 | Zig:27   | Noticed an ancient lich
101396 | Zig:27   | Noticed an ancient lich
101396 | Zig:27   | Noticed an ancient lich
101396 | Zig:27   | Noticed an ancient lich
101396 | Zig:27   | Noticed an ancient lich
101396 | Zig:27   | Noticed an ancient lich
101396 | Zig:27   | Noticed an ancient lich
101396 | Zig:27   | Noticed an ancient lich
101396 | Zig:27   | Noticed an ancient lich
101396 | Zig:27   | Noticed an ancient lich
101396 | Zig:27   | Noticed an ancient lich
101396 | Zig:27   | Noticed an ancient lich
101396 | Zig:27   | Noticed an ancient lich
101397 | Zig:27   | Killed an ancient lich
101397 | Zig:27   | Killed an ancient lich
101398 | Zig:27   | Killed an ancient lich
101398 | Zig:27   | Killed an ancient lich
101398 | Zig:27   | Killed an ancient lich
101398 | Zig:27   | Killed an ancient lich
101398 | Zig:27   | Killed an ancient lich
101398 | Zig:27   | Killed an ancient lich
101398 | Zig:27   | Killed an ancient lich
101398 | Zig:27   | Killed an ancient lich
101398 | Zig:27   | Killed an ancient lich
101398 | Zig:27   | Killed an ancient lich
101398 | Zig:27   | Killed an ancient lich
101398 | Zig:27   | Killed an ancient lich
101398 | Zig:27   | Killed an ancient lich
101398 | Zig:27   | Killed an ancient lich
101398 | Zig:27   | Killed an ancient lich
101398 | Zig:27   | Killed an ancient lich
101398 | Zig:27   | Killed an ancient lich
101398 | Zig:27   | Killed an ancient lich
101398 | Zig:27   | Killed an ancient lich
101398 | Zig:27   | Killed an ancient lich
101398 | Zig:27   | Noticed an ancient lich
101398 | Zig:27   | Noticed an ancient lich
101399 | Zig:27   | Killed an ancient lich
101399 | Zig:27   | Killed an ancient lich
101399 | Zig:27   | Noticed an ancient lich
101403 | Zig:27   | Noticed an ancient lich
101406 | Zig:27   | Noticed an ancient lich
101408 | Zig:27   | Killed an ancient lich
101408 | Zig:27   | Killed an ancient lich
101409 | Zig:27   | Reached skill level 27 in Polearms
101415 | Zig:27   | Killed an ancient lich
101419 | Zig:27   | Killed an ancient lich
101424 | Zig:27   | Killed an ancient lich
101575 | Zig:27   | Identified Spellweaving in Simple Steps
101614 | Zig:27   | Got a scintillating pewter ring
101615 | Zig:27   | Identified the ring "Nitudu" {MR+ SInv} (You found it on
                  | level 27 of a ziggurat)
101624 | Zig:27   | Identified the cursed -2 pair of boots of Zin's Fury
                  | {Str+3} (You found it on level 27 of a ziggurat)
101661 | Zig:27   | Got a wavering bone amulet
101662 | Zig:27   | Identified the amulet of Biding {Inacc rElec rC+ rN+} (You
                  | found it on level 27 of a ziggurat)
101694 | Zig:1    | Entered Level 1 of a ziggurat
101813 | Zig:2    | Entered Level 2 of a ziggurat
101931 | Zig:2    | Got a brightly glowing granite ring
101932 | Zig:2    | Identified the ring "Turat" {+Fly MP+9} (You found it on
                  | level 2 of a ziggurat)
101941 | Zig:3    | Entered Level 3 of a ziggurat
101991 | Zig:4    | Entered Level 4 of a ziggurat
102033 | Zig:4    | Got a scorched amber ring
102034 | Zig:4    | Identified the ring "Mujiquon" {+Fly Int+6} (You found it
                  | on level 4 of a ziggurat)
102108 | Zig:5    | Entered Level 5 of a ziggurat
102110 | Zig:5    | Noticed Rump the pandemonium lord
102110 | Zig:5    | Noticed Qostrup the pandemonium lord
102111 | Zig:5    | Noticed Tuminexui the pandemonium lord
102113 | Zig:5    | Killed Qostrup the pandemonium lord
102113 | Zig:5    | Reached skill level 15 in Transmutations
102115 | Zig:5    | Killed Tuminexui the pandemonium lord
102115 | Zig:5    | Killed Rump the pandemonium lord
102277 | Zig:6    | Entered Level 6 of a ziggurat
102281 | Zig:6    | Noticed a juggernaut
102292 | Zig:6    | Killed a juggernaut
102348 | Zig:6    | Identified the +1 pair of boots of the Swamp {*Slow Regen+
                  | Dex+4} (You found it on level 6 of a ziggurat)
102357 | Zig:7    | Entered Level 7 of a ziggurat
102360 | Zig:7    | Noticed a greater mummy
102361 | Zig:7    | Noticed a greater mummy
102368 | Zig:7    | Killed a greater mummy
102368 | Zig:7    | Killed a greater mummy
102482 | Zig:7    | Got a coiled wooden ring
102484 | Zig:7    | Identified the ring "Tolad Odan" {+Fly rN++ Str+4 Int-2
                  | Stlth+} (You found it on level 7 of a ziggurat)
102496 | Zig:8    | Entered Level 8 of a ziggurat
102508 | Zig:8    | Noticed an ancient lich
102526 | Zig:8    | Killed an ancient lich
102534 | Zig:8    | Found the +7 mace of Variability {chain chaos}
102541 | Zig:8    | Got a sparkling amber ring
102542 | Zig:8    | Identified the ring "Docufyru" {rPois MP+9} (You found it
                  | on level 8 of a ziggurat)
102560 | Zig:8    | Identified the Compendium of the Destructive Birds
102568 | Zig:9    | Entered Level 9 of a ziggurat
102572 | Zig:9    | Noticed a greater mummy
102572 | Zig:9    | Noticed a greater mummy
102573 | Zig:9    | Noticed a greater mummy
102573 | Zig:9    | Noticed a greater mummy
102575 | Zig:9    | Noticed a greater mummy
102575 | Zig:9    | Noticed a greater mummy
102575 | Zig:9    | Noticed a greater mummy
102575 | Zig:9    | Noticed a greater mummy
102575 | Zig:9    | Noticed a greater mummy
102575 | Zig:9    | Noticed a greater mummy
102576 | Zig:9    | Killed a greater mummy
102576 | Zig:9    | Killed a greater mummy
102576 | Zig:9    | Killed a greater mummy
102576 | Zig:9    | Killed a greater mummy
102576 | Zig:9    | Killed a greater mummy
102576 | Zig:9    | Killed a greater mummy
102577 | Zig:9    | Killed a greater mummy
102577 | Zig:9    | Killed a greater mummy
102578 | Zig:9    | Killed a greater mummy
102578 | Zig:9    | Killed a greater mummy
102690 | Zig:10   | Entered Level 10 of a ziggurat
102696 | Zig:10   | Noticed Nacwieru the pandemonium lord
102697 | Zig:10   | Noticed Zaruy the pandemonium lord
102697 | Zig:10   | Noticed Gup Wiuv the pandemonium lord
102697 | Zig:10   | Noticed Muejar the pandemonium lord
102697 | Zig:10   | Noticed Wuatoycs the pandemonium lord
102697 | Zig:10   | Noticed Gobie the pandemonium lord
102697 | Zig:10   | Noticed Muena the pandemonium lord
102697 | Zig:10   | Noticed Zepn the pandemonium lord
102697 | Zig:10   | Noticed Myguod Qacs the pandemonium lord
102698 | Zig:10   | Killed Zaruy the pandemonium lord
102698 | Zig:10   | Killed Zepn the pandemonium lord
102699 | Zig:10   | Killed Nacwieru the pandemonium lord
102700 | Zig:10   | Killed Wuatoycs the pandemonium lord
102700 | Zig:10   | Killed Myguod Qacs the pandemonium lord
102704 | Zig:10   | Gained mutation: Your spells are a little easier to cast,
                  | but a little less powerful. [a cacodemon]
102705 | Zig:10   | Killed Gup Wiuv the pandemonium lord
102705 | Zig:10   | Killed Muejar the pandemonium lord
102706 | Zig:10   | Killed Muena the pandemonium lord
102706 | Zig:10   | Killed Gobie the pandemonium lord
102794 | Zig:11   | Entered Level 11 of a ziggurat
102943 | Zig:12   | Entered Level 12 of a ziggurat
102949 | Zig:12   | Noticed an ancient lich
102953 | Zig:12   | Killed an ancient lich
102954 | Zig:12   | Noticed an ancient lich
102954 | Zig:12   | Killed an ancient lich
102990 | Zig:12   | Found the +8 storm bow {elec, penet}
102999 | Zig:12   | Identified the +0 helmet of Yredelemnul's Wrath {rN+ Str+3}
                  | (You found it on level 12 of a ziggurat)
103004 | Zig:12   | Got a sparkling bronze ring
103006 | Zig:12   | Identified the ring of Sin {*Drain rElec rPois MR+} (You
                  | found it on level 12 of a ziggurat)
103008 | Zig:12   | Identified Hiedgh's Almanac of Dark Cold
103010 | Zig:12   | Identified the Almanac of Beguiling
103034 | Zig:12   | Identified the Guide on the Dislocated Glacier
103050 | Zig:13   | Entered Level 13 of a ziggurat
103277 | Zig:13   | Identified the Almanac of Cold and Heat
103281 | Zig:13   | Identified the Guide on Beguiling and Summoning
103287 | Zig:14   | Entered Level 14 of a ziggurat
103298 | Zig:14   | Reached skill level 27 in Transmutations
103298 | Zig:14   | Reached skill level 1 in Hexes
103298 | Zig:14   | Reached skill level 1 in Unarmed Combat
103302 | Zig:14   | Reached skill level 5 in Hexes
103306 | Zig:14   | Reached skill level 5 in Unarmed Combat
103661 | Zig:14   | Identified the Guide on Fetching Shape Shifting
103669 | Zig:14   | Got a warped bronze ring
103670 | Zig:14   | Identified the ring "Ryrhemu" {Wiz rPois MR+ Str+2 Slay+6}
                  | (You found it on level 14 of a ziggurat)
103684 | Zig:14   | Got a flickering steel ring
103685 | Zig:14   | Identified the ring of Vaq Lupe {MP+9 Str+2 Int+2} (You
                  | found it on level 14 of a ziggurat)
103690 | Zig:14   | Got a brightly glowing gossamer ring
103691 | Zig:14   | Identified the ring "Qyriru" {Fire rN++} (You found it on
                  | level 14 of a ziggurat)
103697 | Zig:15   | Entered Level 15 of a ziggurat
103715 | Zig:15   | Reached skill level 10 in Hexes
103798 | Zig:15   | Got a shimmering ruby amulet
103799 | Zig:15   | Identified the amulet "Ladat" {Faith Str+2} (You found it
                  | on level 15 of a ziggurat)
103813 | Zig:16   | Entered Level 16 of a ziggurat
103836 | Zig:16   | Reached skill level 10 in Unarmed Combat
104143 | Zig:17   | Entered Level 17 of a ziggurat
104152 | Zig:17   | Reached skill level 15 in Charms
104186 | Zig:17   | Found the +8 frozen axe "Frostbite" {freezing cloud, *Noise
                  | +Fly rC+}
104209 | Zig:17   | Identified the +0 pair of gloves of the Moon {rPois} (You
                  | found it on level 17 of a ziggurat)
104370 | Zig:18   | Entered Level 18 of a ziggurat
104380 | Zig:18   | Reached skill level 15 in Unarmed Combat
104471 | Zig:18   | Got a twitching sapphire amulet
104472 | Zig:18   | Identified the amulet of Jawupoh {rF++ MR+ Regen+} (You
                  | found it on level 18 of a ziggurat)
104492 | Zig:18   | Got a warped golden ring
104493 | Zig:18   | Identified the ring of the Middle {Ice rPois Stlth+} (You
                  | found it on level 18 of a ziggurat)
104497 | Zig:18   | Identified Seegionk's Guide on Frigorific Enchantment
104510 | Zig:19   | Entered Level 19 of a ziggurat
104517 | Zig:19   | Noticed Goczac the pandemonium lord
104517 | Zig:19   | Noticed Misischoa the pandemonium lord
104517 | Zig:19   | Noticed Hojoiwua the pandemonium lord
104517 | Zig:19   | Noticed Nam Qule the pandemonium lord
104518 | Zig:19   | Noticed Sainwuu the pandemonium lord
104519 | Zig:19   | Noticed Duceics the pandemonium lord
104519 | Zig:19   | Noticed Pahi the pandemonium lord
104519 | Zig:19   | Noticed Piomic the pandemonium lord
104519 | Zig:19   | Noticed Pigidiut the pandemonium lord
104519 | Zig:19   | Noticed Ysebem the pandemonium lord
104519 | Zig:19   | Noticed Abiarpha the pandemonium lord
104519 | Zig:19   | Noticed Ugrug the pandemonium lord
104520 | Zig:19   | Noticed Xuthod the pandemonium lord
104520 | Zig:19   | Noticed Hahiudd the pandemonium lord
104521 | Zig:19   | Noticed Utub the pandemonium lord
104521 | Zig:19   | Noticed Wimuxz Xaaps the pandemonium lord
104521 | Zig:19   | Killed Duceics the pandemonium lord
104522 | Zig:19   | Killed Hojoiwua the pandemonium lord
104522 | Zig:19   | Killed Xuthod the pandemonium lord
104522 | Zig:19   | Killed Sainwuu the pandemonium lord
104522 | Zig:19   | Noticed Futzi the pandemonium lord
104522 | Zig:19   | Noticed Patoptumm the pandemonium lord
104522 | Zig:19   | Noticed Qeinweax the pandemonium lord
104523 | Zig:19   | Noticed Lautadok the pandemonium lord
104523 | Zig:19   | Noticed Reotraes the pandemonium lord
104524 | Zig:19   | Killed Hahiudd the pandemonium lord
104524 | Zig:19   | Killed Ugrug the pandemonium lord
104524 | Zig:19   | Noticed Seboyg the pandemonium lord
104524 | Zig:19   | Noticed Nikonej the pandemonium lord
104524 | Zig:19   | Noticed Letub the pandemonium lord
104525 | Zig:19   | Killed Nam Qule the pandemonium lord
104525 | Zig:19   | Killed Ysebem the pandemonium lord
104525 | Zig:19   | Noticed Loff the pandemonium lord
104526 | Zig:19   | Killed Pigidiut the pandemonium lord
104526 | Zig:19   | Noticed Xupnur the pandemonium lord
104527 | Zig:19   | Noticed Buaf the pandemonium lord
104527 | Zig:19   | Noticed Lima Lie the pandemonium lord
104527 | Zig:19   | Noticed Xynuzoo Fiar the pandemonium lord
104534 | Zig:19   | Killed Pahi the pandemonium lord
104534 | Zig:19   | Killed Qeinweax the pandemonium lord
104534 | Zig:19   | Killed Utub the pandemonium lord
104535 | Zig:19   | Killed Seboyg the pandemonium lord
104535 | Zig:19   | Killed Futzi the pandemonium lord
104535 | Zig:19   | Killed Piomic the pandemonium lord
104536 | Zig:19   | Killed Abiarpha the pandemonium lord
104537 | Zig:19   | Killed Reotraes the pandemonium lord
104538 | Zig:19   | Killed Nikonej the pandemonium lord
104538 | Zig:19   | Killed Lautadok the pandemonium lord
104538 | Zig:19   | Noticed Kuisocyn the pandemonium lord
104539 | Zig:19   | Killed Letub the pandemonium lord
104539 | Zig:19   | Killed Goczac the pandemonium lord
104540 | Zig:19   | Killed Misischoa the pandemonium lord
104540 | Zig:19   | Killed Wimuxz Xaaps the pandemonium lord
104540 | Zig:19   | Noticed Daehax the pandemonium lord
104541 | Zig:19   | Noticed Vuczotes the pandemonium lord
104542 | Zig:19   | Killed Buaf the pandemonium lord
104543 | Zig:19   | Killed Kuisocyn the pandemonium lord
104543 | Zig:19   | Noticed Miso Wega the pandemonium lord
104544 | Zig:19   | Killed Patoptumm the pandemonium lord
104544 | Zig:19   | Killed Lima Lie the pandemonium lord
104545 | Zig:19   | Noticed Vuneus the pandemonium lord
104546 | Zig:19   | Killed Loff the pandemonium lord
104548 | Zig:19   | Killed Xupnur the pandemonium lord
104548 | Zig:19   | Killed Miso Wega the pandemonium lord
104551 | Zig:19   | Killed Daehax the pandemonium lord
104551 | Zig:19   | Killed Xynuzoo Fiar the pandemonium lord
104551 | Zig:19   | Killed Vuczotes the pandemonium lord
104551 | Zig:19   | Killed Vuneus the pandemonium lord
104556 | Zig:19   | Noticed Doobyn the pandemonium lord
104560 | Zig:19   | Killed Doobyn the pandemonium lord
104567 | Zig:19   | HP: 9/199 [shadow dragon (shapeshifter)/bolt of negative
                  | energy (3)]
104837 | Zig:19   | Got a vibrating ivory ring
104838 | Zig:19   | Identified the ring of Reimbursement {*Contam rF+ Int+9
                  | Stlth+} (You found it on level 19 of a ziggurat)
104843 | Zig:19   | Identified the Catalogue of Earth
104850 | Zig:20   | Entered Level 20 of a ziggurat
104854 | Zig:20   | Noticed an ancient lich
104860 | Zig:20   | Noticed a juggernaut
104860 | Zig:20   | Noticed a juggernaut
104861 | Zig:20   | Noticed a juggernaut
104861 | Zig:20   | Noticed a juggernaut
104862 | Zig:20   | Noticed a juggernaut
104863 | Zig:20   | Noticed a juggernaut
104864 | Zig:20   | Killed an ancient lich
104864 | Zig:20   | Killed a juggernaut
104864 | Zig:20   | Killed a juggernaut
104865 | Zig:20   | Killed a juggernaut
104865 | Zig:20   | Killed a juggernaut
104865 | Zig:20   | Killed a juggernaut
104867 | Zig:20   | Noticed a juggernaut
104868 | Zig:20   | Killed a juggernaut
104872 | Zig:20   | Killed a juggernaut
104873 | Zig:20   | Noticed a juggernaut
104873 | Zig:20   | Noticed a juggernaut
104874 | Zig:20   | Noticed a juggernaut
104875 | Zig:20   | Noticed a juggernaut
104884 | Zig:20   | Killed a juggernaut
104885 | Zig:20   | Killed a juggernaut
104885 | Zig:20   | Killed a juggernaut
104885 | Zig:20   | Killed a juggernaut
104892 | Zig:20   | Noticed a juggernaut
104897 | Zig:20   | Killed a juggernaut
104993 | Zig:20   | Got a wavering silver ring
104994 | Zig:20   | Identified the ring "Ruideos" {rN+ Int+2} (You found it on
                  | level 20 of a ziggurat)
104997 | Zig:20   | Got a twitching amber ring
104998 | Zig:20   | Identified the ring "Ricec" {Fire Dex+2} (You found it on
                  | level 20 of a ziggurat)
105040 | Zig:21   | Entered Level 21 of a ziggurat
105054 | Zig:21   | Noticed an ancient lich
105054 | Zig:21   | Noticed an ancient lich
105054 | Zig:21   | Noticed an ancient lich
105054 | Zig:21   | Noticed an ancient lich
105054 | Zig:21   | Noticed an ancient lich
105054 | Zig:21   | Noticed an ancient lich
105055 | Zig:21   | Killed an ancient lich
105055 | Zig:21   | Noticed an ancient lich
105055 | Zig:21   | Noticed an ancient lich
105056 | Zig:21   | Killed an ancient lich
105056 | Zig:21   | Killed an ancient lich
105056 | Zig:21   | Killed an ancient lich
105056 | Zig:21   | Noticed an ancient lich
105057 | Zig:21   | Killed an ancient lich
105057 | Zig:21   | Killed an ancient lich
105058 | Zig:21   | Killed an ancient lich
105058 | Zig:21   | Killed an ancient lich
105058 | Zig:21   | Killed an ancient lich
105058 | Zig:21   | Noticed an ancient lich
105061 | Zig:21   | Killed an ancient lich
105062 | Zig:21   | Noticed an ancient lich
105062 | Zig:21   | Noticed an ancient lich
105062 | Zig:21   | Noticed an ancient lich
105063 | Zig:21   | Noticed an ancient lich
105064 | Zig:21   | Killed an ancient lich
105064 | Zig:21   | Noticed an ancient lich
105065 | Zig:21   | Killed an ancient lich
105065 | Zig:21   | Killed an ancient lich
105065 | Zig:21   | Killed an ancient lich
105066 | Zig:21   | Killed an ancient lich
105098 | Zig:21   | Found the +1 cloak of Starlight {rElec rC+ EV+4 Stlth--}
105149 | Zig:21   | Got a crude wooden ring
105150 | Zig:21   | Identified the ring "Jethracup" {rPois MP+9 Str+3 Dex-5}
                  | (You found it on level 21 of a ziggurat)
105153 | Zig:21   | Got a translucent jade ring
105154 | Zig:21   | Identified the ring "Fotoira" {+Blink +Fly} (You found it
                  | on level 21 of a ziggurat)
105160 | Zig:22   | Entered Level 22 of a ziggurat
105178 | Zig:22   | Reached skill level 27 in Unarmed Combat
105178 | Zig:22   | Reached skill level 27 in Charms
105178 | Zig:22   | Reached skill level 1 in Short Blades
105181 | Zig:22   | Reached skill level 5 in Short Blades
105182 | Zig:22   | Reached skill level 10 in Short Blades
105425 | Zig:23   | Entered Level 23 of a ziggurat
105524 | Zig:23   | Got a clouded amethyst amulet
105525 | Zig:23   | Identified the amulet "Husirif" {Harm *Drain Stlth+} (You
                  | found it on level 23 of a ziggurat)
105546 | Zig:23   | Got a vibrating bone amulet
105547 | Zig:23   | Identified the amulet "Taugh" {Faith rElec Str-4 Dex+8
                  | Slay-2} (You found it on level 23 of a ziggurat)
105562 | Zig:23   | Got a transparent garnet amulet
105574 | Zig:23   | Got an ichor-stained cloak
105597 | Zig:23   | Got a brightly glowing marble ring
105613 | Zig:24   | Entered Level 24 of a ziggurat
105915 | Zig:24   | Identified the Handbook of Creative Dislocation
105932 | Zig:24   | Identified the cursed ring "Tecemewk" {EV-2 Dex+3} (You
                  | found it on level 23 of a ziggurat)
105939 | Zig:24   | Got a smoking turquoise ring
105940 | Zig:24   | Identified the ring "Zyseaxtu" {rF+ rC+ rN+ Int-2 Dex+3}
                  | (You found it on level 24 of a ziggurat)
105954 | Zig:25   | Entered Level 25 of a ziggurat
105967 | Zig:25   | Noticed Qautaz the pandemonium lord
105968 | Zig:25   | Noticed Jadulluv the pandemonium lord
105968 | Zig:25   | Noticed Penid the pandemonium lord
105968 | Zig:25   | Noticed Ezimoa the pandemonium lord
105968 | Zig:25   | Noticed Kaamuf Gopae the pandemonium lord
105968 | Zig:25   | Noticed Hauzaepo the pandemonium lord
105968 | Zig:25   | Noticed Fiqeis the pandemonium lord
105968 | Zig:25   | Noticed Anewk the pandemonium lord
105968 | Zig:25   | Noticed Huown the pandemonium lord
105968 | Zig:25   | Noticed Foruxkit the pandemonium lord
105968 | Zig:25   | Noticed Kedur the pandemonium lord
105968 | Zig:25   | Noticed Weohegaq the pandemonium lord
105968 | Zig:25   | Noticed Wiguil the pandemonium lord
105968 | Zig:25   | Noticed Ozeenn the pandemonium lord
105969 | Zig:25   | Noticed Unudik the pandemonium lord
105969 | Zig:25   | Noticed Biwneer the pandemonium lord
105969 | Zig:25   | Noticed Gyzeah the pandemonium lord
105969 | Zig:25   | Noticed Gitiugis the pandemonium lord
105970 | Zig:25   | Noticed Lezuow the pandemonium lord
105970 | Zig:25   | Noticed Zejuisya the pandemonium lord
105970 | Zig:25   | Noticed Kanlatwe the pandemonium lord
105972 | Zig:25   | Killed Huown the pandemonium lord
105972 | Zig:25   | Killed Gyzeah the pandemonium lord
105972 | Zig:25   | Noticed Xocs the pandemonium lord
105972 | Zig:25   | Noticed Obleip the pandemonium lord
105972 | Zig:25   | Noticed Tusodgh the pandemonium lord
105973 | Zig:25   | Killed Kedur the pandemonium lord
105973 | Zig:25   | Killed Jadulluv the pandemonium lord
105973 | Zig:25   | Killed Fiqeis the pandemonium lord
105973 | Zig:25   | Killed Wiguil the pandemonium lord
105973 | Zig:25   | Noticed Jicatat the pandemonium lord
105974 | Zig:25   | Killed Kanlatwe the pandemonium lord
105974 | Zig:25   | Killed Weohegaq the pandemonium lord
105974 | Zig:25   | Noticed Ithrikhliu the pandemonium lord
105975 | Zig:25   | Noticed Etwiyl the pandemonium lord
105975 | Zig:25   | Noticed Ypnoysk the pandemonium lord
105976 | Zig:25   | Killed Veruvae the pandemonium lord
105976 | Zig:25   | Noticed Niwun the pandemonium lord
105977 | Zig:25   | Killed Ypnoysk the pandemonium lord
105977 | Zig:25   | Killed Lezuow the pandemonium lord
105977 | Zig:25   | Killed Qautaz the pandemonium lord
105977 | Zig:25   | Noticed Peamaum the pandemonium lord
105977 | Zig:25   | Noticed Qawnoy the pandemonium lord
105978 | Zig:25   | Noticed Maxiaf the pandemonium lord
105978 | Zig:25   | Noticed Vivoi the pandemonium lord
105978 | Zig:25   | Noticed Noahed the pandemonium lord
105978 | Zig:25   | Noticed Quul the pandemonium lord
105978 | Zig:25   | Noticed Aggas the pandemonium lord
105978 | Zig:25   | Noticed Ziotol the pandemonium lord
105979 | Zig:25   | Killed Hauzaepo the pandemonium lord
105979 | Zig:25   | Killed Zejuisya the pandemonium lord
105979 | Zig:25   | Killed Biwneer the pandemonium lord
105979 | Zig:25   | Killed Ezimoa the pandemonium lord
105979 | Zig:25   | Killed Tusodgh the pandemonium lord
105980 | Zig:25   | Noticed Ateonup the pandemonium lord
105986 | Zig:25   | Killed Foruxkit the pandemonium lord
105986 | Zig:25   | Killed Unudik the pandemonium lord
105986 | Zig:25   | Killed Gitiugis the pandemonium lord
105986 | Zig:25   | Killed Ozeenn the pandemonium lord
105987 | Zig:25   | Killed Anewk the pandemonium lord
105987 | Zig:25   | Killed Niwun the pandemonium lord
105987 | Zig:25   | Killed Xocs the pandemonium lord
105988 | Zig:25   | Killed Penid the pandemonium lord
105988 | Zig:25   | Noticed Empiu the pandemonium lord
105989 | Zig:25   | Killed Qawnoy the pandemonium lord
105989 | Zig:25   | Killed Etwiyl the pandemonium lord
105989 | Zig:25   | Killed Maxiaf the pandemonium lord
105989 | Zig:25   | Killed Vivoi the pandemonium lord
105991 | Zig:25   | Killed Quul the pandemonium lord
105991 | Zig:25   | Killed Jicatat the pandemonium lord
105992 | Zig:25   | Killed Ithrikhliu the pandemonium lord
105994 | Zig:25   | Noticed Mipsifybi the pandemonium lord
105995 | Zig:25   | Killed Empiu the pandemonium lord
105995 | Zig:25   | Noticed Jigiff the pandemonium lord
105995 | Zig:25   | Noticed Cipa the pandemonium lord
105996 | Zig:25   | Noticed Cyckun the pandemonium lord
105997 | Zig:25   | Killed Obleip the pandemonium lord
105999 | Zig:25   | Killed Peamaum the pandemonium lord
106001 | Zig:25   | Killed Ateonup the pandemonium lord
106001 | Zig:25   | Killed Jigiff the pandemonium lord
106002 | Zig:25   | Killed Aggas the pandemonium lord
106002 | Zig:25   | Killed Cyckun the pandemonium lord
106003 | Zig:25   | Killed Cipa the pandemonium lord
106004 | Zig:25   | Killed Noahed the pandemonium lord
106004 | Zig:25   | Killed Mipsifybi the pandemonium lord
106005 | Zig:25   | Killed Kaamuf Gopae the pandemonium lord
106008 | Zig:25   | Noticed Zaipoedea the pandemonium lord
106009 | Zig:25   | Killed Ziotol the pandemonium lord
106016 | Zig:25   | Killed Zaipoedea the pandemonium lord
106017 | Zig:25   | Noticed Puekh the pandemonium lord
106017 | Zig:25   | Noticed Jotuupsy the pandemonium lord
106017 | Zig:25   | Noticed Xottozau the pandemonium lord
106017 | Zig:25   | Noticed Tootorph the pandemonium lord
106020 | Zig:25   | Killed Puekh the pandemonium lord
106031 | Zig:25   | Noticed Verph the pandemonium lord
106031 | Zig:25   | Noticed Izedgh the pandemonium lord
106032 | Zig:25   | Noticed Zeesienk the pandemonium lord
106032 | Zig:25   | Noticed Asio the pandemonium lord
106033 | Zig:25   | Noticed Liotan the pandemonium lord
106034 | Zig:25   | Noticed Epsu the pandemonium lord
106034 | Zig:25   | Noticed Zaomyphi the pandemonium lord
106034 | Zig:25   | Noticed Erroclif the pandemonium lord
106036 | Zig:25   | Killed Xottozau the pandemonium lord
106036 | Zig:25   | Killed Asio the pandemonium lord
106036 | Zig:25   | Noticed Ajowov the pandemonium lord
106037 | Zig:25   | Killed Jotuupsy the pandemonium lord
106037 | Zig:25   | Killed Izedgh the pandemonium lord
106037 | Zig:25   | Noticed Keuss the pandemonium lord
106037 | Zig:25   | Noticed Irioroen the pandemonium lord
106038 | Zig:25   | Noticed Ijucze the pandemonium lord
106039 | Zig:25   | Noticed Inontin the pandemonium lord
106040 | Zig:25   | Noticed Kelomm the pandemonium lord
106043 | Zig:25   | Killed Verph the pandemonium lord
106043 | Zig:25   | Killed Tootorph the pandemonium lord
106043 | Zig:25   | Killed Erroclif the pandemonium lord
106043 | Zig:25   | Killed Zaomyphi the pandemonium lord
106043 | Zig:25   | Killed Irioroen the pandemonium lord
106044 | Zig:25   | Killed Epsu the pandemonium lord
106046 | Zig:25   | Killed Keuss the pandemonium lord
106046 | Zig:25   | Killed Liotan the pandemonium lord
106047 | Zig:25   | Killed Zeesienk the pandemonium lord
106054 | Zig:25   | Gained mutation: You are weak. (Str -2) [mutagenic glow]
106060 | Zig:25   | Noticed Ruteraer the pandemonium lord
106061 | Zig:25   | Found the +5 scythe "Finisher" {speed, eviscerate}
106062 | Zig:25   | Killed Ruteraer the pandemonium lord
106064 | Zig:25   | Killed Inontin the pandemonium lord
106071 | Zig:25   | Killed Ijucze the pandemonium lord
106071 | Zig:25   | Killed Kelomm the pandemonium lord
106078 | Zig:25   | Found the brooch of Shielding {Reflect SH+8}
106093 | Zig:25   | Killed Ajowov the pandemonium lord
106231 | Zig:25   | Lost mutation: You have a somewhat thin skeletal structure.
                  | (Dex +2, Stealth) [potion of mutation]
106231 | Zig:25   | Lost mutation: You expend magic power (3 MP) to strengthen
                  | your wands. [potion of mutation]
106231 | Zig:25   | Lost mutation: Your spells are a little easier to cast, but
                  | a little less powerful. [potion of mutation]
106231 | Zig:25   | Gained mutation: You have large cloven feet. [potion of
                  | mutation]
106232 | Zig:25   | Lost mutation: Your mind is acute. (Int +2) [potion of
                  | mutation]
106232 | Zig:25   | Lost mutation: You passively map a small area around you.
                  | [potion of mutation]
106232 | Zig:25   | Lost mutation: You have large cloven feet. [potion of
                  | mutation]
106233 | Zig:25   | Lost mutation: You are weak. (Str -2) [potion of mutation]
106233 | Zig:25   | Lost mutation: Potions are less effective at restoring your
                  | health. [potion of mutation]
106233 | Zig:25   | Gained mutation: Your mind is acute. (Int +2) [potion of
                  | mutation]
106243 | Zig:25   | Identified the Compendium of Changing and Hexes
106277 | Zig:25   | Identified the Catalogue of Flying Enhancements
106306 | Zig:26   | Entered Level 26 of a ziggurat
106321 | Zig:26   | Noticed an ancient lich
106326 | Zig:26   | Noticed an ancient lich
106326 | Zig:26   | Noticed an ancient lich
106326 | Zig:26   | Noticed an ancient lich
106326 | Zig:26   | Noticed an ancient lich
106326 | Zig:26   | Noticed an ancient lich
106327 | Zig:26   | Killed an ancient lich
106327 | Zig:26   | Killed an ancient lich
106327 | Zig:26   | Killed an ancient lich
106327 | Zig:26   | Killed an ancient lich
106327 | Zig:26   | Noticed an ancient lich
106327 | Zig:26   | Noticed an ancient lich
106328 | Zig:26   | Killed an ancient lich
106328 | Zig:26   | Killed an ancient lich
106330 | Zig:26   | Killed an ancient lich
106330 | Zig:26   | Noticed an ancient lich
106331 | Zig:26   | Killed an ancient lich
106331 | Zig:26   | Noticed an ancient lich
106332 | Zig:26   | Killed an ancient lich
106332 | Zig:26   | Killed an ancient lich
106333 | Zig:26   | Noticed an ancient lich
106336 | Zig:26   | Killed an ancient lich
106337 | Zig:26   | Noticed an ancient lich
106338 | Zig:26   | Killed an ancient lich
106341 | Zig:26   | Noticed an ancient lich
106344 | Zig:26   | Killed an ancient lich
106412 | Zig:26   | Found the +3 robe of Folly {Archmagi, MR-- Int+5}
106442 | Zig:26   | Got an ancient ivory ring
106444 | Zig:26   | Identified the +2 cloak of Pennelim {Regen+ SInv} (You
                  | found it on level 23 of a ziggurat)
106446 | Zig:26   | Identified the amulet "Adumor" {Inacc rPois rN+ Str+4} (You
                  | found it on level 23 of a ziggurat)
106448 | Zig:26   | Identified the ring "Poqem" {rPois rN++ Int-4 SInv Stlth-}
                  | (You found it on level 26 of a ziggurat)
106485 | Zig:27   | Entered Level 27 of a ziggurat
106850 | Zig:27   | Identified the Reference Book on Noxious Hexes
106883 | D:15     | Reached skill level 1 in Axes
106883 | D:15     | Reached skill level 1 in Slings
106883 | D:15     | Reached skill level 1 in Bows
106883 | D:15     | Reached skill level 1 in Crossbows
106883 | D:15     | Reached skill level 1 in Summonings
106883 | D:15     | Reached skill level 1 in Translocations
106883 | D:15     | Reached skill level 1 in Poison Magic
106886 | D:15     | Upgraded the game from 0.25-a0-558-g78a2afb0af to
                  | 0.25-a0-565-g8875c97ebb
106984 | Zot:1    | Entered Level 1 of the Realm of Zot
108357 | Zot:2    | Found a transporter.
108365 | Zot:2    | Noticed an orb of fire
108380 | Zot:2    | Found a transporter.
108853 | Zot:2    | Killed an orb of fire
109062 | Zot:3    | Found a runed translucent gate.
109218 | Zot:3    | Found a transporter.
109494 | Zot:3    | Found a runed translucent gate.
109495 | Zot:3    | Found a runed translucent gate.
109558 | Zot:3    | Noticed an orb of fire
109558 | Zot:3    | Noticed kroki's ghost (veteran DDFi)
109589 | Zot:3    | Killed kroki's ghost
109589 | Zot:3    | Killed an orb of fire
109738 | Zot:3    | Identified the cursed +0 pair of boots of Xom's Reproof
                  | {rElec Str+4} (You found it on level 3 of the Realm of Zot)
109740 | Zot:3    | Identified the +1 pair of boots of Hedge Wizardry {rPois
                  | Str+4} (You found it on level 3 of the Realm of Zot)
109743 | Zot:3    | Identified the Disquisition on Bewitchment and
                  | Confrontation
109780 | Zot:3    | Noticed an ancient lich
109854 | Zot:3    | Killed an ancient lich
109886 | Zot:3    | Found a transporter.
109958 | Zot:3    | Got a wavering bronze ring
109959 | Zot:3    | Identified the ring "Byrghoutt" {*Tele rPois rC+ Int+3}
                  | (You found it on level 3 of the Realm of Zot)
109964 | Zot:3    | Identified the +2 pair of gloves of Classification {Stlth+}
                  | (You found it on level 3 of the Realm of Zot)
110260 | Zot:4    | Identified the -6 cloak of Ruraos {rElec MR- Int+9} (You
                  | found it on level 4 of the Realm of Zot)
110739 | Zot:5    | Entered Level 5 of the Realm of Zot
110923 | Zot:5    | Noticed an ancient lich
110930 | Zot:5    | Killed an ancient lich
110979 | Zot:5    | Noticed an ancient lich
110984 | Zot:5    | Killed an ancient lich
111003 | Zot:5    | Noticed an orb of fire
111005 | Zot:5    | Gained mutation: Armour fits poorly on your strangely
                  | shaped body. [an orb of fire]
111022 | Zot:5    | Killed an orb of fire
111151 | Zot:5    | Noticed an orb of fire
111158 | Zot:5    | Noticed an orb of fire
111160 | Zot:5    | Killed an orb of fire
111161 | Zot:5    | Killed an orb of fire
111161 | Zot:5    | Noticed an ancient lich
111163 | Zot:5    | Noticed an orb of fire
111167 | Zot:5    | Killed an orb of fire
111170 | Zot:5    | Noticed an orb of fire
111170 | Zot:5    | Noticed an ancient lich
111170 | Zot:5    | Gained mutation: You tend to lose your temper in combat.
                  | [an orb of fire]
111173 | Zot:5    | Killed an ancient lich
111176 | Zot:5    | Noticed an ancient lich
111177 | Zot:5    | Noticed an ancient lich
111178 | Zot:5    | Noticed an orb of fire
111179 | Zot:5    | Noticed an ancient lich
111181 | Zot:5    | Killed an ancient lich
111181 | Zot:5    | Gained mutation: Your body sometimes deteriorates upon
                  | taking damage. [an orb of fire]
111182 | Zot:5    | Killed an ancient lich
111186 | Zot:5    | Killed an ancient lich
111186 | Zot:5    | Killed an ancient lich
111187 | Zot:5    | Noticed an ancient lich
111187 | Zot:5    | Killed an orb of fire
111188 | Zot:5    | Killed an orb of fire
111192 | Zot:5    | Noticed an ancient lich
111197 | Zot:5    | Killed an ancient lich
111211 | Zot:5    | Killed an ancient lich
111329 | Zot:5    | Lost mutation: Your body sometimes deteriorates upon taking
                  | damage. [potion of mutation]
111329 | Zot:5    | Lost mutation: Armour fits poorly on your strangely shaped
                  | body. [potion of mutation]
111329 | Zot:5    | Lost mutation: You tend to lose your temper in combat.
                  | [potion of mutation]
111329 | Zot:5    | Lost mutation: You are partially covered in molten scales.
                  | (AC +2) [potion of mutation]
111329 | Zot:5    | Gained mutation: You expend magic power (3 MP) to
                  | strengthen your wands. [potion of mutation]
111329 | Zot:5    | Gained mutation: You are robust. (+10% HP) [potion of
                  | mutation]
111788 | Pan      | Entered Pandemonium
111927 | Pan      | Found a glowing silver altar of Zin.
112593 | Pan      | Found a white marble altar of Elyvilon.
113640 | Pan      | Identified the ring "Xismufy" {rN+ Int+3 Stlth-}
113877 | Pan      | Noticed a seraph
113878 | Pan      | Found a glowing golden altar of the Shining One.
113881 | Pan      | Killed a seraph
113901 | Pan      | Got a demonic rune of Zot
113908 | Pan      | Identified the +2 helmet of Mirth {Int+6} (You found it in
                  | Pandemonium)
114824 | Pan      | Found an exit through the horrors of the Abyss.
114833 | Pan      | Entered the realm of Lom Lobon.
115196 | Pan      | Noticed Lom Lobon
115212 | Pan      | Killed Lom Lobon
115234 | Pan      | Got a magical rune of Zot
116075 | Pan      | Entered the realm of Cerebov.
116297 | Pan      | Identified the +6 sword of Cerebov {flame}
116297 | Pan      | Noticed Cerebov
116304 | Pan      | Killed Cerebov
116332 | Pan      | Got a fiery rune of Zot
116426 | Pan      | Got a faintly glowing iron ring
116427 | Pan      | Identified the ring of the Shining Light {*Drain rElec rN++
                  | Str+2 Int+2} (You found it in Pandemonium)
116430 | Pan      | Got a pitted silver amulet
116431 | Pan      | Identified the amulet "Tunura" {Faith Slay+4 SInv} (You
                  | found it in Pandemonium)
116500 | Pan      | Got a faintly glowing wooden ring
116501 | Pan      | Identified the ring of Elijefost {*Slow +Blink MR+ Int+3}
                  | (You found it in Pandemonium)
116627 | Pan      | Found an exit through the horrors of the Abyss.
116629 | Pan      | Entered the realm of Mnoleg.
116695 | Pan      | Gained mutation: Your spells are a little easier to cast,
                  | but a little less powerful. [a neqoxec]
116982 | Pan      | Gained mutation: You are clumsy. (Dex -2) [a neqoxec]
117016 | Pan      | Lost mutation: Your mind is acute. (Int +2) [a cacodemon]
117176 | Pan      | Noticed Mnoleg
117184 | Pan      | Killed Mnoleg
117342 | Pan      | Got a glowing rune of Zot
117760 | Pan      | Gained mutation: Your body sometimes deteriorates upon
                  | taking damage. [a cacodemon]
117875 | Pan      | Noticed Xumyo the pandemonium lord
117881 | Pan      | Killed Xumyo the pandemonium lord
118077 | Pan      | Noticed Isabo the pandemonium lord
118081 | Pan      | Paralysed by a floating eye for 3 turns
118087 | Pan      | Killed Isabo the pandemonium lord
118146 | Pan      | Got a smoking bone ring
118147 | Pan      | Identified the ring of Vuttesel {*Drain rPois rC+ rN+ MR+}
                  | (You found it in Pandemonium)
118331 | Pan      | Noticed Zalynav the pandemonium lord
118336 | Pan      | Killed Zalynav the pandemonium lord
118444 | Pan      | Found an exit through the horrors of the Abyss.
118486 | Pan      | Reached skill level 27 in Long Blades
118573 | Pan      | Entered the realm of Gloorx Vloq.
118702 | Pan      | Noticed Gloorx Vloq
118710 | Pan      | Killed Gloorx Vloq
118767 | Pan      | Got a dark rune of Zot
118933 | Pan      | Found an exit through the horrors of the Abyss.
119018 | Pan      | Noticed Pyfrag the pandemonium lord
119026 | Pan      | Killed Pyfrag the pandemonium lord
119048 | Pan      | Found an exit through the horrors of the Abyss.
119108 | Pan      | Found a runed translucent door.
119488 | Pan      | Noticed Gyodiguu the pandemonium lord
119499 | Pan      | Killed Gyodiguu the pandemonium lord
119559 | Pan      | Found a runed translucent door.
119559 | Pan      | Found a runed translucent door.
119597 | Pan      | Noticed Moviqoi the pandemonium lord
119602 | Pan      | Killed Moviqoi the pandemonium lord
119603 | Pan      | Found a runed translucent door.
119603 | Pan      | Found a runed translucent door.
119769 | Pan      | Found an exit through the horrors of the Abyss.
119862 | Depths:5 | Escaped Pandemonium
120001 | Zig:1    | Entered Level 1 of a ziggurat
120112 | Zig:2    | Entered Level 2 of a ziggurat
120112 | Zig:2    | Noticed a juggernaut
120116 | Zig:2    | Killed a juggernaut
120264 | Zig:3    | Entered Level 3 of a ziggurat
120264 | Zig:3    | Noticed Izoc the pandemonium lord
120274 | Zig:3    | Killed Izoc the pandemonium lord
120399 | Zig:4    | Entered Level 4 of a ziggurat
120450 | Zig:5    | Entered Level 5 of a ziggurat
120453 | Zig:5    | Noticed Yntoedd the pandemonium lord
120455 | Zig:5    | Killed Yntoedd the pandemonium lord
120456 | Zig:5    | Noticed Qogelih the pandemonium lord
120460 | Zig:5    | Noticed Quch the pandemonium lord
120463 | Zig:5    | Killed Qogelih the pandemonium lord
120467 | Zig:5    | Killed Quch the pandemonium lord
120582 | Zig:5    | Lost mutation: You are robust. (+10% HP) [potion of
                  | mutation]
120582 | Zig:5    | Lost mutation: You expend magic power (3 MP) to strengthen
                  | your wands. [potion of mutation]
120582 | Zig:5    | Lost mutation: Your body sometimes deteriorates upon taking
                  | damage. [potion of mutation]
120583 | Zig:5    | Lost mutation: You are somewhat resistant to further
                  | mutation. [potion of mutation]
120583 | Zig:5    | Lost mutation: You are clumsy. (Dex -2) [potion of
                  | mutation]
120583 | Zig:5    | Lost mutation: Your spells are a little easier to cast, but
                  | a little less powerful. [potion of mutation]
120583 | Zig:5    | Gained mutation: You are partially covered in slimy green
                  | scales. (AC +2) [potion of mutation]
120583 | Zig:5    | Gained mutation: You are resistant to hostile enchantments.
                  | (MR+) [potion of mutation]
120592 | Zig:5    | Reached skill level 27 in Short Blades
120619 | Zig:6    | Entered Level 6 of a ziggurat
120669 | Zig:7    | Entered Level 7 of a ziggurat
120672 | Zig:7    | Noticed an ancient lich
120678 | Zig:7    | Killed an ancient lich
120681 | Zig:7    | Found the +8 demon blade "Leech" {vamp, *Rage +Rage rN+}
120743 | Zig:7    | Got a wavering pewter ring
120757 | Zig:8    | Entered Level 8 of a ziggurat
120760 | Zig:8    | Noticed an ancient lich
120761 | Zig:8    | Noticed an ancient lich
120762 | Zig:8    | Noticed an ancient lich
120764 | Zig:8    | Killed an ancient lich
120764 | Zig:8    | Killed an ancient lich
120764 | Zig:8    | Killed an ancient lich
120765 | Zig:8    | Noticed an ancient lich
120768 | Zig:8    | Found the +7 great mace "Firestarter" {inner flame, rF++}
120769 | Zig:8    | Killed an ancient lich
120774 | Zig:8    | Found the +10 dark maul {vorpal}
120809 | Zig:9    | Entered Level 9 of a ziggurat
120811 | Zig:9    | Noticed an ancient lich
120812 | Zig:9    | Noticed an ancient lich
120812 | Zig:9    | Noticed an ancient lich
120812 | Zig:9    | Noticed an ancient lich
120812 | Zig:9    | Noticed an ancient lich
120812 | Zig:9    | Noticed an ancient lich
120813 | Zig:9    | Found the +6 shillelagh "Devastator" {shatter}
120813 | Zig:9    | Killed an ancient lich
120814 | Zig:9    | Killed an ancient lich
120814 | Zig:9    | Killed an ancient lich
120814 | Zig:9    | Killed an ancient lich
120815 | Zig:9    | Killed an ancient lich
120815 | Zig:9    | Killed an ancient lich
120899 | Zig:9    | Got a glittering ivory ring
120900 | Zig:9    | Identified the ring "Nahet" {rPois rC++ rN+ Int+4} (You
                  | found it on level 7 of a ziggurat)
120902 | Zig:9    | Identified the ring "Daruras" {Slay+2 SInv} (You found it
                  | on level 9 of a ziggurat)
120927 | Zig:9    | Got a heavily runed sapphire amulet
120928 | Zig:9    | Identified the amulet "Xaedomp" {Gourm rF++ Dex+4 Stlth+}
                  | (You found it on level 9 of a ziggurat)
120931 | Zig:9    | Got a warped bronze ring
120932 | Zig:9    | Identified the Collected Works on Destructive Venom
120935 | Zig:9    | Identified the ring of Zetoepp {*Drain rC+++ rN+ MR++
                  | Int-4} (You found it on level 9 of a ziggurat)
120941 | Zig:10   | Entered Level 10 of a ziggurat
120948 | Zig:10   | Paralysed by accursed screaming for 2 turns
120970 | Zig:10   | Found the +9 heavy crossbow "Sniper" {vorpal, Acc+∞ SInv}
121112 | Zig:10   | Identified the Grimoire of Lethal Snow
121121 | Zig:10   | Identified the Guide on Aerial Translocation
121138 | Zig:11   | Entered Level 11 of a ziggurat
121223 | Zig:11   | Identified the Incunabulum of the Oath
121228 | Zig:12   | Entered Level 12 of a ziggurat
121277 | Zig:12   | Found the +3 giant club "Skullcrusher" {speed, Str+7}
121316 | Zig:12   | Found the +4 dagger "Morg" {pain, MR+ Int+5}
121369 | Zig:12   | Got a coiled bronze ring
121370 | Zig:12   | Identified the cursed ring "Dotoptux" {Str-3 Int-3 Dex+2
                  | Stlth+} (You found it on level 12 of a ziggurat)
121376 | Zig:13   | Entered Level 13 of a ziggurat
121381 | Zig:13   | Noticed Emnolon the pandemonium lord
121381 | Zig:13   | Noticed Xechedits the pandemonium lord
121382 | Zig:13   | Noticed Gexkiph the pandemonium lord
121382 | Zig:13   | Noticed Wekkejag the pandemonium lord
121382 | Zig:13   | Noticed Uxtafyaw the pandemonium lord
121382 | Zig:13   | Noticed Ateimi the pandemonium lord
121382 | Zig:13   | Noticed Akusamm the pandemonium lord
121382 | Zig:13   | Noticed Zianuj the pandemonium lord
121382 | Zig:13   | Noticed Haffyumn the pandemonium lord
121382 | Zig:13   | Noticed Zuzoh the pandemonium lord
121382 | Zig:13   | Noticed Cusuan the pandemonium lord
121382 | Zig:13   | Noticed Reeg Vum the pandemonium lord
121382 | Zig:13   | Noticed Itun the pandemonium lord
121382 | Zig:13   | Noticed Kugedwug the pandemonium lord
121382 | Zig:13   | Noticed Nefi the pandemonium lord
121382 | Zig:13   | Noticed Nasmeughi the pandemonium lord
121383 | Zig:13   | Killed Kugedwug the pandemonium lord
121386 | Zig:13   | Killed Xechedits the pandemonium lord
121386 | Zig:13   | Killed Reeg Vum the pandemonium lord
121386 | Zig:13   | Killed Zianuj the pandemonium lord
121387 | Zig:13   | Killed Nasmeughi the pandemonium lord
121387 | Zig:13   | Killed Ateimi the pandemonium lord
121388 | Zig:13   | Killed Haffyumn the pandemonium lord
121388 | Zig:13   | Killed Itun the pandemonium lord
121388 | Zig:13   | Killed Emnolon the pandemonium lord
121388 | Zig:13   | Killed Uxtafyaw the pandemonium lord
121389 | Zig:13   | Killed Zuzoh the pandemonium lord
121389 | Zig:13   | Killed Cusuan the pandemonium lord
121390 | Zig:13   | Killed Wekkejag the pandemonium lord
121391 | Zig:13   | Killed Akusamm the pandemonium lord
121399 | Zig:13   | Killed Nefi the pandemonium lord
121400 | Zig:13   | Killed Gexkiph the pandemonium lord
121508 | Zig:13   | Got a slimy jade ring
121511 | Zig:13   | Identified the ring "Keenuel" {+Inv Int+3 Dex+3 Stlth+}
                  | (You found it on level 13 of a ziggurat)
121533 | Zig:14   | Entered Level 14 of a ziggurat
121547 | Zig:14   | Noticed Qidam the pandemonium lord
121558 | Zig:14   | Killed Qidam the pandemonium lord
121818 | Zig:14   | Got a transparent bronze ring
121819 | Zig:14   | Identified the ring "Zouxkyud" {rC+ rCorr Int+4 Dex-2} (You
                  | found it on level 14 of a ziggurat)
121822 | Zig:14   | Identified the +1 helmet of the Gloaming {rC+ Int+6 Dex+4}
                  | (You found it on level 14 of a ziggurat)
121825 | Zig:14   | Got a coiled bone ring
121826 | Zig:14   | Identified the ring of Teleth {Fire *Slow rElec rN+ Dex+6}
                  | (You found it on level 14 of a ziggurat)
121856 | Zig:15   | Entered Level 15 of a ziggurat
121863 | Zig:15   | Noticed an ancient lich
121863 | Zig:15   | Noticed an ancient lich
121863 | Zig:15   | Noticed an ancient lich
121865 | Zig:15   | Noticed an ancient lich
121866 | Zig:15   | Noticed an ancient lich
121867 | Zig:15   | Noticed an ancient lich
121868 | Zig:15   | Killed an ancient lich
121868 | Zig:15   | Killed an ancient lich
121869 | Zig:15   | Killed an ancient lich
121869 | Zig:15   | Killed an ancient lich
121869 | Zig:15   | Killed an ancient lich
121869 | Zig:15   | Noticed an ancient lich
121870 | Zig:15   | Killed an ancient lich
121870 | Zig:15   | Noticed an ancient lich
121874 | Zig:15   | Killed an ancient lich
121875 | Zig:15   | Killed an ancient lich
121894 | Zig:15   | Got a vibrating marble ring
121899 | Zig:15   | Identified the ring "Beno Futz" {*Drain +Fly MP-9 SInv
                  | Stlth+} (You found it on level 15 of a ziggurat)
122136 | Zig:16   | Entered Level 16 of a ziggurat
122248 | Zig:16   | Got a pitted jade ring
122249 | Zig:16   | Identified the ring of Xom's Reproof {rPois rF+ Str+4 Int-3
                  | SInv} (You found it on level 16 of a ziggurat)
122290 | Zig:16   | Got a wavering marble ring
122292 | Zig:16   | Identified the ring "Nofiutir" {rPois MR+ MP+9 Str+3
                  | Slay+3} (You found it on level 16 of a ziggurat)
122446 | Zig:16   | Reached skill level 27 in Axes
122449 | Zig:17   | Entered Level 17 of a ziggurat
122457 | Zig:17   | Noticed an ancient lich
122460 | Zig:17   | Noticed an ancient lich
122460 | Zig:17   | Noticed an ancient lich
122460 | Zig:17   | Noticed an ancient lich
122460 | Zig:17   | Noticed an ancient lich
122460 | Zig:17   | Noticed an ancient lich
122461 | Zig:17   | Killed an ancient lich
122461 | Zig:17   | Killed an ancient lich
122462 | Zig:17   | Killed an ancient lich
122462 | Zig:17   | Killed an ancient lich
122464 | Zig:17   | Killed an ancient lich
122464 | Zig:17   | Noticed an ancient lich
122466 | Zig:17   | Noticed an ancient lich
122466 | Zig:17   | Noticed an ancient lich
122467 | Zig:17   | Killed an ancient lich
122467 | Zig:17   | Killed an ancient lich
122468 | Zig:17   | Killed an ancient lich
122468 | Zig:17   | Killed an ancient lich
122469 | Zig:17   | Noticed an ancient lich
122471 | Zig:17   | Killed an ancient lich
122471 | Zig:17   | Noticed an ancient lich
122480 | Zig:17   | Killed an ancient lich
122674 | Zig:17   | Identified the Grimoire of Noxious Earth
122696 | Zig:17   | Identified the Collected Works on Supportive Augmentations
122711 | Zig:18   | Entered Level 18 of a ziggurat
122723 | Zig:18   | Noticed an ancient lich
122723 | Zig:18   | Noticed an ancient lich
122724 | Zig:18   | Noticed an ancient lich
122724 | Zig:18   | Noticed an ancient lich
122726 | Zig:18   | Killed an ancient lich
122726 | Zig:18   | Killed an ancient lich
122726 | Zig:18   | Killed an ancient lich
122729 | Zig:18   | Killed an ancient lich
122730 | Zig:18   | Noticed an ancient lich
122731 | Zig:18   | Killed an ancient lich
122734 | Zig:18   | Noticed an ancient lich
122735 | Zig:18   | Killed an ancient lich
122735 | Zig:18   | Noticed an ancient lich
122736 | Zig:18   | Noticed an ancient lich
122739 | Zig:18   | Killed an ancient lich
122740 | Zig:18   | Killed an ancient lich
122786 | Zig:18   | Identified the +0 pair of boots of the Lich-sworn {MR++
                  | MP+9} (You acquired it on level 18 of a ziggurat)
122838 | Zig:18   | Got a scorched ruby amulet
122839 | Zig:18   | Identified the amulet of Impatience {+Rage rPois rC+ MR+}
                  | (You found it on level 18 of a ziggurat)
122843 | Zig:18   | Identified the cursed +0 pair of boots of Kindness {rF+ rN+
                  | Regen+ Int+7 Dex-2} (You found it on level 18 of a
                  | ziggurat)
122857 | Zig:18   | Identified Palal's Arcane Secrets of Secret Knowledge
122864 | Zig:18   | Reached skill level 27 in Bows
122867 | Zig:19   | Entered Level 19 of a ziggurat
122880 | Zig:19   | Paralysed by a floating eye for 3 turns
122899 | Zig:19   | Lost mutation: You are partially covered in slimy green
                  | scales. (AC +2) [a shining eye]
123193 | Zig:19   | Reached skill level 27 in Crossbows
123202 | Zig:20   | Entered Level 20 of a ziggurat
123217 | Zig:20   | Found the +3 crown of Dyrovepreva {rElec Int+2 SInv}
123488 | Zig:20   | Found the +2 shield of Resistance {rF+ rC+ MR+}
123506 | Zig:20   | Identified the Handbook of Creative Changing
123520 | Zig:20   | Got a scorched platinum ring
123521 | Zig:20   | Identified the ring "Qesuyj" {rC+ SInv} (You found it on
                  | level 20 of a ziggurat)
123565 | Zig:20   | Identified the cursed -6 pair of gloves of Zucosem {Int+3
                  | Stlth+} (You found it on level 20 of a ziggurat)
123575 | Zig:21   | Entered Level 21 of a ziggurat
123590 | Zig:21   | Noticed an ancient lich
123592 | Zig:21   | Noticed an ancient lich
123594 | Zig:21   | Killed an ancient lich
123594 | Zig:21   | Killed an ancient lich
123595 | Zig:21   | Noticed an ancient lich
123596 | Zig:21   | Gained mutation: You possess an exceptional clarity of
                  | mind. [a neqoxec]
123598 | Zig:21   | Killed an ancient lich
123606 | Zig:21   | Gained mutation: Armour fits poorly on your strangely
                  | shaped body. [a cacodemon]
123707 | Zig:21   | Identified the +2 pair of boots "Kiuhirr" {Str+4 Int+2
                  | Dex+3 Stlth+} (You found it on level 21 of a ziggurat)
123740 | Zig:22   | Entered Level 22 of a ziggurat
123754 | Zig:22   | Found the +8 orange crystal plate armour {Archmagi, Int+3
                  | Clar}
123754 | Zig:22   | Found the +7 captain's cutlass {speed, disarm}
123991 | Zig:22   | Found the +7 lajatang of Order {silver, rMut}
124040 | Zig:22   | Got a transparent ivory amulet
124041 | Zig:22   | Identified the amulet "Gyasow" {rElec Regen+ Stlth+} (You
                  | found it on level 22 of a ziggurat)
124045 | Zig:22   | Identified the +1 pair of boots "Lufodwiy" {rC++ Dex+4
                  | Stlth-} (You found it on level 22 of a ziggurat)
124100 | Zig:23   | Entered Level 23 of a ziggurat
124140 | Zig:23   | Found the +7 pair of quick blades "Gyre" and "Gimble"
                  | {protect}
124258 | Zig:23   | Identified the cursed +0 buckler "Paow" {-Tele Int+6 Dex+2
                  | Stlth+} (You found it on level 23 of a ziggurat)
124295 | Zig:23   | Reached skill level 27 in Hexes
124377 | Zig:24   | Entered Level 24 of a ziggurat
124389 | Zig:24   | Noticed Vaekkuq the pandemonium lord
124390 | Zig:24   | Noticed Botiuce the pandemonium lord
124390 | Zig:24   | Noticed Qiodul the pandemonium lord
124390 | Zig:24   | Noticed Dyecai Egru the pandemonium lord
124390 | Zig:24   | Noticed Vielyuw the pandemonium lord
124390 | Zig:24   | Noticed Nymyfeum the pandemonium lord
124390 | Zig:24   | Noticed Duga the pandemonium lord
124390 | Zig:24   | Noticed Foxall the pandemonium lord
124390 | Zig:24   | Noticed Cixkady the pandemonium lord
124390 | Zig:24   | Noticed Daod the pandemonium lord
124390 | Zig:24   | Noticed Rusemy the pandemonium lord
124390 | Zig:24   | Noticed Tusutae the pandemonium lord
124390 | Zig:24   | Noticed Davoil the pandemonium lord
124390 | Zig:24   | Noticed Fuimunn the pandemonium lord
124390 | Zig:24   | Noticed Wiboan the pandemonium lord
124390 | Zig:24   | Noticed Taekot the pandemonium lord
124390 | Zig:24   | Noticed Ecarreuq the pandemonium lord
124390 | Zig:24   | Noticed Leustum the pandemonium lord
124390 | Zig:24   | Noticed Inkiuxia the pandemonium lord
124390 | Zig:24   | Noticed Sezaun the pandemonium lord
124390 | Zig:24   | Noticed Ulav the pandemonium lord
124391 | Zig:24   | Noticed Tashosie the pandemonium lord
124391 | Zig:24   | Noticed Omoug the pandemonium lord
124391 | Zig:24   | Noticed Tuschagh the pandemonium lord
124391 | Zig:24   | Noticed Emustocw the pandemonium lord
124391 | Zig:24   | Noticed Penoikh the pandemonium lord
124391 | Zig:24   | Noticed Eteotexa the pandemonium lord
124391 | Zig:24   | Noticed Vesat the pandemonium lord
124391 | Zig:24   | Noticed Ighonin the pandemonium lord
124391 | Zig:24   | Noticed Sibeghua the pandemonium lord
124391 | Zig:24   | Noticed Waaddeaw the pandemonium lord
124391 | Zig:24   | Noticed Qometuor the pandemonium lord
124391 | Zig:24   | Noticed Piexty the pandemonium lord
124391 | Zig:24   | Noticed Taemnad the pandemonium lord
124391 | Zig:24   | Noticed Setik the pandemonium lord
124391 | Zig:24   | Noticed Gucimam the pandemonium lord
124391 | Zig:24   | Noticed Cuxe the pandemonium lord
124391 | Zig:24   | Noticed Xexze the pandemonium lord
124391 | Zig:24   | Noticed Ceedo the pandemonium lord
124391 | Zig:24   | Noticed Jaetweakh the pandemonium lord
124391 | Zig:24   | Noticed Vifuf the pandemonium lord
124391 | Zig:24   | Noticed Kielypan the pandemonium lord
124391 | Zig:24   | Noticed Xeuxkoni the pandemonium lord
124391 | Zig:24   | Noticed Vuixanam the pandemonium lord
124391 | Zig:24   | Noticed Kygobb the pandemonium lord
124392 | Zig:24   | Found the +2 hat of the Bear Spirit {Spirit, +Rage rN+
                  | MR++}
124392 | Zig:24   | Found the +10 morningstar "Eos" {elec, Halo rElec}
124392 | Zig:24   | Killed Gucimam the pandemonium lord
124392 | Zig:24   | Killed Vifuf the pandemonium lord
124392 | Zig:24   | Killed Sibeghua the pandemonium lord
124392 | Zig:24   | Killed Qometuor the pandemonium lord
124392 | Zig:24   | Killed Dyecai Egru the pandemonium lord
124392 | Zig:24   | Killed Vesat the pandemonium lord
124392 | Zig:24   | Killed Vielyuw the pandemonium lord
124392 | Zig:24   | Killed Cuxe the pandemonium lord
124392 | Zig:24   | Killed Rusemy the pandemonium lord
124392 | Zig:24   | Killed Kygobb the pandemonium lord
124392 | Zig:24   | Killed Qiodul the pandemonium lord
124392 | Zig:24   | Killed Daod the pandemonium lord
124392 | Zig:24   | Noticed Vakhom the pandemonium lord
124393 | Zig:24   | Noticed Irhojivatev the pandemonium lord
124393 | Zig:24   | Noticed Enocuir the pandemonium lord
124394 | Zig:24   | Noticed Geesu the pandemonium lord
124394 | Zig:24   | Noticed Efenn the pandemonium lord
124394 | Zig:24   | Noticed Omaterre the pandemonium lord
124395 | Zig:24   | Noticed Nehixisu the pandemonium lord
124396 | Zig:24   | Noticed Qesif the pandemonium lord
124396 | Zig:24   | Noticed Zairoh the pandemonium lord
124396 | Zig:24   | Noticed Eroesch the pandemonium lord
124401 | Zig:24   | Noticed Kiezimaf the pandemonium lord
124407 | Zig:24   | Mangled by Botiuce the pandemonium lord

Levels and vault maps discovered:
D:1:      lemuel_arrival_river_passageway, layout_rooms
D:2:      layout_loops_cross, first_ration, nemelex_lonely_heart_becter
D:3:      kennysheep_the_goblin_king, layout_basic,
          chequers_temple_overflow_statue_of_worship, doesnt_xom_only_xom,
          uniq_terence
D:4:      layout_loops_corners, amethyst_overflow_temple_binary
D:5:      layout_rooms, grunt_qazlal_clouds, serial_shops,
          nicolae_shop_temple_entry_statues_fountains,
          chequers_serial_rivers_large_a, minmay_misc_feat_doors, uniq_duvessa
D:6:      layout_cave_pods, nicolae_gozag_cash_rules_everything_around_me
D:7:      layout_cave_pools, minmay_temple_entry_grid, enter_bailey_1
D:8:      layout_rooms
D:9:      lemuel_castle_with_subvaults [lemuel_castle_interior_carwin_1],
          layout_irregular_city, palyth_temple_overflow_mages
D:10:     layout_basic, lair_entry_dummy, ebering_ghost_disaster_area,
          feat_on_display, uniq_harold, uniq_psyche
D:11:     layout_layer_cave, david_orc_5, gammafunk_ghost_spectres,
          gauntlet_entry_generic, serial_shops, shop, uniq_fannar
D:12:     layout_rooms, minmay_shop_mayhem
D:13:     layout_roguey, david_vaults_3, the_bakery, minmay_nine_imps
D:14:     layout_basic, basic_altar, minmay_circle_x, uniq_josephine
D:15:     hangedman_slaughterboxes
Temple:   dshaligram_water_room_temple
Lair:1:   layout_regular_city, beast_lair_carwin_6, infiniplex_staircase_pool_2
Lair:2:   layout_concentric_octagons
Lair:3:   layout_roguey, elwin_shoals_entry_stream,
          nicolae_spider_entry_non_spiders, serial_rivers,
          chequers_serial_rivers_small_b, chequers_serial_rivers_small_b,
          chequers_serial_rivers_micro_d, chequers_serial_rivers_marsh,
          grunt_megastairs_2
Lair:4:   layout_roguey, minmay_another_anthill, uniq_nergalle, uniq_urug,
          uniq_kirke
Lair:5:   layout_cave_pods, minmay_slime_entry_eyes, portal_ice_cave_entry_imps,
          grunt_forest_large_clearing_hut
Lair:6:   minmay_lair_end_frog_pond, layout_loops_ring, disabler_island,
          lemuel_fruit_fields
Shoals:1: layout_shoals, serial_shops, nicolae_shop_crystal
Shoals:2: layout_shoals, uniq_polyphemus
Shoals:3: layout_shoals, st_cyclops
Shoals:4: shoals_end_simple, layout_shoals, nicolae_shoals_arrival_archipelago
Spider:1: layout_spider_delve, hangedman_spider_mandibles, drop_trap
Spider:2: layout_spider_delve
Spider:3: layout_spider_delve
Spider:4: grunt_spider_rune_circles
Slime:1:  layout_caves
Slime:2:  layout_caves
Slime:3:  layout_caves
Slime:4:  layout_caves, basic_altar, cheibrodos_slime_lost_civilization_5
Slime:5
Orc:1:    layout_caves, serial_shops, nicolae_shop_trees,
          portal_ice_cave_entry_pillars_1, uniq_maurice
Orc:2:    grunt_orc_tribal_feast, layout_diamond_mine, special_room, uniq_azrael
Elf:1:    layout_loops_corners, minmay_elf_necromancy
Elf:2:    layout_geoelf_octagon, uniq_jorgrun
Elf:3:    nooodl_elf_gasket, layout_geoelf_castle, serial_co_window_serial,
          co_window_paths_a, co_window_paths_a, co_window_paths_a,
          co_window_paths_b, co_window_paths_a, co_window_corner_cb,
          co_window_of_opportunity_b, glass_columns_c, glass_columns_c,
          glass_columns_b, glass_columns_a, glass_columns_a, uniq_louise
Vaults:1: v_misc_33, ontoclasm_vaults_gateway, v_rooms_4,
          vaults_room_semicircle, v_misc_3, vaults_standard_mumra_x,
          layout_vaults_omnigrid, uniq_donald
Vaults:2: v_alt_pattern_4, st_cells, nicolae_vaults_little_squares_3,
          vaults_room_pools, nicolae_vaults_network_periphery,
          vaults_room_octagon, vaults_room_corners,
          ontoclasm_vaults_loading_screen, grunt_vaults_bifocal,
          vaults_dpeg_diagonal, vaults_room_hallway, layout_vaults_maze_bifur,
          serial_shops, bzr_entry_water
Vaults:3: grunt_vaults_swirl, ontoclasm_vaults_ligature, ontoclasm_vaults_pinch,
          hangedman_vaults_maws, minmay_crypt_entry_skeletal_spiral,
          vaults_dpeg_encased_lava, v_pattern_3, v_misc_12,
          vaults_mumra_hexcomb, nicolae_vaults_theta, grunt_vaults_twisty,
          layout_vaults_ring
Vaults:4: ebering_vaults_ghost_xom, v_misc_29, v_misc_30,
          nicolae_vaults_branching_niches, nicolae_vaults_big_ls,
          vaults_room_fours, hangedman_vaults_stagger,
          nicolae_vaults_network_barrier, v_misc_25, v_alt_pattern_1,
          vaults_room_semicircle, vaults_mumra_chevron_long,
          layout_vaults_omnibox, serial_shops, shop
Vaults:5: serial_shops
Crypt:1:  layout_regular_city
Crypt:2:  layout_misc_corridors, uniq_bai_suzhen
Crypt:3:  quadcrypt_mu
Depths:1: layout_long_grid, biasface_ghost_demon_polymorph, serial_shops, shop,
          shop_scrolls, nicolae_shop_overgrown_old_shop, shop, shop,
          grunt_hell_entry_dis_mu, serial_glass, glass_columns_c,
          glass_columns_a, glass_columns_c, glass_columns_a, glass_columns_a,
          pandoras_box_mu
Depths:2: minmay_bloctagon_deflated, layout_twisted_cross,
          chequers_serial_rivers_micro_e, special_room [special_room_jelly],
          hell_entry, minmay_multi_spiral, uniq_mara
Depths:3: grunt_deathspiral_small, layout_cave_pools, hell_entry,
          abyss_entry_small_statue_room, rand_demon_pan_entry_4, serial_bayou,
          serial_bayou_lagoon_b, serial_bayou_pond_e, serial_bayou_shore_a,
          serial_bayou_ford_a, serial_bayou_shore_b, serial_bayou_crossing,
          infiniplex_staircase_zigzag_2, minmay_hidden_floor
Depths:4: kennysheep_room_grid, layout_cave_pools, enter_ziggurat_c,
          hangedman_coc_ice_floe, abyss_entry_crystal, minmay_misc_feat_tiny,
          infiniplex_staircase_zigzag_5, serial_bayou_shore_b, uniq_xtahua,
          uniq_margery, uniq_jory
Depths:5: grunt_zot_entry_bicorn, layout_cave_pools, hellmouth_1,
          grunt_pan_entry_spiral, chequers_hall_statues_corner_a,
          minmay_misc_feat_five
Zot:1:    layout_cathedral_of_symmetry
Zot:2:    gammafunk_sealed_arena, layout_twisted_circle
Zot:3:    gammafunk_the_bubble [the_bubble_gammafunk_split],
          layout_onion_interference, gammafunk_ghost_tricky_traps
Zot:4:    layout_basic
Zot:5:    layout_misc_corridors
Zig:24:   ziggurat_pillar_abc, ziggurat_pillar_abc, ziggurat_pillar_abc,
          ziggurat_pillar_abc

Skill      XL: |  1  2  3  4  5  6  7  8  9 10 11 12 13 14 15 16 17 18 19 20 21 22 23 24 25 26 27 |
---------------+----------------------------------------------------------------------------------+-----
Earth Magic    | 4 5 6 7 8 10 11 12 13 14 15 16 17 19 20 21 27 | 27.0
Conjurations   | 1 2 3 5 6 8 9 10 11 12 13 14 15 16 17 18 27 | 27.0
Spellcasting   | 3 4 5 6 7 8 9 10 11 12 13 14 15 27 | 27.0
Shields        | 1 3 4 27 | 27.0
Fighting       | 1 3 4 6 7 8 9 10 11 12 13 14 15 16 27 | 27.0
Armour         | 1 3 5 6 27 | 27.0
Maces & Flails | 2 4 5 6 8 9 10 11 12 13 14 15 27 | 27.0
Evocations     | 2 4 5 6 27 | 27.0
Dodging        | 3 4 5 6 7 9 10 11 12 13 14 15 27 | 27.0
Fire Magic     | 4 7 9 10 12 16 17 18 19 20 21 22 27 | 27.0
Staves         | 1 27 | 27.0
Transmutations | 27 | 27.0
Necromancy     | 27 | 27.0
Ice Magic      | 27 | 27.0
Charms         | 27 | 27.0
Air Magic      | 27 | 27.0
Throwing       | 27 | 27.0
Stealth        | 27 | 27.0
Polearms       | 27 | 27.0
Hexes          | 27 | 27.0
Unarmed Combat | 27 | 27.0
Short Blades   | 27 | 27.0
Long Blades    | 27 | 27.0
Axes           | 27 | 27.0
Slings         | 23 | 23.4
Bows           | 27 | 27.0
Crossbows      | 27 | 27.0
Summonings     | 21 | 21.9
Translocations | 21 | 21.5
Poison Magic   | 1 |  1.5

Action                   |  1- 3 |  4- 6 |  7- 9 | 10-12 | 13-15 | 16-18 | 19-21 | 22-24 | 25-27 || total
-------------------------+-------+-------+-------+-------+-------+-------+-------+-------+-------++-------
Melee: Dagger            |   145 |   145 |   211 |   451 |       |       |       |       |       ||   952
       Morningstar       |       |       |       |   238 |   302 |       |       |   562 |   642 ||  1744
       Mace              |       |       |       |       |   536 |   813 |   664 |   244 |       ||  2257
       Staff             |       |       |       |       |       |       |       |       |  1896 ||  1896
       Sacred scourge    |       |       |       |       |       |       |       |       |   199 ||   199
       Lance             |       |       |       |       |       |       |       |       |    59 ||    59
       Demon whip        |       |       |       |       |       |       |       |       |    44 ||    44
Throw: Throwing net      |       |       |       |       |       |       |       |       |     3 ||     3
 Cast: Sandblast         |     6 |    22 |    85 |   122 |   151 |   106 |    58 |     9 |     7 ||   566
       Stone Arrow       |       |     2 |    19 |    87 |    97 |    13 |     1 |     1 |     2 ||   222
       Lee's Rapid Decon |       |       |     3 |    42 |   103 |   116 |   135 |    36 |    33 ||   468
       Dazzling Flash    |       |       |       |       |     9 |       |       |       |       ||     9
       Bolt of Magma     |       |       |       |       |     3 |       |       |       |       ||     3
       Iron Shot         |       |       |       |       |    10 |   179 |   198 |    91 |   297 ||   775
       Fireball          |       |       |       |       |     8 |    48 |     4 |     5 |     3 ||    68
       Starburst         |       |       |       |       |     4 |    34 |       |       |       ||    38
       Ignition          |       |       |       |       |       |    13 |    67 |    88 |   439 ||   607
       Shatter           |       |       |       |       |       |       |       |    26 |   912 ||   938
       Glaciate          |       |       |       |       |       |       |       |       |   483 ||   483
       Fire Storm        |       |       |       |       |       |       |       |       |   314 ||   314
       Lehudib's Crystal |       |       |       |       |       |       |       |       |    94 ||    94
       Tornado           |       |       |       |       |       |       |       |       |    35 ||    35
       Death's Door      |       |       |       |       |       |       |       |       |    23 ||    23
       Necromutation     |       |       |       |       |       |       |       |       |     2 ||     2
 Abil: Fly               |       |       |       |       |     1 |       |       |     1 |     3 ||     5
       Stop Flying       |       |       |       |       |       |       |       |     1 |     4 ||     5
       Evoke Invisibilit |       |       |       |       |       |       |       |       |     6 ||     6
Evoke: Wand              |       |       |     6 |     8 |    14 |    15 |     2 |     4 |    27 ||    76
       Phantom mirror    |       |       |       |       |     1 |       |       |       |     3 ||     4
       Phial of floods   |       |       |       |       |       |       |     2 |     1 |     3 ||     6
       Figurine of a zig |       |       |       |       |       |       |       |       |     6 ||     6
       Lightning rod     |       |       |       |       |       |       |       |       |     4 ||     4
       Lamp of fire      |       |       |       |       |       |       |       |       |     2 ||     2
       Box of beasts     |       |       |       |       |       |       |       |       |     2 ||     2
  Use: Scroll            |       |     7 |     6 |     8 |    17 |    12 |    14 |    12 |   326 ||   402
       Potion            |       |       |     3 |     1 |     8 |    11 |    11 |     6 |   184 ||   224
 Stab: Sleeping          |     4 |     5 |       |     3 |     3 |     4 |     2 |     6 |     9 ||    36
       Invisible         |       |       |       |       |     2 |       |     5 |       |     6 ||    13
       Distracted        |       |       |       |       |     1 |       |     4 |     3 |    21 ||    29
       Petrified         |       |       |       |       |       |     7 |       |       |       ||     7
       Confused          |       |       |       |       |       |     1 |       |       |       ||     1
       Petrifying        |       |       |       |       |       |     1 |       |       |       ||     1
  Eat: Chunk             |     1 |     5 |    12 |    31 |    41 |    78 |    72 |    44 |   227 ||   511
       Ration            |       |     1 |       |       |     5 |    18 |    20 |    18 |    77 ||   139
Armor: Robe              |    32 |    35 |    43 |       |     1 |       |       |       |       ||   111
       Steam dragon scal |       |       |    10 |   210 |   324 |   365 |   289 |   326 |  2703 ||  4227
Dodge: Dodged            |    94 |   109 |   207 |   723 |  1150 |  1199 |   791 |   676 |  5249 || 10198
Block: Buckler           |       |    11 |    50 |   205 |   330 |   302 |   223 |   234 |  2826 ||  4181

Table legend:
 A = Non-vault XP
 B = Vault XP
 C = Vault XP percentage of total XP
 D = Non-vault monster count
 E = Vault monster count
 F = Vault count percentage of total count
                 A         B        C        D         E       F
            +---------+---------+-------+---------+---------+-------
      Total | 8173865 |  826134 |   9.2 |   15613 |    1493 |   8.7
            +---------+---------+-------+---------+---------+-------
        D:1 |      28 |       0 |   0.0 |      15 |       0 |   0.0
        D:2 |      80 |       0 |   0.0 |      30 |       0 |   0.0
        D:3 |     128 |      49 |  27.7 |      15 |       8 |  34.8
        D:4 |     347 |       0 |   0.0 |      14 |       0 |   0.0
        D:5 |     563 |     216 |  27.7 |      24 |       2 |   7.7
        D:6 |    1312 |       0 |   0.0 |      37 |       0 |   0.0
        D:7 |     581 |       0 |   0.0 |      15 |       0 |   0.0
        D:8 |    1138 |       0 |   0.0 |      20 |       0 |   0.0
        D:9 |    3746 |    4030 |  51.8 |      38 |      58 |  60.4
       D:10 |    5463 |    1457 |  21.1 |      42 |       2 |   4.5
       D:11 |    4328 |    3669 |  45.9 |      38 |      30 |  44.1
       D:12 |    3599 |       0 |   0.0 |      23 |       0 |   0.0
       D:13 |    8595 |    9259 |  51.9 |      44 |      30 |  40.5
       D:14 |   10421 |    4914 |  32.0 |      45 |      10 |  18.2
       D:15 |     524 |   43755 |  98.8 |       2 |      87 |  97.8
     Lair:1 |    3226 |    1734 |  35.0 |      16 |       6 |  27.3
     Lair:2 |    6493 |       0 |   0.0 |      25 |       0 |   0.0
     Lair:3 |    4871 |    1837 |  27.4 |      16 |      12 |  42.9
     Lair:4 |    2537 |    9785 |  79.4 |      10 |      37 |  78.7
     Lair:5 |    4668 |    2036 |  30.4 |      19 |      17 |  47.2
     Lair:6 |    8944 |   14571 |  62.0 |      22 |      55 |  71.4
   Shoals:1 |   12112 |       0 |   0.0 |      27 |       0 |   0.0
   Shoals:2 |   12329 |    6281 |  33.8 |      29 |       6 |  17.1
   Shoals:3 |   16314 |    5013 |  23.5 |      33 |       8 |  19.5
   Shoals:4 |   21279 |   24762 |  53.8 |      43 |      38 |  46.9
   Spider:1 |   11849 |       0 |   0.0 |      34 |       0 |   0.0
   Spider:2 |   18370 |       0 |   0.0 |      49 |       0 |   0.0
   Spider:3 |   22566 |       0 |   0.0 |      56 |       0 |   0.0
   Spider:4 |    7097 |   23980 |  77.2 |      19 |      40 |  67.8
    Slime:1 |    6197 |       0 |   0.0 |      10 |       0 |   0.0
    Slime:2 |   29914 |       0 |   0.0 |      43 |       0 |   0.0
    Slime:3 |    9589 |       0 |   0.0 |      18 |       0 |   0.0
    Slime:4 |    7301 |       0 |   0.0 |       9 |       0 |   0.0
    Slime:5 |   19214 |   27203 |  58.6 |      26 |      13 |  33.3
      Orc:1 |    5825 |     516 |   8.1 |      52 |       1 |   1.9
      Orc:2 |    4195 |    9623 |  69.6 |      45 |      37 |  45.1
      Elf:1 |   17147 |    3458 |  16.8 |      29 |      11 |  27.5
      Elf:2 |   19401 |    3102 |  13.8 |      28 |       5 |  15.2
      Elf:3 |   19943 |   71291 |  78.1 |      31 |      49 |  61.2
   Vaults:1 |   24429 |    9151 |  27.3 |      50 |      16 |  24.2
   Vaults:2 |   25673 |    7331 |  22.2 |      47 |      14 |  23.0
   Vaults:3 |   27758 |   38497 |  58.1 |      53 |      63 |  54.3
   Vaults:4 |   21159 |   42091 |  66.5 |      37 |      45 |  54.9
   Vaults:5 |   23544 |  110639 |  82.5 |      35 |      85 |  70.8
    Crypt:1 |   24524 |       0 |   0.0 |      38 |       0 |   0.0
    Crypt:2 |   45399 |    5506 |  10.8 |      55 |       1 |   1.8
    Crypt:3 |       0 |   70314 | 100.0 |       0 |      81 | 100.0
   Depths:1 |   53037 |   22701 |  30.0 |      54 |      35 |  39.3
   Depths:2 |   29619 |   71429 |  70.7 |      37 |      50 |  57.5
   Depths:3 |   44014 |   56619 |  56.3 |      54 |      53 |  49.5
   Depths:4 |   64099 |   32149 |  33.4 |      63 |      26 |  29.2
   Depths:5 |   96355 |   25745 |  21.1 |      63 |      19 |  23.2
      Zot:1 |       0 |       0 |   N/A |      14 |       0 |   0.0
      Zot:2 |       0 |       0 |   N/A |      27 |       9 |  25.0
      Zot:3 |       0 |       0 |   N/A |      12 |      35 |  74.5
      Zot:4 |       0 |       0 |   N/A |      18 |       0 |   0.0
      Zot:5 |       0 |       0 |   N/A |      42 |      46 |  52.3
    Abyss:2 |   13466 |       0 |   0.0 |      31 |       0 |   0.0
    Abyss:3 |   25660 |     622 |   2.4 |      54 |       2 |   3.6
    Abyss:5 |    8836 |   16684 |  65.4 |      28 |      16 |  36.4
        Pan |       0 |       0 |   N/A |     285 |     210 |  42.4
      Zig:1 |   25574 |    2679 |   9.5 |      36 |       4 |  10.0
      Zig:2 |   32389 |    2246 |   6.5 |      81 |       4 |   4.7
      Zig:3 |   50100 |       0 |   0.0 |      86 |       0 |   0.0
      Zig:4 |   78879 |    2461 |   3.0 |     133 |       4 |   2.9
      Zig:5 |   79908 |    2724 |   3.3 |     144 |       4 |   2.7
      Zig:6 |   99971 |    4949 |   4.7 |     230 |       8 |   3.4
      Zig:7 |  115961 |       0 |   0.0 |     251 |       0 |   0.0
      Zig:8 |  131222 |       0 |   0.0 |     258 |       4 |   1.5
      Zig:9 |  200880 |       0 |   0.0 |     299 |       0 |   0.0
     Zig:10 |  276213 |       0 |   0.0 |     340 |       0 |   0.0
     Zig:11 |  205282 |    4207 |   2.0 |     404 |       4 |   1.0
     Zig:12 |  169788 |       0 |   0.0 |     412 |       0 |   0.0
     Zig:13 |  227277 |    2313 |   1.0 |     402 |       4 |   1.0
     Zig:14 |  206493 |    5358 |   2.5 |     554 |       4 |   0.7
     Zig:15 |  304738 |       0 |   0.0 |     523 |       4 |   0.8
     Zig:16 |  308650 |       0 |   0.0 |     579 |       4 |   0.7
     Zig:17 |  338073 |    2086 |   0.6 |     631 |       4 |   0.6
     Zig:18 |  312993 |       0 |   0.0 |     645 |       8 |   1.2
     Zig:19 |  291516 |       0 |   0.0 |     671 |       0 |   0.0
     Zig:20 |  411471 |    8353 |   2.0 |     736 |      21 |   2.8
     Zig:21 |  369085 |       0 |   0.0 |     772 |       4 |   0.5
     Zig:22 |  426394 |       0 |   0.0 |     853 |       2 |   0.2
     Zig:23 |  412504 |       0 |   0.0 |    1039 |       0 |   0.0
     Zig:24 |  504643 |      96 |   0.0 |     880 |       2 |   0.2
     Zig:25 |  657687 |       0 |   0.0 |     721 |       0 |   0.0
     Zig:26 |  559937 |       0 |   0.0 |     741 |       0 |   0.0
     Zig:27 |  516431 |       0 |   0.0 |    1004 |       0 |   0.0
     Bailey |       0 |    1143 | 100.0 |       0 |      16 | 100.0
      IceCv |       0 |    5500 | 100.0 |       0 |      20 | 100.0
            +---------+---------+-------+---------+---------+-------
